Workbook

Sheet Intructivo
B2: Matriz Mapa de Riesgos
B4: Teniendo en cuenta que con la expedición del Decreto 1499 de 2017 “Por medio del cual se modifica el Decreto 1083 de 2015, Decreto Único Reglamentario del Sector Función Pública, en lo relacionado con el Sistema de Gestión establecido en el artículo 133 de la Ley 1753 de 2015”, se crea un solo Sistema de Gestión y se alinea con el Sistema de Control Interno, hoy todas las entidades públicas requieren actualizar y/o implementar el Modelo Integrado de Planeación y Gestión MIPG, modelo que incorpora el Modelo Estándar de Control Interno MECI a través de la 7a dimensión del mismo. En este marco general, el proceso de administración del riesgo es un esfuerzo conjunto entre la Alta Dirección y los servidores en todos sus niveles, ejercicio que inicia con la formulación de la política de Administración del Riesgo, la cual incluye los niveles de responsabilidad frente al seguimiento y evaluación, aspectos que deberán definirse acorde con el Esquema de Líneas de Defensa vinculado a la Dimensión 7. Teniendo en cuenta lo anterior y dada la necesidad de las entidades frente a la estructuración de los mapas de riesgos, como herramienta fundamental frente a la gestión del riesgo, el presente formato desarrolla un esquema completo acorde con los contenidos metodológicos de la Guía para la Administración del Riesgo y el diseño de controles V5. El formato cuenta con celdas parametrizadas y permite contar con los respectivos mapas de calor para riesgo inherente y riesgo residual.
B6: Orientaciones Generales
B7: Antes de iniciar con el diligenciamiento de la información en la matriz, se requiere haber avanzado en el análisis del proceso, su objetivo, alcance, actividades clave, considere los lineamientos establecidos en el Paso 2: identificación del riesgo, donde se explica ampliamente las bases para adelanter este análisis. Así mismo, considere en el Paso 3: valoración del riesgo los lineamientos para definir el No. de veces que se hace la actividad con la cual se relaciona el riesgo y su impacto en términos económicos o reputacionales. En este mismo paso se analizan los controles que deben responder a los atributos de eficiencia e informativos. NOTA: Si lo considera pertinente, es posible agregar hojas de trabajo adicionales al presente formato que permitan incluir la traza de estos análisis.
B9: El archivo contiene las siguientes hojas: - Hoja 1 Instructivo - Hoja 2 Mapa Final: Encontrará la totalidad de la estructura para la identificación y valoración de los riesgos por proceso, programa o proyecto, acorde con el nivel de desagregación que la entidad considere necesaria.
C12: Columna | E12: Descripción - Lineamientos para el diligenciamiento
C13: Proceso | E13: Diligencie el nombre del proceso al cual se le identificarán y valorarán los riesgos.
C14: Objetivo | E14: Diligencie el objetivo del proceso.
C15: Alcance | E15: Diligencie el alcance del proceso.
C16: Referencia | E16: Permite definir unl consecutivo de riesgos. Una entidad puede ir en el riesgo 150, pero tener 70 riesgos, lo que permite llevar una traza de los riesgos. Esta información la debe administrar la oficina asesora de planeación o gerencia de riesgos. Cuando un el riesgo salga del mapa no existirá otro riesgo con el mismo número.
C17: Impacto | E17: Analice las consecuencias que puede ocasionar a la organización la materialización del riesgo, redacte de la forma más concreta posible.
C18: Causa Inmediata | E18: Circunstancias bajo las cuales se presenta el riesgo, es la situación más evidente frente al riesgo, redacte de la forma más concreta posible.
C19: Causa Raíz | E19: Causa principal o básica, corresponde a las razones por la cuales se puede presentar el riesgo, redacte de la forma más concreta posible.
C20: Descripción del Riesgo | E20: Consolida o resume los análisis sobre impacto + causa inmediata + causa raíz, permitiendo contar con una redacción clara y concreta del riesgo indentificado. Tenga en cuenta la estructura de alto nivel establecida en al guía, inicia con POSIBILIDAD DE + Impacto para la entidad (Qué) + Causa Inmediata (Cómo) + Causa Raíz (Por qué)
C21: Clasificación del Riesgo | E21: Utilice la lista de despligue que se encuentra parametrizada, le aparecerán las opciones: i)Daños Activos Fisicos, ii)Ejecucion y Administracion de procesos, iii)Fallas Tecnologicas, iv)Fraude Externo, v)Fraude Interno, vi)Relaciones Laborales, vii)Usuarios, productos y practicas organizacionales.
C22: Frecuencia con la cual se lleva a cabo la actividad | E22: Defina el # de veces que se ejecuta la actividad durante el año, (Recuerde la probabilidad e ocurrencia del riesgo se defien como el No. de veces que se pasa por el punto de riesgo en el periodo de 1 año). La matriz automáticamente hará el cálculo para el nivel de probabilidad inherente (Columnas H-I)
C23: Criterios de Impacto | E23: Utilice la lista de despligue que se encuentra parametrizada, le aparecerán las opciones de la tabla de Impacto en la Hoja 6 del presente documento. La matriz automáticamente hará el cálculo para el nivel de impacto inherente (Columnas L-M)
... C37: Estado | E37: Utilice la lista de despligue que se encuentra parametrizada, le aparecerán las opciones: i)Finalizado, ii)En curso, la selección en este caso dependerá de las acciones del plan que se hayan establecido en cada caso.
B40: - Hoja 3 Matriz de Calor Inherente: En esta hoja, en la medida en que ese diligencia el Mapa Final, se verán reflejados los riesgos en su zona correspondiente. Esta hoja no se diligencia se genera de manera automática.
B41: - Hoja 4 Matriz de Calor Residual: En esta hoja, en la medida en que ese diligencia el Mapa Final, se verán reflejados los riesgos en su zona correspondiente. Esta hoja no se diligencia se genera de manera automática.
B42: - Hoja 5 Tabla de probabilidad: Tabla referente para todos los cálculos (no se diligencia)
B43: - Hoja 6 Tabla de Impacto: Tabla referente para todos los cálculos (no se diligencia)
B44: - Hoja 7 Tabla de Valoración de Controles: Tabla referente para todos los cálculos (no se diligencia)

Sheet Mapa final
A1: HOSPITAL MILITAR CENTRAL | H1: FORMATO: MAPA DE RIESGOS POR PROCESO | AP1: CÓDIGO: PL-OAPL-PR-05-FT-02
H2: OFICINA: ASESORA DE PLANEACION
AP3: FECHA DE EMISIÓN: 12-08-2022
H4: PROCESO: PLANEACION | AP4: VERSIÓN: 08
H5: SISTEMA DE GESTION INTEGRADO SGI | AP5: Página 1 de 1
A7: Proceso: | F7: MAPA DE RIESGOS INSTITUCIONAL 2025 V.1 - APROBADO MEDIANTE ACTA DE COMITÉ INSTITUCIONAL DE GESTIÓN Y DESEMPAÑO DEL DÍA 27 DE ENERO DE 2025. ACTUALIZACIÓN 21 DE MARZO DE 2025 V.2
A8: Objetivo: | F8: Establecer un marco de referencia general que involucre a todos los servidores públicos y contratistas del HOSPITAL MILITAR CENTRAL para la adecuada gestión del riesgo, por medio de la identificación de acciones de control, respuestas oportunas y estrategias institucionales frente a las diferentes situaciones que puedan afectar el cumplimiento de la misionalidad y el logro de los objetivos institucionales.
A9: Alcance: | F9: La administración del riesgo es aplicable a todas las dependencias, procesos, proyectos y planes institucionales, con el fin de identificar, analizar, valorar, monitorear y dar tratamiento a los riesgos identificados durante el desarrollo de la gestión planificada y a todos los servidores públicos y contratistas en el ejercicio de sus funciones y obligaciones.
A10: Identificación del riesgo | P10: Análisis del riesgo inherente | W10: Evaluación del riesgo - Valoración de los controles | AF10: Evaluación del riesgo - Nivel del riesgo residual | AM10: Plan de Acción
A11: Referencia | B11: Código Único (iD) | C11: Proceso | D11: Áreas responsables | E11: Impacto | F11: Causa Inmediata | G11: Causa Raíz | H11: Descripción del Riesgo | I11: Definición Riesgos de Corrupción Marcar con una ( X ) | M11: Clasificación del Riesgo | N11: Activo de la Información (Seguridad Digital) | O11: Frecuencia con la cual se realiza la actividad | P11: Probabilidad Inherente | Q11: % | R11: Criterios de impacto | S11: Observación de criterio | T11: Impacto Inherente | U11: % | V11: Zona de Riesgo Inherente | W11: No. Control | X11: Descripción del Control (Responsable + actividad a realizar + periodicidad + propósito + forma como se desarrolla el control) | Y11: Afectación | Z11: Atributos | AF11: Probabilidad Residual | AG11: Probabilidad Residual Final | AH11: % | AI11: Impacto Residual Final | AJ11: % | AK11: Zona de Riesgo Final | AL11: Tratamiento | AM11: Plan de Acción (Actividad) | AN11: Responsable | AO11: Fecha Implementación | AP11: Fecha Seguimiento | AQ11: Soporte del Seguimiento | AR11: Estado
I12: Acción u Omisión | J12: Uso del Poder | K12: Desviar la Gestión de lo Público | L12: Beneficio Privado | Z12: Tipo | AA12: Implementación | AB12: Calificación | AC12: Documentación | AD12: Frecuencia | AE12: Evidencia
A13: 1 | B13: GBG_02 | C13: Gerencia y Buen Gobierno | D13: Gestión Ética, Bioética, Buen Gobierno y Humanización Administración de Personal Gestión Contratos, Selección Personal - Seguimiento, Ejecución y Apoyo Contractual | E13: Económico y Reputacional | F13: Multas y Sanciones | G13: Vinculación de personas naturales y/o jurídicas, sin considerar los lineamientos contemplados relacionados con conflictos de interés. (Política de Integridad) | H13: Posibilidad de afectación económica y reputacional por multas y sanciones, debido a la vinculación de personas naturales y/o jurídicas, sin considerar los lineamientos contemplados relacionados con conflictos de interés. (Política de Integridad). | I13: N/A | J13: N/A | K13: N/A | L13: N/A | M13: Ejecución y Administración de procesos | O13: 5000 | P13: =IF(O13<=0,"",IF(O13<=2,"Muy Baja",IF(O13<=24,"Baja",IF(O13<=500,"Media",IF(O13<=5000,"Alta","Muy Alta"))))) -> Alta | Q13: =IF(P13="","",IF(P13="Muy Baja",0.2,IF(P13="Baja",0.4,IF(P13="Media",0.6,IF(P13="Alta",0.8,IF(P13="Muy Alta",1,)))))) -> 0.8 | R13: El riesgo afecta la imagen de la entidad internamente, de conocimiento general, nivel interno, de junta dircetiva y accionistas y/o de provedores | S13: =IF(NOT(ISERROR(MATCH(R13,'Tabla Impacto'!$B$221:$B$223,0))),'Tabla Impacto'!$F$223&"Por favor no seleccionar los criterios de impacto(Afectación Económica o presupuestal y Pérdida Reputacional)",R13) -> El riesgo afecta la imagen de la entidad internamente, de conocimiento general, nivel interno, de junta dircetiva y accionistas y/o de provedores | T13: =+IF(OR(S13='[1]Tabla Impacto'!$C$11,S13='[1]Tabla Impacto'!$D$11),"Leve",IF(OR(S13='[1]Tabla Impacto'!$C$12,S13='[1]Tabla Impacto'!$D$12),"Menor",IF(OR(S13='[1]Tabla Impacto'!$C$13,S13='[1]Tabla Impacto'!$D$13),"Moderado",IF(OR(S13='[1]Tabla Impacto'!$C$14,S13='[1]Tabla Impacto'!$D$14),"Mayor",IF(OR(S13='[1]Tabla Impacto'!$C$15,S13='[1]Tabla Impacto'!$D$15),"Catastrófico",""))))) -> Menor | U13: =IF(T13="","",IF(T13="Leve",0.2,IF(T13="Menor",0.4,IF(T13="Moderado",0.6,IF(T13="Mayor",0.8,IF(T13="Catastrófico",1,)))))) -> 0.4 | V13: =IF(OR(AND(P13="Muy Baja",T13="Leve"),AND(P13="Muy Baja",T13="Menor"),AND(P13="Baja",T13="Leve")),"Bajo",IF(OR(AND(P13="Muy baja",T13="Moderado"),AND(P13="Baja",T13="Menor"),AND(P13="Baja",T13="Moderado"),AND(P13="Media",T13="Leve"),AND(P13="Media",T13="Menor"),AND(P13="Media",T13="Moderado"),AND(P13="Alta",T13="Leve"),AND(P13="Alta",T13="Menor")),"Moderado",IF(OR(AND(P13="Muy Baja",T13="Mayor"),AND(P13="Baja",T13="Mayor"),AND(P13="Media",T13="Mayor"),AND(P13="Alta",T13="Moderado"),AND(P13="Alta",T13="Mayor"),AND(P13="Muy Alta",T13="Leve"),AND(P13="Muy Alta",T13="Menor"),AND(P13="Muy Alta",T13="Moderado"),AND(P13="Muy Alta",T13="Mayor")),"Alto",IF(OR(AND(P13="Muy Baja",T13="Catastrófico"),AND(P13="Baja",T13="Catastrófico"),AND(P13="Media",T13="Catastrófico"),AND(P13="Alta",T13="Catastrófico"),AND(P13="Muy Alta",T13="Catastrófico")),"Extremo","")))) -> Moderado | W13: 1 | X13: El profesional del área de Administración de personal, junto con el responsable de Selección y contratación de personal y el profesional del área de Gestión contratos, garantizan cada vez que se requiere, el cumplimiento de la ley que exige el diligenciamiento del formato declaración de bienes y rentas y declaración de conflicto de interés y/o aplicativos de Ley 2013 de 2019, con el fin de acatar las disposiciones normativas vigentes. | Y13: =IF(OR(Z13="Preventivo",Z13="Detectivo"),"Probabilidad",IF(Z13="Correctivo","Impacto","")) -> Probabilidad | Z13: Preventivo | AA13: Manual | AB13: =IF(AND(Z13="Preventivo",AA13="Automático"),"50%",IF(AND(Z13="Preventivo",AA13="Manual"),"40%",IF(AND(Z13="Detectivo",AA13="Automático"),"40%",IF(AND(Z13="Detectivo",AA13="Manual"),"30%",IF(AND(Z13="Correctivo",AA13="Automático"),"35%",IF(AND(Z13="Correctivo",AA13="Manual"),"25%","")))))) -> 40% | AC13: Documentado | AD13: Continua | AE13: Con Registro | AF13: =IFERROR(IF(Y13="Probabilidad",(Q13-(+Q13*AB13)),IF(Y13="Impacto",Q13,"")),"") -> 0.48 | AG13: =IFERROR(IF(AF13="","",IF(AF13<=0.2,"Muy Baja",IF(AF13<=0.4,"Baja",IF(AF13<=0.6,"Media",IF(AF13<=0.8,"Alta","Muy Alta"))))),"") -> Media | AH13: =+AF13 -> 0.48 | AI13: =IFERROR(IF(AJ13="","",IF(AJ13<=0.2,"Leve",IF(AJ13<=0.4,"Menor",IF(AJ13<=0.6,"Moderado",IF(AJ13<=0.8,"Mayor","Catastrófico"))))),"") -> Menor | AJ13: =IFERROR(IF(Y13="Impacto",(U13-(+U13*AB13)),IF(Y13="Probabilidad",U13,"")),"") -> 0.4 | AK13: =IFERROR(IF(OR(AND(AG13="Muy Baja",AI13="Leve"),AND(AG13="Muy Baja",AI13="Menor"),AND(AG13="Baja",AI13="Leve")),"Bajo",IF(OR(AND(AG13="Muy baja",AI13="Moderado"),AND(AG13="Baja",AI13="Menor"),AND(AG13="Baja",AI13="Moderado"),AND(AG13="Media",AI13="Leve"),AND(AG13="Media",AI13="Menor"),AND(AG13="Media",AI13="Moderado"),AND(AG13="Alta",AI13="Leve"),AND(AG13="Alta",AI13="Menor")),"Moderado",IF(OR(AND(AG13="Muy Baja",AI13="Mayor"),AND(AG13="Baja",AI13="Mayor"),AND(AG13="Media",AI13="Mayor"),AND(AG13="Alta",AI13="Moderado"),AND(AG13="Alta",AI13="Mayor"),AND(AG13="Muy Alta",AI13="Leve"),AND(AG13="Muy Alta",AI13="Menor"),AND(AG13="Muy Alta",AI13="Moderado"),AND(AG13="Muy Alta",AI13="Mayor")),"Alto",IF(OR(AND(AG13="Muy Baja",AI13="Catastrófico"),AND(AG13="Baja",AI13="Catastrófico"),AND(AG13="Media",AI13="Catastrófico"),AND(AG13="Alta",AI13="Catastrófico"),AND(AG13="Muy Alta",AI13="Catastrófico")),"Extremo","")))),"") -> Moderado | AL13: Aceptar
S14: =IF(NOT(ISERROR(MATCH(R14,_xlfn.ANCHORARRAY(H17),0))),Q19&"Por favor no seleccionar los criterios de impacto",R14) -> 0 | W14: 2 | X14: El profesional del área de Administración de personal, junto con el responsable de Selección y contratación de personal y el profesional del área de Gestión contratos, verifican la información registrada en el formato declaración de bienes y rentas y declaración de conflicto de interés y/o aplicativos de Ley 2013 de 2019 y posteriormente es actualizada la información en el aplicativo SIGEP. | Y14: =IF(OR(Z14="Preventivo",Z14="Detectivo"),"Probabilidad",IF(Z14="Correctivo","Impacto","")) -> Probabilidad | Z14: Preventivo | AA14: Manual | AB14: =IF(AND(Z14="Preventivo",AA14="Automático"),"50%",IF(AND(Z14="Preventivo",AA14="Manual"),"40%",IF(AND(Z14="Detectivo",AA14="Automático"),"40%",IF(AND(Z14="Detectivo",AA14="Manual"),"30%",IF(AND(Z14="Correctivo",AA14="Automático"),"35%",IF(AND(Z14="Correctivo",AA14="Manual"),"25%","")))))) -> 40% | AC14: Documentado | AD14: Continua | AE14: Con Registro | AF14: =IFERROR(IF(AND(Y13="Probabilidad",Y14="Probabilidad"),(AH13-(+AH13*AB14)),IF(Y14="Probabilidad",(Q13-(+Q13*AB14)),IF(Y14="Impacto",AH13,""))),"") -> 0.288 | AG14: =IFERROR(IF(AF14="","",IF(AF14<=0.2,"Muy Baja",IF(AF14<=0.4,"Baja",IF(AF14<=0.6,"Media",IF(AF14<=0.8,"Alta","Muy Alta"))))),"") -> Baja | AH14: =+AF14 -> 0.288 | AI14: =IFERROR(IF(AJ14="","",IF(AJ14<=0.2,"Leve",IF(AJ14<=0.4,"Menor",IF(AJ14<=0.6,"Moderado",IF(AJ14<=0.8,"Mayor","Catastrófico"))))),"") -> Menor | AJ14: =IFERROR(IF(AND(Y13="Impacto",Y14="Impacto"),(AJ13-(+AJ13*AB14)),IF(Y14="Impacto",(U13-(+U13*AB14)),IF(Y14="Probabilidad",AJ13,""))),"") -> 0.4 | AK14: =IFERROR(IF(OR(AND(AG14="Muy Baja",AI14="Leve"),AND(AG14="Muy Baja",AI14="Menor"),AND(AG14="Baja",AI14="Leve")),"Bajo",IF(OR(AND(AG14="Muy baja",AI14="Moderado"),AND(AG14="Baja",AI14="Menor"),AND(AG14="Baja",AI14="Moderado"),AND(AG14="Media",AI14="Leve"),AND(AG14="Media",AI14="Menor"),AND(AG14="Media",AI14="Moderado"),AND(AG14="Alta",AI14="Leve"),AND(AG14="Alta",AI14="Menor")),"Moderado",IF(OR(AND(AG14="Muy Baja",AI14="Mayor"),AND(AG14="Baja",AI14="Mayor"),AND(AG14="Media",AI14="Mayor"),AND(AG14="Alta",AI14="Moderado"),AND(AG14="Alta",AI14="Mayor"),AND(AG14="Muy Alta",AI14="Leve"),AND(AG14="Muy Alta",AI14="Menor"),AND(AG14="Muy Alta",AI14="Moderado"),AND(AG14="Muy Alta",AI14="Mayor")),"Alto",IF(OR(AND(AG14="Muy Baja",AI14="Catastrófico"),AND(AG14="Baja",AI14="Catastrófico"),AND(AG14="Media",AI14="Catastrófico"),AND(AG14="Alta",AI14="Catastrófico"),AND(AG14="Muy Alta",AI14="Catastrófico")),"Extremo","")))),"") -> Moderado | AL14: Aceptar
A15: 2 | B15: GBG_03 | C15: Gerencia y Buen Gobierno | D15: Gestión Ética, Bioética, Buen Gobierno y Humanización Responsables de los Grupos de trabajo Presidentes de los Comités Institucionales. | E15: Económico y Reputacional | F15: Demandas Legales y Sanciones | G15: Omitir la declaración de impedimento o recusación ante la posibilidad real o aparente de un conflicto de interés. | H15: Posibilidad de afectación económica y reputacional por demandas legales y sanciones, debido a la omisión de la declaración de impedimento o recusación ante la posibilidad real o aparente de un conflicto de interés. | I15: N/A | J15: N/A | K15: N/A | L15: N/A | M15: Ejecución y Administración de procesos | O15: 500 | P15: =IF(O15<=0,"",IF(O15<=2,"Muy Baja",IF(O15<=24,"Baja",IF(O15<=500,"Media",IF(O15<=5000,"Alta","Muy Alta"))))) -> Media | Q15: =IF(P15="","",IF(P15="Muy Baja",0.2,IF(P15="Baja",0.4,IF(P15="Media",0.6,IF(P15="Alta",0.8,IF(P15="Muy Alta",1,)))))) -> 0.6 | R15: El riesgo afecta la imagen de la entidad con algunos usuarios de relevancia frente al logro de los objetivos | S15: =IF(NOT(ISERROR(MATCH(R15,'Tabla Impacto'!$B$221:$B$223,0))),'Tabla Impacto'!$F$223&"Por favor no seleccionar los criterios de impacto(Afectación Económica o presupuestal y Pérdida Reputacional)",R15) -> El riesgo afecta la imagen de la entidad con algunos usuarios de relevancia frente al logro de los objetivos | T15: =+IF(OR(S15='[1]Tabla Impacto'!$C$11,S15='[1]Tabla Impacto'!$D$11),"Leve",IF(OR(S15='[1]Tabla Impacto'!$C$12,S15='[1]Tabla Impacto'!$D$12),"Menor",IF(OR(S15='[1]Tabla Impacto'!$C$13,S15='[1]Tabla Impacto'!$D$13),"Moderado",IF(OR(S15='[1]Tabla Impacto'!$C$14,S15='[1]Tabla Impacto'!$D$14),"Mayor",IF(OR(S15='[1]Tabla Impacto'!$C$15,S15='[1]Tabla Impacto'!$D$15),"Catastrófico",""))))) -> Moderado | U15: =IF(T15="","",IF(T15="Leve",0.2,IF(T15="Menor",0.4,IF(T15="Moderado",0.6,IF(T15="Mayor",0.8,IF(T15="Catastrófico",1,)))))) -> 0.6 | V15: =IF(OR(AND(P15="Muy Baja",T15="Leve"),AND(P15="Muy Baja",T15="Menor"),AND(P15="Baja",T15="Leve")),"Bajo",IF(OR(AND(P15="Muy baja",T15="Moderado"),AND(P15="Baja",T15="Menor"),AND(P15="Baja",T15="Moderado"),AND(P15="Media",T15="Leve"),AND(P15="Media",T15="Menor"),AND(P15="Media",T15="Moderado"),AND(P15="Alta",T15="Leve"),AND(P15="Alta",T15="Menor")),"Moderado",IF(OR(AND(P15="Muy Baja",T15="Mayor"),AND(P15="Baja",T15="Mayor"),AND(P15="Media",T15="Mayor"),AND(P15="Alta",T15="Moderado"),AND(P15="Alta",T15="Mayor"),AND(P15="Muy Alta",T15="Leve"),AND(P15="Muy Alta",T15="Menor"),AND(P15="Muy Alta",T15="Moderado"),AND(P15="Muy Alta",T15="Mayor")),"Alto",IF(OR(AND(P15="Muy Baja",T15="Catastrófico"),AND(P15="Baja",T15="Catastrófico"),AND(P15="Media",T15="Catastrófico"),AND(P15="Alta",T15="Catastrófico"),AND(P15="Muy Alta",T15="Catastrófico")),"Extremo","")))) -> Moderado | W15: 1 | X15: Los responsables de los grupos de trabajo realizan cada vez que se requiera el seguimiento a la presentación de posibles situaciones de conflicto de interés o recusación, con el fin de mitigar el riesgo. Realizan reporte trimestral al Grupo de integridad. | Y15: =IF(OR(Z15="Preventivo",Z15="Detectivo"),"Probabilidad",IF(Z15="Correctivo","Impacto","")) -> Probabilidad | Z15: Preventivo | AA15: Manual | AB15: =IF(AND(Z15="Preventivo",AA15="Automático"),"50%",IF(AND(Z15="Preventivo",AA15="Manual"),"40%",IF(AND(Z15="Detectivo",AA15="Automático"),"40%",IF(AND(Z15="Detectivo",AA15="Manual"),"30%",IF(AND(Z15="Correctivo",AA15="Automático"),"35%",IF(AND(Z15="Correctivo",AA15="Manual"),"25%","")))))) -> 40% | AC15: Documentado | AD15: Continua | AE15: Con Registro | AF15: =IFERROR(IF(Y15="Probabilidad",(Q15-(+Q15*AB15)),IF(Y15="Impacto",Q15,"")),"") -> 0.36 | AG15: =IFERROR(IF(AF15="","",IF(AF15<=0.2,"Muy Baja",IF(AF15<=0.4,"Baja",IF(AF15<=0.6,"Media",IF(AF15<=0.8,"Alta","Muy Alta"))))),"") -> Baja | AH15: =+AF15 -> 0.36 | AI15: =IFERROR(IF(AJ15="","",IF(AJ15<=0.2,"Leve",IF(AJ15<=0.4,"Menor",IF(AJ15<=0.6,"Moderado",IF(AJ15<=0.8,"Mayor","Catastrófico"))))),"") -> Moderado | AJ15: =IFERROR(IF(Y15="Impacto",(U15-(+U15*AB15)),IF(Y15="Probabilidad",U15,"")),"") -> 0.6 | AK15: =IFERROR(IF(OR(AND(AG15="Muy Baja",AI15="Leve"),AND(AG15="Muy Baja",AI15="Menor"),AND(AG15="Baja",AI15="Leve")),"Bajo",IF(OR(AND(AG15="Muy baja",AI15="Moderado"),AND(AG15="Baja",AI15="Menor"),AND(AG15="Baja",AI15="Moderado"),AND(AG15="Media",AI15="Leve"),AND(AG15="Media",AI15="Menor"),AND(AG15="Media",AI15="Moderado"),AND(AG15="Alta",AI15="Leve"),AND(AG15="Alta",AI15="Menor")),"Moderado",IF(OR(AND(AG15="Muy Baja",AI15="Mayor"),AND(AG15="Baja",AI15="Mayor"),AND(AG15="Media",AI15="Mayor"),AND(AG15="Alta",AI15="Moderado"),AND(AG15="Alta",AI15="Mayor"),AND(AG15="Muy Alta",AI15="Leve"),AND(AG15="Muy Alta",AI15="Menor"),AND(AG15="Muy Alta",AI15="Moderado"),AND(AG15="Muy Alta",AI15="Mayor")),"Alto",IF(OR(AND(AG15="Muy Baja",AI15="Catastrófico"),AND(AG15="Baja",AI15="Catastrófico"),AND(AG15="Media",AI15="Catastrófico"),AND(AG15="Alta",AI15="Catastrófico"),AND(AG15="Muy Alta",AI15="Catastrófico")),"Extremo","")))),"") -> Moderado | AL15: Aceptar
S16: =IF(NOT(ISERROR(MATCH(R16,_xlfn.ANCHORARRAY(H20),0))),#REF!&"Por favor no seleccionar los criterios de impacto",R16) -> 0 | W16: 2 | X16: Los presidentes o secretarios de los comités institucionales incluyen en el orden del día cada vez que se requiera, la pregunta sobre posible declaración de conflicto de interés o recusación a los miembros de cada comité, con el fin de mitigar el riesgo. Lo registran en actas y realizan reporte trimestral al Grupo Gestor de Integridad. | Y16: =IF(OR(Z16="Preventivo",Z16="Detectivo"),"Probabilidad",IF(Z16="Correctivo","Impacto","")) -> Probabilidad | Z16: Preventivo | AA16: Manual | AB16: =IF(AND(Z16="Preventivo",AA16="Automático"),"50%",IF(AND(Z16="Preventivo",AA16="Manual"),"40%",IF(AND(Z16="Detectivo",AA16="Automático"),"40%",IF(AND(Z16="Detectivo",AA16="Manual"),"30%",IF(AND(Z16="Correctivo",AA16="Automático"),"35%",IF(AND(Z16="Correctivo",AA16="Manual"),"25%","")))))) -> 40% | AC16: Documentado | AD16: Continua | AE16: Con Registro | AF16: =IFERROR(IF(AND(Y15="Probabilidad",Y16="Probabilidad"),(AH15-(+AH15*AB16)),IF(Y16="Probabilidad",(Q15-(+Q15*AB16)),IF(Y16="Impacto",AH15,""))),"") -> 0.216 | AG16: =IFERROR(IF(AF16="","",IF(AF16<=0.2,"Muy Baja",IF(AF16<=0.4,"Baja",IF(AF16<=0.6,"Media",IF(AF16<=0.8,"Alta","Muy Alta"))))),"") -> Baja | AH16: =+AF16 -> 0.216 | AI16: =IFERROR(IF(AJ16="","",IF(AJ16<=0.2,"Leve",IF(AJ16<=0.4,"Menor",IF(AJ16<=0.6,"Moderado",IF(AJ16<=0.8,"Mayor","Catastrófico"))))),"") -> Moderado | AJ16: =IFERROR(IF(AND(Y15="Impacto",Y16="Impacto"),(AJ15-(+AJ15*AB16)),IF(Y16="Impacto",(U15-(+U15*AB16)),IF(Y16="Probabilidad",AJ15,""))),"") -> 0.6 | AK16: =IFERROR(IF(OR(AND(AG16="Muy Baja",AI16="Leve"),AND(AG16="Muy Baja",AI16="Menor"),AND(AG16="Baja",AI16="Leve")),"Bajo",IF(OR(AND(AG16="Muy baja",AI16="Moderado"),AND(AG16="Baja",AI16="Menor"),AND(AG16="Baja",AI16="Moderado"),AND(AG16="Media",AI16="Leve"),AND(AG16="Media",AI16="Menor"),AND(AG16="Media",AI16="Moderado"),AND(AG16="Alta",AI16="Leve"),AND(AG16="Alta",AI16="Menor")),"Moderado",IF(OR(AND(AG16="Muy Baja",AI16="Mayor"),AND(AG16="Baja",AI16="Mayor"),AND(AG16="Media",AI16="Mayor"),AND(AG16="Alta",AI16="Moderado"),AND(AG16="Alta",AI16="Mayor"),AND(AG16="Muy Alta",AI16="Leve"),AND(AG16="Muy Alta",AI16="Menor"),AND(AG16="Muy Alta",AI16="Moderado"),AND(AG16="Muy Alta",AI16="Mayor")),"Alto",IF(OR(AND(AG16="Muy Baja",AI16="Catastrófico"),AND(AG16="Baja",AI16="Catastrófico"),AND(AG16="Media",AI16="Catastrófico"),AND(AG16="Alta",AI16="Catastrófico"),AND(AG16="Muy Alta",AI16="Catastrófico")),"Extremo","")))),"") -> Moderado | AL16: Aceptar
A17: 3 | B17: OAP_01 | C17: Planeación | D17: Oficina Asesora de Planeación | E17: Económico y Reputacional | F17: No prestación en la atención integral de los servicios de salud a los usuarios del Subsistema de las Fuerzas Militares. | G17: Inadecuada identificación de necesidades para la adquisición de bienes y/o servicios. | H17: Posibilidad de afectación económica por la no prestación integral de los servicios de salud a los usuarios del HOMIL, debido a la inadecuada identificación de necesidades para la adquisición de bienes y/o servicios. | I17: N/A | J17: N/A | K17: N/A | L17: N/A | M17: Ejecución y Administración de procesos | O17: 1 | P17: =IF(O17<=0,"",IF(O17<=2,"Muy Baja",IF(O17<=24,"Baja",IF(O17<=500,"Media",IF(O17<=5000,"Alta","Muy Alta"))))) -> Muy Baja | Q17: =IF(P17="","",IF(P17="Muy Baja",0.2,IF(P17="Baja",0.4,IF(P17="Media",0.6,IF(P17="Alta",0.8,IF(P17="Muy Alta",1,)))))) -> 0.2 | R17: Entre 100 y 500 SMLMV | S17: =IF(NOT(ISERROR(MATCH(R17,'Tabla Impacto'!$B$221:$B$223,0))),'Tabla Impacto'!$F$223&"Por favor no seleccionar los criterios de impacto(Afectación Económica o presupuestal y Pérdida Reputacional)",R17) -> Entre 100 y 500 SMLMV | T17: =+IF(OR(S17='[1]Tabla Impacto'!$C$11,S17='[1]Tabla Impacto'!$D$11),"Leve",IF(OR(S17='[1]Tabla Impacto'!$C$12,S17='[1]Tabla Impacto'!$D$12),"Menor",IF(OR(S17='[1]Tabla Impacto'!$C$13,S17='[1]Tabla Impacto'!$D$13),"Moderado",IF(OR(S17='[1]Tabla Impacto'!$C$14,S17='[1]Tabla Impacto'!$D$14),"Mayor",IF(OR(S17='[1]Tabla Impacto'!$C$15,S17='[1]Tabla Impacto'!$D$15),"Catastrófico",""))))) -> Mayor | U17: =IF(T17="","",IF(T17="Leve",0.2,IF(T17="Menor",0.4,IF(T17="Moderado",0.6,IF(T17="Mayor",0.8,IF(T17="Catastrófico",1,)))))) -> 0.8 | V17: =IF(OR(AND(P17="Muy Baja",T17="Leve"),AND(P17="Muy Baja",T17="Menor"),AND(P17="Baja",T17="Leve")),"Bajo",IF(OR(AND(P17="Muy baja",T17="Moderado"),AND(P17="Baja",T17="Menor"),AND(P17="Baja",T17="Moderado"),AND(P17="Media",T17="Leve"),AND(P17="Media",T17="Menor"),AND(P17="Media",T17="Moderado"),AND(P17="Alta",T17="Leve"),AND(P17="Alta",T17="Menor")),"Moderado",IF(OR(AND(P17="Muy Baja",T17="Mayor"),AND(P17="Baja",T17="Mayor"),AND(P17="Media",T17="Mayor"),AND(P17="Alta",T17="Moderado"),AND(P17="Alta",T17="Mayor"),AND(P17="Muy Alta",T17="Leve"),AND(P17="Muy Alta",T17="Menor"),AND(P17="Muy Alta",T17="Moderado"),AND(P17="Muy Alta",T17="Mayor")),"Alto",IF(OR(AND(P17="Muy Baja",T17="Catastrófico"),AND(P17="Baja",T17="Catastrófico"),AND(P17="Media",T17="Catastrófico"),AND(P17="Alta",T17="Catastrófico"),AND(P17="Muy Alta",T17="Catastrófico")),"Extremo","")))) -> Alto | W17: 1 | X17: El profesional de la Oficina Asesora de Planeación elabora la directiva y envía formato del Plan de Adquisiciones de manera anual a los Subdirectores, jefes de unidad, jefes de Oficina y demás responsables de áreas o servicios, con el fin de emitir los lineamientos para identificación y consolidación de necesidades de bienes y/o servicios a contratar en la siguiente vigencia. | Y17: =IF(OR(Z17="Preventivo",Z17="Detectivo"),"Probabilidad",IF(Z17="Correctivo","Impacto","")) -> Probabilidad | Z17: Preventivo | AA17: Manual | AB17: =IF(AND(Z17="Preventivo",AA17="Automático"),"50%",IF(AND(Z17="Preventivo",AA17="Manual"),"40%",IF(AND(Z17="Detectivo",AA17="Automático"),"40%",IF(AND(Z17="Detectivo",AA17="Manual"),"30%",IF(AND(Z17="Correctivo",AA17="Automático"),"35%",IF(AND(Z17="Correctivo",AA17="Manual"),"25%","")))))) -> 40% | AC17: Documentado | AD17: Continua | AE17: Con Registro | AF17: =IFERROR(IF(Y17="Probabilidad",(Q17-(+Q17*AB17)),IF(Y17="Impacto",Q17,"")),"") -> 0.12 | AG17: =IFERROR(IF(AF17="","",IF(AF17<=0.2,"Muy Baja",IF(AF17<=0.4,"Baja",IF(AF17<=0.6,"Media",IF(AF17<=0.8,"Alta","Muy Alta"))))),"") -> Muy Baja | AH17: =+AF17 -> 0.12 | AI17: =IFERROR(IF(AJ17="","",IF(AJ17<=0.2,"Leve",IF(AJ17<=0.4,"Menor",IF(AJ17<=0.6,"Moderado",IF(AJ17<=0.8,"Mayor","Catastrófico"))))),"") -> Mayor | AJ17: =IFERROR(IF(Y17="Impacto",(U17-(+U17*AB17)),IF(Y17="Probabilidad",U17,"")),"") -> 0.8 | AK17: =IFERROR(IF(OR(AND(AG17="Muy Baja",AI17="Leve"),AND(AG17="Muy Baja",AI17="Menor"),AND(AG17="Baja",AI17="Leve")),"Bajo",IF(OR(AND(AG17="Muy baja",AI17="Moderado"),AND(AG17="Baja",AI17="Menor"),AND(AG17="Baja",AI17="Moderado"),AND(AG17="Media",AI17="Leve"),AND(AG17="Media",AI17="Menor"),AND(AG17="Media",AI17="Moderado"),AND(AG17="Alta",AI17="Leve"),AND(AG17="Alta",AI17="Menor")),"Moderado",IF(OR(AND(AG17="Muy Baja",AI17="Mayor"),AND(AG17="Baja",AI17="Mayor"),AND(AG17="Media",AI17="Mayor"),AND(AG17="Alta",AI17="Moderado"),AND(AG17="Alta",AI17="Mayor"),AND(AG17="Muy Alta",AI17="Leve"),AND(AG17="Muy Alta",AI17="Menor"),AND(AG17="Muy Alta",AI17="Moderado"),AND(AG17="Muy Alta",AI17="Mayor")),"Alto",IF(OR(AND(AG17="Muy Baja",AI17="Catastrófico"),AND(AG17="Baja",AI17="Catastrófico"),AND(AG17="Media",AI17="Catastrófico"),AND(AG17="Alta",AI17="Catastrófico"),AND(AG17="Muy Alta",AI17="Catastrófico")),"Extremo","")))),"") -> Alto | AL17: Reducir (mitigar) | AM17: Realización de mesa de trabajo para la Socialización de la Directiva y diligenciamiento del formato de requerimientos del Plan Anual de Adquisiciones | AN17: Andrea Polanía González | AO17: 04 de Octubre | AP17: 04 de Octubre | AQ17: Acta de reunión, listado de asistencia, envío de correo electrónico con documentos presentados en la socialización | AR17: En curso
S18: =IF(NOT(ISERROR(MATCH(R18,_xlfn.ANCHORARRAY(H22),0))),Q24&"Por favor no seleccionar los criterios de impacto",R18) -> 0 | W18: 2 | X18: El profesional de la Oficina Asesora de Planeación desarrolla de manera anual mesas de trabajo con jefes de unidad, jefes de oficina y demás responsables de áreas y servicios, según cronograma establecido en la directiva del Plan anual de Adquisiciones, para realizar divulgación de los lineamientos definidos y brindar acompañamiento en la identificación y diligenciamiento de los formatos solicitados, así como para la validación y aprobación de las necesidades proyectadas por cada una de las unidades por parte de los Subdirectores. | Y18: =IF(OR(Z18="Preventivo",Z18="Detectivo"),"Probabilidad",IF(Z18="Correctivo","Impacto","")) -> Probabilidad | Z18: Preventivo | AA18: Manual | AB18: =IF(AND(Z18="Preventivo",AA18="Automático"),"50%",IF(AND(Z18="Preventivo",AA18="Manual"),"40%",IF(AND(Z18="Detectivo",AA18="Automático"),"40%",IF(AND(Z18="Detectivo",AA18="Manual"),"30%",IF(AND(Z18="Correctivo",AA18="Automático"),"35%",IF(AND(Z18="Correctivo",AA18="Manual"),"25%","")))))) -> 40% | AC18: Documentado | AD18: Continua | AE18: Con Registro | AF18: =IFERROR(IF(AND(Y17="Probabilidad",Y18="Probabilidad"),(AH17-(+AH17*AB18)),IF(Y18="Probabilidad",(Q17-(+Q17*AB18)),IF(Y18="Impacto",AH17,""))),"") -> 0.072 | AG18: =IFERROR(IF(AF18="","",IF(AF18<=0.2,"Muy Baja",IF(AF18<=0.4,"Baja",IF(AF18<=0.6,"Media",IF(AF18<=0.8,"Alta","Muy Alta"))))),"") -> Muy Baja | AH18: =+AF18 -> 0.072 | AI18: =IFERROR(IF(AJ18="","",IF(AJ18<=0.2,"Leve",IF(AJ18<=0.4,"Menor",IF(AJ18<=0.6,"Moderado",IF(AJ18<=0.8,"Mayor","Catastrófico"))))),"") -> Mayor | AJ18: =IFERROR(IF(AND(Y17="Impacto",Y18="Impacto"),(AJ17-(+AJ17*AB18)),IF(Y18="Impacto",(U17-(+U17*AB18)),IF(Y18="Probabilidad",AJ17,""))),"") -> 0.8 | AK18: =IFERROR(IF(OR(AND(AG18="Muy Baja",AI18="Leve"),AND(AG18="Muy Baja",AI18="Menor"),AND(AG18="Baja",AI18="Leve")),"Bajo",IF(OR(AND(AG18="Muy baja",AI18="Moderado"),AND(AG18="Baja",AI18="Menor"),AND(AG18="Baja",AI18="Moderado"),AND(AG18="Media",AI18="Leve"),AND(AG18="Media",AI18="Menor"),AND(AG18="Media",AI18="Moderado"),AND(AG18="Alta",AI18="Leve"),AND(AG18="Alta",AI18="Menor")),"Moderado",IF(OR(AND(AG18="Muy Baja",AI18="Mayor"),AND(AG18="Baja",AI18="Mayor"),AND(AG18="Media",AI18="Mayor"),AND(AG18="Alta",AI18="Moderado"),AND(AG18="Alta",AI18="Mayor"),AND(AG18="Muy Alta",AI18="Leve"),AND(AG18="Muy Alta",AI18="Menor"),AND(AG18="Muy Alta",AI18="Moderado"),AND(AG18="Muy Alta",AI18="Mayor")),"Alto",IF(OR(AND(AG18="Muy Baja",AI18="Catastrófico"),AND(AG18="Baja",AI18="Catastrófico"),AND(AG18="Media",AI18="Catastrófico"),AND(AG18="Alta",AI18="Catastrófico"),AND(AG18="Muy Alta",AI18="Catastrófico")),"Extremo","")))),"") -> Alto | AL18: Reducir (mitigar) | AM18: Realización de mesas de trabajo adicionales, para aquellas áreas y/o servicios en los que se hace necesario validar de manera detallada la información remitida o re-valiar requerimientos planteados | AN18: Andrea Polanía González | AO18: 30 de noviembre | AP18: 30 de noviembre | AQ18: Acta de reunión, listado de asistencia, envío de correo electrónico con solicitud de ajustes | AR18: En curso
S19: =IF(NOT(ISERROR(MATCH(R19,_xlfn.ANCHORARRAY(H23),0))),#REF!&"Por favor no seleccionar los criterios de impacto",R19) -> 0 | W19: 3 | X19: El profesional de la Oficina Asesora de Planeación convoca al Comité Institucional de Gestión y Desempeño de manera anual, para la presentación de la desagregación presupuestal según Decreto de Liquidación de la vigencia y aprobación del Plan de Adquisiciones consolidado. | Y19: =IF(OR(Z19="Preventivo",Z19="Detectivo"),"Probabilidad",IF(Z19="Correctivo","Impacto","")) -> Probabilidad | Z19: Preventivo | AA19: Manual | AB19: =IF(AND(Z19="Preventivo",AA19="Automático"),"50%",IF(AND(Z19="Preventivo",AA19="Manual"),"40%",IF(AND(Z19="Detectivo",AA19="Automático"),"40%",IF(AND(Z19="Detectivo",AA19="Manual"),"30%",IF(AND(Z19="Correctivo",AA19="Automático"),"35%",IF(AND(Z19="Correctivo",AA19="Manual"),"25%","")))))) -> 40% | AC19: Documentado | AD19: Continua | AE19: Con Registro | AF19: =IFERROR(IF(AND(Y18="Probabilidad",Y19="Probabilidad"),(AH18-(+AH18*AB19)),IF(Y19="Probabilidad",(Q18-(+Q18*AB19)),IF(Y19="Impacto",AH18,""))),"") -> 0.0432 | AG19: =IFERROR(IF(AF19="","",IF(AF19<=0.2,"Muy Baja",IF(AF19<=0.4,"Baja",IF(AF19<=0.6,"Media",IF(AF19<=0.8,"Alta","Muy Alta"))))),"") -> Muy Baja | AH19: =+AF19 -> 0.0432 | AI19: =IFERROR(IF(AJ19="","",IF(AJ19<=0.2,"Leve",IF(AJ19<=0.4,"Menor",IF(AJ19<=0.6,"Moderado",IF(AJ19<=0.8,"Mayor","Catastrófico"))))),"") -> Mayor | AJ19: =IFERROR(IF(AND(Y18="Impacto",Y19="Impacto"),(AJ18-(+AJ18*AB19)),IF(AND(Y18="Probabilidad",Y19="Impacto"),(AJ17-(+AJ17*AB19)),IF(Y19="Probabilidad",AJ18,""))),"") -> 0.8 | AK19: =IFERROR(IF(OR(AND(AG19="Muy Baja",AI19="Leve"),AND(AG19="Muy Baja",AI19="Menor"),AND(AG19="Baja",AI19="Leve")),"Bajo",IF(OR(AND(AG19="Muy baja",AI19="Moderado"),AND(AG19="Baja",AI19="Menor"),AND(AG19="Baja",AI19="Moderado"),AND(AG19="Media",AI19="Leve"),AND(AG19="Media",AI19="Menor"),AND(AG19="Media",AI19="Moderado"),AND(AG19="Alta",AI19="Leve"),AND(AG19="Alta",AI19="Menor")),"Moderado",IF(OR(AND(AG19="Muy Baja",AI19="Mayor"),AND(AG19="Baja",AI19="Mayor"),AND(AG19="Media",AI19="Mayor"),AND(AG19="Alta",AI19="Moderado"),AND(AG19="Alta",AI19="Mayor"),AND(AG19="Muy Alta",AI19="Leve"),AND(AG19="Muy Alta",AI19="Menor"),AND(AG19="Muy Alta",AI19="Moderado"),AND(AG19="Muy Alta",AI19="Mayor")),"Alto",IF(OR(AND(AG19="Muy Baja",AI19="Catastrófico"),AND(AG19="Baja",AI19="Catastrófico"),AND(AG19="Media",AI19="Catastrófico"),AND(AG19="Alta",AI19="Catastrófico"),AND(AG19="Muy Alta",AI19="Catastrófico")),"Extremo","")))),"") -> Alto | AL19: Reducir (mitigar)
A20: 4 | B20: OAP_02 | C20: Planeación | D20: Oficina Asesora de Planeación | E20: Económico y Reputacional | F20: Multas, sanciones por parte de entes de control y desconfianza por parte de la ciudadanía, grupos de valor, usuarios internos y externos. | G20: Fallas en la verificación de la información reportada en el aplicativo (Suite Visión Empresarial) y errores en la transcripción y procesamiento de datos. | H20: Posibilidad de afectación económica y reputacional por multas, sanciones por parte de entes de control y desconfianza por parte de la ciudadanía, grupos de valor, usuarios internos y externos, debido a fallas en la verificación de la información reportada en el aplicativo (Suite Visión Empresarial) y errores en la transcripción y procesamiento de datos. | I20: N/A | J20: N/A | K20: N/A | L20: N/A | M20: Ejecución y Administración de procesos | O20: 12 | P20: =IF(O20<=0,"",IF(O20<=2,"Muy Baja",IF(O20<=24,"Baja",IF(O20<=500,"Media",IF(O20<=5000,"Alta","Muy Alta"))))) -> Baja | Q20: =IF(P20="","",IF(P20="Muy Baja",0.2,IF(P20="Baja",0.4,IF(P20="Media",0.6,IF(P20="Alta",0.8,IF(P20="Muy Alta",1,)))))) -> 0.4 | R20: El riesgo afecta la imagen de la entidad con algunos usuarios de relevancia frente al logro de los objetivos | S20: =IF(NOT(ISERROR(MATCH(R20,'Tabla Impacto'!$B$221:$B$223,0))),'Tabla Impacto'!$F$223&"Por favor no seleccionar los criterios de impacto(Afectación Económica o presupuestal y Pérdida Reputacional)",R20) -> El riesgo afecta la imagen de la entidad con algunos usuarios de relevancia frente al logro de los objetivos | T20: =+IF(OR(S20='[1]Tabla Impacto'!$C$11,S20='[1]Tabla Impacto'!$D$11),"Leve",IF(OR(S20='[1]Tabla Impacto'!$C$12,S20='[1]Tabla Impacto'!$D$12),"Menor",IF(OR(S20='[1]Tabla Impacto'!$C$13,S20='[1]Tabla Impacto'!$D$13),"Moderado",IF(OR(S20='[1]Tabla Impacto'!$C$14,S20='[1]Tabla Impacto'!$D$14),"Mayor",IF(OR(S20='[1]Tabla Impacto'!$C$15,S20='[1]Tabla Impacto'!$D$15),"Catastrófico",""))))) -> Moderado | U20: =IF(T20="","",IF(T20="Leve",0.2,IF(T20="Menor",0.4,IF(T20="Moderado",0.6,IF(T20="Mayor",0.8,IF(T20="Catastrófico",1,)))))) -> 0.6 | V20: =IF(OR(AND(P20="Muy Baja",T20="Leve"),AND(P20="Muy Baja",T20="Menor"),AND(P20="Baja",T20="Leve")),"Bajo",IF(OR(AND(P20="Muy baja",T20="Moderado"),AND(P20="Baja",T20="Menor"),AND(P20="Baja",T20="Moderado"),AND(P20="Media",T20="Leve"),AND(P20="Media",T20="Menor"),AND(P20="Media",T20="Moderado"),AND(P20="Alta",T20="Leve"),AND(P20="Alta",T20="Menor")),"Moderado",IF(OR(AND(P20="Muy Baja",T20="Mayor"),AND(P20="Baja",T20="Mayor"),AND(P20="Media",T20="Mayor"),AND(P20="Alta",T20="Moderado"),AND(P20="Alta",T20="Mayor"),AND(P20="Muy Alta",T20="Leve"),AND(P20="Muy Alta",T20="Menor"),AND(P20="Muy Alta",T20="Moderado"),AND(P20="Muy Alta",T20="Mayor")),"Alto",IF(OR(AND(P20="Muy Baja",T20="Catastrófico"),AND(P20="Baja",T20="Catastrófico"),AND(P20="Media",T20="Catastrófico"),AND(P20="Alta",T20="Catastrófico"),AND(P20="Muy Alta",T20="Catastrófico")),"Extremo","")))) -> Moderado | W20: 1 | X20: El profesional de la Oficina Asesora de Planeación realiza trimestralmente la verificación de datos de los indicadores estratégicos, comparando lo reportado en el aplicativo (Suite Visión Empresarial) Vs el formato PL-OAPL-PR-09-FT-02, con el fin de cotejar la información suministrada por parte de las dependencias. Nota: Teniendo en cuenta que el análisis y el cruce de la información de resultados de los indicadores y actividades estratégicas del PAI en el aplicativo vs formato PL-OAPL-PR-09-FT-02 se realizan un mes posterior al cierre trimestral, la aplicación del control se efectuará y se reportará de la siguiente manera: Primer monitoreo: Control aplicado del IV Trimestre de la vigencia anterior. Segundo monitoreo: Control aplicado del I Trimestre de la presente vigencia. Tercer monitoreo: Control aplicado del II Trimestre de la presente vigencia. Cuarto monitoreo: Control aplicado del III Trimestre de la presente vigencia. | Y20: =IF(OR(Z20="Preventivo",Z20="Detectivo"),"Probabilidad",IF(Z20="Correctivo","Impacto","")) -> Probabilidad | Z20: Detectivo | AA20: Manual | AB20: =IF(AND(Z20="Preventivo",AA20="Automático"),"50%",IF(AND(Z20="Preventivo",AA20="Manual"),"40%",IF(AND(Z20="Detectivo",AA20="Automático"),"40%",IF(AND(Z20="Detectivo",AA20="Manual"),"30%",IF(AND(Z20="Correctivo",AA20="Automático"),"35%",IF(AND(Z20="Correctivo",AA20="Manual"),"25%","")))))) -> 30% | AC20: Documentado | AD20: Continua | AE20: Con Registro | AF20: =IFERROR(IF(Y20="Probabilidad",(Q20-(+Q20*AB20)),IF(Y20="Impacto",Q20,"")),"") -> 0.28 | AG20: =IFERROR(IF(AF20="","",IF(AF20<=0.2,"Muy Baja",IF(AF20<=0.4,"Baja",IF(AF20<=0.6,"Media",IF(AF20<=0.8,"Alta","Muy Alta"))))),"") -> Baja | AH20: =+AF20 -> 0.28 | AI20: =IFERROR(IF(AJ20="","",IF(AJ20<=0.2,"Leve",IF(AJ20<=0.4,"Menor",IF(AJ20<=0.6,"Moderado",IF(AJ20<=0.8,"Mayor","Catastrófico"))))),"") -> Moderado | AJ20: =IFERROR(IF(Y20="Impacto",(U20-(+U20*AB20)),IF(Y20="Probabilidad",U20,"")),"") -> 0.6 | AK20: =IFERROR(IF(OR(AND(AG20="Muy Baja",AI20="Leve"),AND(AG20="Muy Baja",AI20="Menor"),AND(AG20="Baja",AI20="Leve")),"Bajo",IF(OR(AND(AG20="Muy baja",AI20="Moderado"),AND(AG20="Baja",AI20="Menor"),AND(AG20="Baja",AI20="Moderado"),AND(AG20="Media",AI20="Leve"),AND(AG20="Media",AI20="Menor"),AND(AG20="Media",AI20="Moderado"),AND(AG20="Alta",AI20="Leve"),AND(AG20="Alta",AI20="Menor")),"Moderado",IF(OR(AND(AG20="Muy Baja",AI20="Mayor"),AND(AG20="Baja",AI20="Mayor"),AND(AG20="Media",AI20="Mayor"),AND(AG20="Alta",AI20="Moderado"),AND(AG20="Alta",AI20="Mayor"),AND(AG20="Muy Alta",AI20="Leve"),AND(AG20="Muy Alta",AI20="Menor"),AND(AG20="Muy Alta",AI20="Moderado"),AND(AG20="Muy Alta",AI20="Mayor")),"Alto",IF(OR(AND(AG20="Muy Baja",AI20="Catastrófico"),AND(AG20="Baja",AI20="Catastrófico"),AND(AG20="Media",AI20="Catastrófico"),AND(AG20="Alta",AI20="Catastrófico"),AND(AG20="Muy Alta",AI20="Catastrófico")),"Extremo","")))),"") -> Moderado | AL20: Aceptar
S21: =IF(NOT(ISERROR(MATCH(R21,_xlfn.ANCHORARRAY(H25),0))),#REF!&"Por favor no seleccionar los criterios de impacto",R21) -> 0 | W21: 2 | X21: El profesional de la Oficina Asesora de Planeación realiza mesas de trabajo cada vez que sea requerido, para validar y verificar los resultados trimestrales obtenidos en los indicadores y actividades estratégicas que conforman el Plan de Acción Institucional, con Subdirectores y Jefes de Unidad. Soporte: Actas de reunión. Nota: Teniendo en cuenta que la validación y verificación de los resultados de los indicadores y actividades estratégicas del PAI se realizan un mes posterior al cierre trimestral, la aplicación del control se efectuará y se reportará de la siguiente manera: Primer monitoreo: Control aplicado del IV Trimestre de la vigencia anterior. Segundo monitoreo: Control aplicado del I Trimestre de la presente vigencia. Tercer monitoreo: Control aplicado del II Trimestre de la presente vigencia. Cuarto monitoreo: Control aplicado del III Trimestre de la presente vigencia. | Y21: =IF(OR(Z21="Preventivo",Z21="Detectivo"),"Probabilidad",IF(Z21="Correctivo","Impacto","")) -> Probabilidad | Z21: Detectivo | AA21: Manual | AB21: =IF(AND(Z21="Preventivo",AA21="Automático"),"50%",IF(AND(Z21="Preventivo",AA21="Manual"),"40%",IF(AND(Z21="Detectivo",AA21="Automático"),"40%",IF(AND(Z21="Detectivo",AA21="Manual"),"30%",IF(AND(Z21="Correctivo",AA21="Automático"),"35%",IF(AND(Z21="Correctivo",AA21="Manual"),"25%","")))))) -> 30% | AC21: Documentado | AD21: Continua | AE21: Con Registro | AF21: =IFERROR(IF(AND(Y20="Probabilidad",Y21="Probabilidad"),(AH20-(+AH20*AB21)),IF(Y21="Probabilidad",(Q20-(+Q20*AB21)),IF(Y21="Impacto",AH20,""))),"") -> 0.196 | AG21: =IFERROR(IF(AF21="","",IF(AF21<=0.2,"Muy Baja",IF(AF21<=0.4,"Baja",IF(AF21<=0.6,"Media",IF(AF21<=0.8,"Alta","Muy Alta"))))),"") -> Muy Baja | AH21: =+AF21 -> 0.196 | AI21: =IFERROR(IF(AJ21="","",IF(AJ21<=0.2,"Leve",IF(AJ21<=0.4,"Menor",IF(AJ21<=0.6,"Moderado",IF(AJ21<=0.8,"Mayor","Catastrófico"))))),"") -> Moderado | AJ21: =IFERROR(IF(AND(Y20="Impacto",Y21="Impacto"),(AJ20-(+AJ20*AB21)),IF(Y21="Impacto",(U20-(+U20*AB21)),IF(Y21="Probabilidad",AJ20,""))),"") -> 0.6 | AK21: =IFERROR(IF(OR(AND(AG21="Muy Baja",AI21="Leve"),AND(AG21="Muy Baja",AI21="Menor"),AND(AG21="Baja",AI21="Leve")),"Bajo",IF(OR(AND(AG21="Muy baja",AI21="Moderado"),AND(AG21="Baja",AI21="Menor"),AND(AG21="Baja",AI21="Moderado"),AND(AG21="Media",AI21="Leve"),AND(AG21="Media",AI21="Menor"),AND(AG21="Media",AI21="Moderado"),AND(AG21="Alta",AI21="Leve"),AND(AG21="Alta",AI21="Menor")),"Moderado",IF(OR(AND(AG21="Muy Baja",AI21="Mayor"),AND(AG21="Baja",AI21="Mayor"),AND(AG21="Media",AI21="Mayor"),AND(AG21="Alta",AI21="Moderado"),AND(AG21="Alta",AI21="Mayor"),AND(AG21="Muy Alta",AI21="Leve"),AND(AG21="Muy Alta",AI21="Menor"),AND(AG21="Muy Alta",AI21="Moderado"),AND(AG21="Muy Alta",AI21="Mayor")),"Alto",IF(OR(AND(AG21="Muy Baja",AI21="Catastrófico"),AND(AG21="Baja",AI21="Catastrófico"),AND(AG21="Media",AI21="Catastrófico"),AND(AG21="Alta",AI21="Catastrófico"),AND(AG21="Muy Alta",AI21="Catastrófico")),"Extremo","")))),"") -> Moderado | AL21: Aceptar
A22: 5 | B22: OAP_03 | C22: Planeación | D22: Oficina Asesora de Planeación | E22: Reputacional | F22: Pérdida de credibilidad y desconfianza por parte de la ciudadanía, grupos de valor y usuarios internos y externos. | G22: Respuestas inexactas o sin soportes en el Formulario Único de Avances de la Gestión - FURAG, por parte de las áreas y servicios de la entidad. | H22: Posibilidad de afectación reputacional por pérdida de credibilidad y desconfianza por parte de la ciudadanía, grupos de valor y usuarios internos y externos, debido a respuestas inexactas o sin soportes en el Formulario Único de Avances de la Gestión - FURAG, por parte de las áreas y servicios de la entidad. | I22: N/A | J22: N/A | K22: N/A | L22: N/A | M22: Ejecución y Administración de procesos | O22: 1 | P22: =IF(O22<=0,"",IF(O22<=2,"Muy Baja",IF(O22<=24,"Baja",IF(O22<=500,"Media",IF(O22<=5000,"Alta","Muy Alta"))))) -> Muy Baja | Q22: =IF(P22="","",IF(P22="Muy Baja",0.2,IF(P22="Baja",0.4,IF(P22="Media",0.6,IF(P22="Alta",0.8,IF(P22="Muy Alta",1,)))))) -> 0.2 | R22: El riesgo afecta la imagen de de la entidad con efecto publicitario sostenido a nivel de sector administrativo, nivel departamental o municipal | S22: =IF(NOT(ISERROR(MATCH(R22,'Tabla Impacto'!$B$221:$B$223,0))),'Tabla Impacto'!$F$223&"Por favor no seleccionar los criterios de impacto(Afectación Económica o presupuestal y Pérdida Reputacional)",R22) -> El riesgo afecta la imagen de de la entidad con efecto publicitario sostenido a nivel de sector administrativo, nivel departamental o municipal | T22: =+IF(OR(S22='[1]Tabla Impacto'!$C$11,S22='[1]Tabla Impacto'!$D$11),"Leve",IF(OR(S22='[1]Tabla Impacto'!$C$12,S22='[1]Tabla Impacto'!$D$12),"Menor",IF(OR(S22='[1]Tabla Impacto'!$C$13,S22='[1]Tabla Impacto'!$D$13),"Moderado",IF(OR(S22='[1]Tabla Impacto'!$C$14,S22='[1]Tabla Impacto'!$D$14),"Mayor",IF(OR(S22='[1]Tabla Impacto'!$C$15,S22='[1]Tabla Impacto'!$D$15),"Catastrófico",""))))) -> Mayor | U22: =IF(T22="","",IF(T22="Leve",0.2,IF(T22="Menor",0.4,IF(T22="Moderado",0.6,IF(T22="Mayor",0.8,IF(T22="Catastrófico",1,)))))) -> 0.8 | V22: =IF(OR(AND(P22="Muy Baja",T22="Leve"),AND(P22="Muy Baja",T22="Menor"),AND(P22="Baja",T22="Leve")),"Bajo",IF(OR(AND(P22="Muy baja",T22="Moderado"),AND(P22="Baja",T22="Menor"),AND(P22="Baja",T22="Moderado"),AND(P22="Media",T22="Leve"),AND(P22="Media",T22="Menor"),AND(P22="Media",T22="Moderado"),AND(P22="Alta",T22="Leve"),AND(P22="Alta",T22="Menor")),"Moderado",IF(OR(AND(P22="Muy Baja",T22="Mayor"),AND(P22="Baja",T22="Mayor"),AND(P22="Media",T22="Mayor"),AND(P22="Alta",T22="Moderado"),AND(P22="Alta",T22="Mayor"),AND(P22="Muy Alta",T22="Leve"),AND(P22="Muy Alta",T22="Menor"),AND(P22="Muy Alta",T22="Moderado"),AND(P22="Muy Alta",T22="Mayor")),"Alto",IF(OR(AND(P22="Muy Baja",T22="Catastrófico"),AND(P22="Baja",T22="Catastrófico"),AND(P22="Media",T22="Catastrófico"),AND(P22="Alta",T22="Catastrófico"),AND(P22="Muy Alta",T22="Catastrófico")),"Extremo","")))) -> Alto | W22: 1 | X22: El profesional de la Oficina Asesora de Planeación envía anualmente vía correo electrónico el Formulario Único de Reporte de Avances de la Gestión - Furag de la vigencia evaluada a los Jefes de Unidad, líderes de proceso y demás responsables del diligenciamiento del furag, con el fin de revisar y dar repuesta según corresponda a cada una de las diferentes políticas del Modelo Integrado de Planeación y Gestión. | Y22: =IF(OR(Z22="Preventivo",Z22="Detectivo"),"Probabilidad",IF(Z22="Correctivo","Impacto","")) -> Probabilidad | Z22: Preventivo | AA22: Manual | AB22: =IF(AND(Z22="Preventivo",AA22="Automático"),"50%",IF(AND(Z22="Preventivo",AA22="Manual"),"40%",IF(AND(Z22="Detectivo",AA22="Automático"),"40%",IF(AND(Z22="Detectivo",AA22="Manual"),"30%",IF(AND(Z22="Correctivo",AA22="Automático"),"35%",IF(AND(Z22="Correctivo",AA22="Manual"),"25%","")))))) -> 40% | AC22: Sin Documentar | AD22: Continua | AE22: Con Registro | AF22: =IFERROR(IF(Y22="Probabilidad",(Q22-(+Q22*AB22)),IF(Y22="Impacto",Q22,"")),"") -> 0.12 | AG22: =IFERROR(IF(AF22="","",IF(AF22<=0.2,"Muy Baja",IF(AF22<=0.4,"Baja",IF(AF22<=0.6,"Media",IF(AF22<=0.8,"Alta","Muy Alta"))))),"") -> Muy Baja | AH22: =+AF22 -> 0.12 | AI22: =IFERROR(IF(AJ22="","",IF(AJ22<=0.2,"Leve",IF(AJ22<=0.4,"Menor",IF(AJ22<=0.6,"Moderado",IF(AJ22<=0.8,"Mayor","Catastrófico"))))),"") -> Mayor | AJ22: =IFERROR(IF(Y22="Impacto",(U22-(+U22*AB22)),IF(Y22="Probabilidad",U22,"")),"") -> 0.8 | AK22: =IFERROR(IF(OR(AND(AG22="Muy Baja",AI22="Leve"),AND(AG22="Muy Baja",AI22="Menor"),AND(AG22="Baja",AI22="Leve")),"Bajo",IF(OR(AND(AG22="Muy baja",AI22="Moderado"),AND(AG22="Baja",AI22="Menor"),AND(AG22="Baja",AI22="Moderado"),AND(AG22="Media",AI22="Leve"),AND(AG22="Media",AI22="Menor"),AND(AG22="Media",AI22="Moderado"),AND(AG22="Alta",AI22="Leve"),AND(AG22="Alta",AI22="Menor")),"Moderado",IF(OR(AND(AG22="Muy Baja",AI22="Mayor"),AND(AG22="Baja",AI22="Mayor"),AND(AG22="Media",AI22="Mayor"),AND(AG22="Alta",AI22="Moderado"),AND(AG22="Alta",AI22="Mayor"),AND(AG22="Muy Alta",AI22="Leve"),AND(AG22="Muy Alta",AI22="Menor"),AND(AG22="Muy Alta",AI22="Moderado"),AND(AG22="Muy Alta",AI22="Mayor")),"Alto",IF(OR(AND(AG22="Muy Baja",AI22="Catastrófico"),AND(AG22="Baja",AI22="Catastrófico"),AND(AG22="Media",AI22="Catastrófico"),AND(AG22="Alta",AI22="Catastrófico"),AND(AG22="Muy Alta",AI22="Catastrófico")),"Extremo","")))),"") -> Alto | AL22: Reducir (mitigar) | AM22: Validación de preguntas FURAG Vs soportes y/o evidencias entregados por los Jefes de Unidad y/o Jefes de Oficina. | AN22: Nicolás Corredor Ramírez | AO22: 30 de Junio | AP22: 30 de Junio | AQ22: Repositorio Documental (GoogleDrive) | AR22: En curso
S23: =IF(NOT(ISERROR(MATCH(R23,_xlfn.ANCHORARRAY(I27),0))),#REF!&"Por favor no seleccionar los criterios de impacto",R23) -> 0 | W23: 2 | X23: Los Jefes de Unidad, Líderes de Proceso y demás responsables del reporte del Formulario Único de Reporte de Avances de la Gestión, envían anualmente al Profesional de la Oficina Asesora de Planeación el Furag diligenciado según corresponda, junto con los soportes de respuesta de cada pregunta, con el fin de garantizar el total diligenciamiento y cumplimiento a la normatividad legal vigente aplicable a la entidad. | Y23: =IF(OR(Z23="Preventivo",Z23="Detectivo"),"Probabilidad",IF(Z23="Correctivo","Impacto","")) -> Probabilidad | Z23: Preventivo | AA23: Manual | AB23: =IF(AND(Z23="Preventivo",AA23="Automático"),"50%",IF(AND(Z23="Preventivo",AA23="Manual"),"40%",IF(AND(Z23="Detectivo",AA23="Automático"),"40%",IF(AND(Z23="Detectivo",AA23="Manual"),"30%",IF(AND(Z23="Correctivo",AA23="Automático"),"35%",IF(AND(Z23="Correctivo",AA23="Manual"),"25%","")))))) -> 40% | AC23: Sin Documentar | AD23: Continua | AE23: Con Registro | AF23: =IFERROR(IF(AND(Y22="Probabilidad",Y23="Probabilidad"),(AH22-(+AH22*AB23)),IF(Y23="Probabilidad",(Q22-(+Q22*AB23)),IF(Y23="Impacto",AH22,""))),"") -> 0.072 | AG23: =IFERROR(IF(AF23="","",IF(AF23<=0.2,"Muy Baja",IF(AF23<=0.4,"Baja",IF(AF23<=0.6,"Media",IF(AF23<=0.8,"Alta","Muy Alta"))))),"") -> Muy Baja | AH23: =+AF23 -> 0.072 | AI23: =IFERROR(IF(AJ23="","",IF(AJ23<=0.2,"Leve",IF(AJ23<=0.4,"Menor",IF(AJ23<=0.6,"Moderado",IF(AJ23<=0.8,"Mayor","Catastrófico"))))),"") -> Mayor | AJ23: =IFERROR(IF(AND(Y22="Impacto",Y23="Impacto"),(AJ22-(+AJ22*AB23)),IF(Y23="Impacto",(U22-(+U22*AB23)),IF(Y23="Probabilidad",AJ22,""))),"") -> 0.8 | AK23: =IFERROR(IF(OR(AND(AG23="Muy Baja",AI23="Leve"),AND(AG23="Muy Baja",AI23="Menor"),AND(AG23="Baja",AI23="Leve")),"Bajo",IF(OR(AND(AG23="Muy baja",AI23="Moderado"),AND(AG23="Baja",AI23="Menor"),AND(AG23="Baja",AI23="Moderado"),AND(AG23="Media",AI23="Leve"),AND(AG23="Media",AI23="Menor"),AND(AG23="Media",AI23="Moderado"),AND(AG23="Alta",AI23="Leve"),AND(AG23="Alta",AI23="Menor")),"Moderado",IF(OR(AND(AG23="Muy Baja",AI23="Mayor"),AND(AG23="Baja",AI23="Mayor"),AND(AG23="Media",AI23="Mayor"),AND(AG23="Alta",AI23="Moderado"),AND(AG23="Alta",AI23="Mayor"),AND(AG23="Muy Alta",AI23="Leve"),AND(AG23="Muy Alta",AI23="Menor"),AND(AG23="Muy Alta",AI23="Moderado"),AND(AG23="Muy Alta",AI23="Mayor")),"Alto",IF(OR(AND(AG23="Muy Baja",AI23="Catastrófico"),AND(AG23="Baja",AI23="Catastrófico"),AND(AG23="Media",AI23="Catastrófico"),AND(AG23="Alta",AI23="Catastrófico"),AND(AG23="Muy Alta",AI23="Catastrófico")),"Extremo","")))),"") -> Alto | AL23: Reducir (mitigar)
S24: =IF(NOT(ISERROR(MATCH(R24,_xlfn.ANCHORARRAY(I28),0))),#REF!&"Por favor no seleccionar los criterios de impacto",R24) -> 0 | W24: 3 | X24: El profesional de la Oficina Asesora de Planeación, diligencia anualmente la herramienta el línea del Formulario Único de Avances de la Gestión - FURAG, con el fin de dar cumplimiento a la normatividad vigente aplicable a la entidad. | Y24: =IF(OR(Z24="Preventivo",Z24="Detectivo"),"Probabilidad",IF(Z24="Correctivo","Impacto","")) -> Probabilidad | Z24: Preventivo | AA24: Manual | AB24: =IF(AND(Z24="Preventivo",AA24="Automático"),"50%",IF(AND(Z24="Preventivo",AA24="Manual"),"40%",IF(AND(Z24="Detectivo",AA24="Automático"),"40%",IF(AND(Z24="Detectivo",AA24="Manual"),"30%",IF(AND(Z24="Correctivo",AA24="Automático"),"35%",IF(AND(Z24="Correctivo",AA24="Manual"),"25%","")))))) -> 40% | AC24: Sin Documentar | AD24: Continua | AE24: Con Registro | AF24: =IFERROR(IF(AND(Y23="Probabilidad",Y24="Probabilidad"),(AH23-(+AH23*AB24)),IF(Y24="Probabilidad",(Q23-(+Q23*AB24)),IF(Y24="Impacto",AH23,""))),"") -> 0.0432 | AG24: =IFERROR(IF(AF24="","",IF(AF24<=0.2,"Muy Baja",IF(AF24<=0.4,"Baja",IF(AF24<=0.6,"Media",IF(AF24<=0.8,"Alta","Muy Alta"))))),"") -> Muy Baja | AH24: =+AF24 -> 0.0432 | AI24: =IFERROR(IF(AJ24="","",IF(AJ24<=0.2,"Leve",IF(AJ24<=0.4,"Menor",IF(AJ24<=0.6,"Moderado",IF(AJ24<=0.8,"Mayor","Catastrófico"))))),"") -> Mayor | AJ24: =IFERROR(IF(AND(Y23="Impacto",Y24="Impacto"),(AJ23-(+AJ23*AB24)),IF(AND(Y23="Probabilidad",Y24="Impacto"),(AJ22-(+AJ22*AB24)),IF(Y24="Probabilidad",AJ23,""))),"") -> 0.8 | AK24: =IFERROR(IF(OR(AND(AG24="Muy Baja",AI24="Leve"),AND(AG24="Muy Baja",AI24="Menor"),AND(AG24="Baja",AI24="Leve")),"Bajo",IF(OR(AND(AG24="Muy baja",AI24="Moderado"),AND(AG24="Baja",AI24="Menor"),AND(AG24="Baja",AI24="Moderado"),AND(AG24="Media",AI24="Leve"),AND(AG24="Media",AI24="Menor"),AND(AG24="Media",AI24="Moderado"),AND(AG24="Alta",AI24="Leve"),AND(AG24="Alta",AI24="Menor")),"Moderado",IF(OR(AND(AG24="Muy Baja",AI24="Mayor"),AND(AG24="Baja",AI24="Mayor"),AND(AG24="Media",AI24="Mayor"),AND(AG24="Alta",AI24="Moderado"),AND(AG24="Alta",AI24="Mayor"),AND(AG24="Muy Alta",AI24="Leve"),AND(AG24="Muy Alta",AI24="Menor"),AND(AG24="Muy Alta",AI24="Moderado"),AND(AG24="Muy Alta",AI24="Mayor")),"Alto",IF(OR(AND(AG24="Muy Baja",AI24="Catastrófico"),AND(AG24="Baja",AI24="Catastrófico"),AND(AG24="Media",AI24="Catastrófico"),AND(AG24="Alta",AI24="Catastrófico"),AND(AG24="Muy Alta",AI24="Catastrófico")),"Extremo","")))),"") -> Alto | AL24: Reducir (mitigar)
A25: 6 | B25: OAP_04 | C25: Planeación | D25: Gestión de Calidad | E25: Económico y Reputacional | F25: Desarticulación de las partes interesadas en el desarrollo e implementación del sistema de gestión basado en procesos | G25: Inadecuada administración del sistema de gestión de calidad. (Planificación de los procesos). | H25: Posibilidad de afectación económica y reputacional por desarticulación de las partes interesadas en el desarrollo e implementación del sistema de gestión basado en procesos, debido a la no implantación de los sistemas de gestión de calidad en la organización. Planificación de los procesos. | I25: N/A | J25: N/A | K25: N/A | L25: N/A | M25: Ejecución y Administración de procesos | O25: 365 | P25: =IF(O25<=0,"",IF(O25<=2,"Muy Baja",IF(O25<=24,"Baja",IF(O25<=500,"Media",IF(O25<=5000,"Alta","Muy Alta"))))) -> Media | Q25: =IF(P25="","",IF(P25="Muy Baja",0.2,IF(P25="Baja",0.4,IF(P25="Media",0.6,IF(P25="Alta",0.8,IF(P25="Muy Alta",1,)))))) -> 0.6 | R25: El riesgo afecta la imagen de la entidad con algunos usuarios de relevancia frente al logro de los objetivos | S25: =IF(NOT(ISERROR(MATCH(R25,'Tabla Impacto'!$B$221:$B$223,0))),'Tabla Impacto'!$F$223&"Por favor no seleccionar los criterios de impacto(Afectación Económica o presupuestal y Pérdida Reputacional)",R25) -> El riesgo afecta la imagen de la entidad con algunos usuarios de relevancia frente al logro de los objetivos | T25: =+IF(OR(S25='[1]Tabla Impacto'!$C$11,S25='[1]Tabla Impacto'!$D$11),"Leve",IF(OR(S25='[1]Tabla Impacto'!$C$12,S25='[1]Tabla Impacto'!$D$12),"Menor",IF(OR(S25='[1]Tabla Impacto'!$C$13,S25='[1]Tabla Impacto'!$D$13),"Moderado",IF(OR(S25='[1]Tabla Impacto'!$C$14,S25='[1]Tabla Impacto'!$D$14),"Mayor",IF(OR(S25='[1]Tabla Impacto'!$C$15,S25='[1]Tabla Impacto'!$D$15),"Catastrófico",""))))) -> Moderado | U25: =IF(T25="","",IF(T25="Leve",0.2,IF(T25="Menor",0.4,IF(T25="Moderado",0.6,IF(T25="Mayor",0.8,IF(T25="Catastrófico",1,)))))) -> 0.6 | V25: =IF(OR(AND(P25="Muy Baja",T25="Leve"),AND(P25="Muy Baja",T25="Menor"),AND(P25="Baja",T25="Leve")),"Bajo",IF(OR(AND(P25="Muy baja",T25="Moderado"),AND(P25="Baja",T25="Menor"),AND(P25="Baja",T25="Moderado"),AND(P25="Media",T25="Leve"),AND(P25="Media",T25="Menor"),AND(P25="Media",T25="Moderado"),AND(P25="Alta",T25="Leve"),AND(P25="Alta",T25="Menor")),"Moderado",IF(OR(AND(P25="Muy Baja",T25="Mayor"),AND(P25="Baja",T25="Mayor"),AND(P25="Media",T25="Mayor"),AND(P25="Alta",T25="Moderado"),AND(P25="Alta",T25="Mayor"),AND(P25="Muy Alta",T25="Leve"),AND(P25="Muy Alta",T25="Menor"),AND(P25="Muy Alta",T25="Moderado"),AND(P25="Muy Alta",T25="Mayor")),"Alto",IF(OR(AND(P25="Muy Baja",T25="Catastrófico"),AND(P25="Baja",T25="Catastrófico"),AND(P25="Media",T25="Catastrófico"),AND(P25="Alta",T25="Catastrófico"),AND(P25="Muy Alta",T25="Catastrófico")),"Extremo","")))) -> Moderado | W25: 1 | X25: El profesional del área de calidad verifica de manera mensual y trimestral el estado de vigencia de los documentos, realiza seguimiento a la implementación de los diferentes sistemas adoptados en la entidad y seguimiento a las acciones de mejora generadas en el sistema de gestión retroalimentando los resultados con el propósito de mantener articulado el sistema de gestión. (Informe mensual de Documentos e indicador de proporción de actualización de documentos que componen SIG). | Y25: =IF(OR(Z25="Preventivo",Z25="Detectivo"),"Probabilidad",IF(Z25="Correctivo","Impacto","")) -> Probabilidad | Z25: Preventivo | AA25: Manual | AB25: =IF(AND(Z25="Preventivo",AA25="Automático"),"50%",IF(AND(Z25="Preventivo",AA25="Manual"),"40%",IF(AND(Z25="Detectivo",AA25="Automático"),"40%",IF(AND(Z25="Detectivo",AA25="Manual"),"30%",IF(AND(Z25="Correctivo",AA25="Automático"),"35%",IF(AND(Z25="Correctivo",AA25="Manual"),"25%","")))))) -> 40% | AC25: Documentado | AD25: Continua | AE25: Con Registro | AF25: =IFERROR(IF(Y25="Probabilidad",(Q25-(+Q25*AB25)),IF(Y25="Impacto",Q25,"")),"") -> 0.36 | AG25: =IFERROR(IF(AF25="","",IF(AF25<=0.2,"Muy Baja",IF(AF25<=0.4,"Baja",IF(AF25<=0.6,"Media",IF(AF25<=0.8,"Alta","Muy Alta"))))),"") -> Baja | AH25: =+AF25 -> 0.36 | AI25: =IFERROR(IF(AJ25="","",IF(AJ25<=0.2,"Leve",IF(AJ25<=0.4,"Menor",IF(AJ25<=0.6,"Moderado",IF(AJ25<=0.8,"Mayor","Catastrófico"))))),"") -> Moderado | AJ25: =IFERROR(IF(Y25="Impacto",(U25-(+U25*AB25)),IF(Y25="Probabilidad",U25,"")),"") -> 0.6 | AK25: =IFERROR(IF(OR(AND(AG25="Muy Baja",AI25="Leve"),AND(AG25="Muy Baja",AI25="Menor"),AND(AG25="Baja",AI25="Leve")),"Bajo",IF(OR(AND(AG25="Muy baja",AI25="Moderado"),AND(AG25="Baja",AI25="Menor"),AND(AG25="Baja",AI25="Moderado"),AND(AG25="Media",AI25="Leve"),AND(AG25="Media",AI25="Menor"),AND(AG25="Media",AI25="Moderado"),AND(AG25="Alta",AI25="Leve"),AND(AG25="Alta",AI25="Menor")),"Moderado",IF(OR(AND(AG25="Muy Baja",AI25="Mayor"),AND(AG25="Baja",AI25="Mayor"),AND(AG25="Media",AI25="Mayor"),AND(AG25="Alta",AI25="Moderado"),AND(AG25="Alta",AI25="Mayor"),AND(AG25="Muy Alta",AI25="Leve"),AND(AG25="Muy Alta",AI25="Menor"),AND(AG25="Muy Alta",AI25="Moderado"),AND(AG25="Muy Alta",AI25="Mayor")),"Alto",IF(OR(AND(AG25="Muy Baja",AI25="Catastrófico"),AND(AG25="Baja",AI25="Catastrófico"),AND(AG25="Media",AI25="Catastrófico"),AND(AG25="Alta",AI25="Catastrófico"),AND(AG25="Muy Alta",AI25="Catastrófico")),"Extremo","")))),"") -> Moderado | AL25: Aceptar
S26: =IF(NOT(ISERROR(MATCH(R26,_xlfn.ANCHORARRAY(H29),0))),Q31&"Por favor no seleccionar los criterios de impacto",R26) -> 0 | W26: 2 | X26: El profesional del área de Calidad realiza mensualmente capacitaciones y socializaciones a las diferentes áreas de la entidad, con el fin de fortalecer el acompañamiento metodológico requerido por las áreas. (Seguimiento a la implementación de los diferentes sistemas adoptados en la entidad y seguimiento a las acciones de mejora generadas se reporta con un informe de seguimiento de habilitación, BPE, BPM estas últimas son de gases medicinales) | Y26: =IF(OR(Z26="Preventivo",Z26="Detectivo"),"Probabilidad",IF(Z26="Correctivo","Impacto","")) -> Probabilidad | Z26: Preventivo | AA26: Manual | AB26: =IF(AND(Z26="Preventivo",AA26="Automático"),"50%",IF(AND(Z26="Preventivo",AA26="Manual"),"40%",IF(AND(Z26="Detectivo",AA26="Automático"),"40%",IF(AND(Z26="Detectivo",AA26="Manual"),"30%",IF(AND(Z26="Correctivo",AA26="Automático"),"35%",IF(AND(Z26="Correctivo",AA26="Manual"),"25%","")))))) -> 40% | AC26: Documentado | AD26: Continua | AE26: Con Registro | AF26: =IFERROR(IF(AND(Y25="Probabilidad",Y26="Probabilidad"),(AH25-(+AH25*AB26)),IF(Y26="Probabilidad",(Q25-(+Q25*AB26)),IF(Y26="Impacto",AH25,""))),"") -> 0.216 | AG26: =IFERROR(IF(AF26="","",IF(AF26<=0.2,"Muy Baja",IF(AF26<=0.4,"Baja",IF(AF26<=0.6,"Media",IF(AF26<=0.8,"Alta","Muy Alta"))))),"") -> Baja | AH26: =+AF26 -> 0.216 | AI26: =IFERROR(IF(AJ26="","",IF(AJ26<=0.2,"Leve",IF(AJ26<=0.4,"Menor",IF(AJ26<=0.6,"Moderado",IF(AJ26<=0.8,"Mayor","Catastrófico"))))),"") -> Moderado | AJ26: =IFERROR(IF(AND(Y25="Impacto",Y26="Impacto"),(AJ25-(+AJ25*AB26)),IF(Y26="Impacto",(U25-(+U25*AB26)),IF(Y26="Probabilidad",AJ25,""))),"") -> 0.6 | AK26: =IFERROR(IF(OR(AND(AG26="Muy Baja",AI26="Leve"),AND(AG26="Muy Baja",AI26="Menor"),AND(AG26="Baja",AI26="Leve")),"Bajo",IF(OR(AND(AG26="Muy baja",AI26="Moderado"),AND(AG26="Baja",AI26="Menor"),AND(AG26="Baja",AI26="Moderado"),AND(AG26="Media",AI26="Leve"),AND(AG26="Media",AI26="Menor"),AND(AG26="Media",AI26="Moderado"),AND(AG26="Alta",AI26="Leve"),AND(AG26="Alta",AI26="Menor")),"Moderado",IF(OR(AND(AG26="Muy Baja",AI26="Mayor"),AND(AG26="Baja",AI26="Mayor"),AND(AG26="Media",AI26="Mayor"),AND(AG26="Alta",AI26="Moderado"),AND(AG26="Alta",AI26="Mayor"),AND(AG26="Muy Alta",AI26="Leve"),AND(AG26="Muy Alta",AI26="Menor"),AND(AG26="Muy Alta",AI26="Moderado"),AND(AG26="Muy Alta",AI26="Mayor")),"Alto",IF(OR(AND(AG26="Muy Baja",AI26="Catastrófico"),AND(AG26="Baja",AI26="Catastrófico"),AND(AG26="Media",AI26="Catastrófico"),AND(AG26="Alta",AI26="Catastrófico"),AND(AG26="Muy Alta",AI26="Catastrófico")),"Extremo","")))),"") -> Moderado | AL26: Aceptar
A27: 7 | B27: OAP_05 | C27: Planeación | D27: Gestión de Calidad | E27: Económico y Reputacional | F27: Incumplimiento normativo, multas y sanciones por parte de entes de control. | G27: Atenciones inseguras que generan percepción desfavorable de la entidad a los usuarios y los entes reguladores. | H27: Posibilidad de afectación económica y reputacional por incumplimiento normativo, multas y sanciones por parte de entes de control, debido a atenciones inseguras que generan percepción desfavorable de la entidad a los usuarios y los entes reguladores. | I27: N/A | J27: N/A | K27: N/A | L27: N/A | M27: Ejecución y Administración de procesos | O27: 365 | P27: =IF(O27<=0,"",IF(O27<=2,"Muy Baja",IF(O27<=24,"Baja",IF(O27<=500,"Media",IF(O27<=5000,"Alta","Muy Alta"))))) -> Media | Q27: =IF(P27="","",IF(P27="Muy Baja",0.2,IF(P27="Baja",0.4,IF(P27="Media",0.6,IF(P27="Alta",0.8,IF(P27="Muy Alta",1,)))))) -> 0.6 | R27: El riesgo afecta la imagen de la entidad con algunos usuarios de relevancia frente al logro de los objetivos | S27: =IF(NOT(ISERROR(MATCH(R27,'Tabla Impacto'!$B$221:$B$223,0))),'Tabla Impacto'!$F$223&"Por favor no seleccionar los criterios de impacto(Afectación Económica o presupuestal y Pérdida Reputacional)",R27) -> El riesgo afecta la imagen de la entidad con algunos usuarios de relevancia frente al logro de los objetivos | T27: =+IF(OR(S27='[1]Tabla Impacto'!$C$11,S27='[1]Tabla Impacto'!$D$11),"Leve",IF(OR(S27='[1]Tabla Impacto'!$C$12,S27='[1]Tabla Impacto'!$D$12),"Menor",IF(OR(S27='[1]Tabla Impacto'!$C$13,S27='[1]Tabla Impacto'!$D$13),"Moderado",IF(OR(S27='[1]Tabla Impacto'!$C$14,S27='[1]Tabla Impacto'!$D$14),"Mayor",IF(OR(S27='[1]Tabla Impacto'!$C$15,S27='[1]Tabla Impacto'!$D$15),"Catastrófico",""))))) -> Moderado | U27: =IF(T27="","",IF(T27="Leve",0.2,IF(T27="Menor",0.4,IF(T27="Moderado",0.6,IF(T27="Mayor",0.8,IF(T27="Catastrófico",1,)))))) -> 0.6 | V27: =IF(OR(AND(P27="Muy Baja",T27="Leve"),AND(P27="Muy Baja",T27="Menor"),AND(P27="Baja",T27="Leve")),"Bajo",IF(OR(AND(P27="Muy baja",T27="Moderado"),AND(P27="Baja",T27="Menor"),AND(P27="Baja",T27="Moderado"),AND(P27="Media",T27="Leve"),AND(P27="Media",T27="Menor"),AND(P27="Media",T27="Moderado"),AND(P27="Alta",T27="Leve"),AND(P27="Alta",T27="Menor")),"Moderado",IF(OR(AND(P27="Muy Baja",T27="Mayor"),AND(P27="Baja",T27="Mayor"),AND(P27="Media",T27="Mayor"),AND(P27="Alta",T27="Moderado"),AND(P27="Alta",T27="Mayor"),AND(P27="Muy Alta",T27="Leve"),AND(P27="Muy Alta",T27="Menor"),AND(P27="Muy Alta",T27="Moderado"),AND(P27="Muy Alta",T27="Mayor")),"Alto",IF(OR(AND(P27="Muy Baja",T27="Catastrófico"),AND(P27="Baja",T27="Catastrófico"),AND(P27="Media",T27="Catastrófico"),AND(P27="Alta",T27="Catastrófico"),AND(P27="Muy Alta",T27="Catastrófico")),"Extremo","")))) -> Moderado | W27: 1 | X27: El profesional del área de calidad, realiza semanalmente rondas de seguridad y aplicación de herramientas de evaluación de adherencia, con el fin de aplicar insumos metodológicos para fortalecer la cultura de seguridad en las diferentes áreas. | Y27: =IF(OR(Z27="Preventivo",Z27="Detectivo"),"Probabilidad",IF(Z27="Correctivo","Impacto","")) -> Probabilidad | Z27: Preventivo | AA27: Manual | AB27: =IF(AND(Z27="Preventivo",AA27="Automático"),"50%",IF(AND(Z27="Preventivo",AA27="Manual"),"40%",IF(AND(Z27="Detectivo",AA27="Automático"),"40%",IF(AND(Z27="Detectivo",AA27="Manual"),"30%",IF(AND(Z27="Correctivo",AA27="Automático"),"35%",IF(AND(Z27="Correctivo",AA27="Manual"),"25%","")))))) -> 40% | AC27: Documentado | AD27: Continua | AE27: Con Registro | AF27: =IFERROR(IF(Y27="Probabilidad",(Q27-(+Q27*AB27)),IF(Y27="Impacto",Q27,"")),"") -> 0.36 | AG27: =IFERROR(IF(AF27="","",IF(AF27<=0.2,"Muy Baja",IF(AF27<=0.4,"Baja",IF(AF27<=0.6,"Media",IF(AF27<=0.8,"Alta","Muy Alta"))))),"") -> Baja | AH27: =+AF27 -> 0.36 | AI27: =IFERROR(IF(AJ27="","",IF(AJ27<=0.2,"Leve",IF(AJ27<=0.4,"Menor",IF(AJ27<=0.6,"Moderado",IF(AJ27<=0.8,"Mayor","Catastrófico"))))),"") -> Moderado | AJ27: =IFERROR(IF(Y27="Impacto",(U27-(+U27*AB27)),IF(Y27="Probabilidad",U27,"")),"") -> 0.6 | AK27: =IFERROR(IF(OR(AND(AG27="Muy Baja",AI27="Leve"),AND(AG27="Muy Baja",AI27="Menor"),AND(AG27="Baja",AI27="Leve")),"Bajo",IF(OR(AND(AG27="Muy baja",AI27="Moderado"),AND(AG27="Baja",AI27="Menor"),AND(AG27="Baja",AI27="Moderado"),AND(AG27="Media",AI27="Leve"),AND(AG27="Media",AI27="Menor"),AND(AG27="Media",AI27="Moderado"),AND(AG27="Alta",AI27="Leve"),AND(AG27="Alta",AI27="Menor")),"Moderado",IF(OR(AND(AG27="Muy Baja",AI27="Mayor"),AND(AG27="Baja",AI27="Mayor"),AND(AG27="Media",AI27="Mayor"),AND(AG27="Alta",AI27="Moderado"),AND(AG27="Alta",AI27="Mayor"),AND(AG27="Muy Alta",AI27="Leve"),AND(AG27="Muy Alta",AI27="Menor"),AND(AG27="Muy Alta",AI27="Moderado"),AND(AG27="Muy Alta",AI27="Mayor")),"Alto",IF(OR(AND(AG27="Muy Baja",AI27="Catastrófico"),AND(AG27="Baja",AI27="Catastrófico"),AND(AG27="Media",AI27="Catastrófico"),AND(AG27="Alta",AI27="Catastrófico"),AND(AG27="Muy Alta",AI27="Catastrófico")),"Extremo","")))),"") -> Moderado | AL27: Aceptar
S28: =IF(NOT(ISERROR(MATCH(R28,_xlfn.ANCHORARRAY(H33),0))),Q35&"Por favor no seleccionar los criterios de impacto",R28) -> 0 | W28: 2 | X28: El profesional del área de calidad, realiza trimestralmente capacitación en los paquetes instruccionales al personal asistencial y administrativo, con el fin de evaluar los resultados de la gestión segura en el Comité de seguridad del paciente. | Y28: =IF(OR(Z28="Preventivo",Z28="Detectivo"),"Probabilidad",IF(Z28="Correctivo","Impacto","")) -> Probabilidad | Z28: Preventivo | AA28: Manual | AB28: =IF(AND(Z28="Preventivo",AA28="Automático"),"50%",IF(AND(Z28="Preventivo",AA28="Manual"),"40%",IF(AND(Z28="Detectivo",AA28="Automático"),"40%",IF(AND(Z28="Detectivo",AA28="Manual"),"30%",IF(AND(Z28="Correctivo",AA28="Automático"),"35%",IF(AND(Z28="Correctivo",AA28="Manual"),"25%","")))))) -> 40% | AC28: Documentado | AD28: Continua | AE28: Con Registro | AF28: =IFERROR(IF(AND(Y27="Probabilidad",Y28="Probabilidad"),(AH27-(+AH27*AB28)),IF(Y28="Probabilidad",(Q27-(+Q27*AB28)),IF(Y28="Impacto",AH27,""))),"") -> 0.216 | AG28: =IFERROR(IF(AF28="","",IF(AF28<=0.2,"Muy Baja",IF(AF28<=0.4,"Baja",IF(AF28<=0.6,"Media",IF(AF28<=0.8,"Alta","Muy Alta"))))),"") -> Baja | AH28: =+AF28 -> 0.216 | AI28: =IFERROR(IF(AJ28="","",IF(AJ28<=0.2,"Leve",IF(AJ28<=0.4,"Menor",IF(AJ28<=0.6,"Moderado",IF(AJ28<=0.8,"Mayor","Catastrófico"))))),"") -> Moderado | AJ28: =IFERROR(IF(AND(Y27="Impacto",Y28="Impacto"),(AJ27-(+AJ27*AB28)),IF(Y28="Impacto",(U27-(+U27*AB28)),IF(Y28="Probabilidad",AJ27,""))),"") -> 0.6 | AK28: =IFERROR(IF(OR(AND(AG28="Muy Baja",AI28="Leve"),AND(AG28="Muy Baja",AI28="Menor"),AND(AG28="Baja",AI28="Leve")),"Bajo",IF(OR(AND(AG28="Muy baja",AI28="Moderado"),AND(AG28="Baja",AI28="Menor"),AND(AG28="Baja",AI28="Moderado"),AND(AG28="Media",AI28="Leve"),AND(AG28="Media",AI28="Menor"),AND(AG28="Media",AI28="Moderado"),AND(AG28="Alta",AI28="Leve"),AND(AG28="Alta",AI28="Menor")),"Moderado",IF(OR(AND(AG28="Muy Baja",AI28="Mayor"),AND(AG28="Baja",AI28="Mayor"),AND(AG28="Media",AI28="Mayor"),AND(AG28="Alta",AI28="Moderado"),AND(AG28="Alta",AI28="Mayor"),AND(AG28="Muy Alta",AI28="Leve"),AND(AG28="Muy Alta",AI28="Menor"),AND(AG28="Muy Alta",AI28="Moderado"),AND(AG28="Muy Alta",AI28="Mayor")),"Alto",IF(OR(AND(AG28="Muy Baja",AI28="Catastrófico"),AND(AG28="Baja",AI28="Catastrófico"),AND(AG28="Media",AI28="Catastrófico"),AND(AG28="Alta",AI28="Catastrófico"),AND(AG28="Muy Alta",AI28="Catastrófico")),"Extremo","")))),"") -> Moderado | AL28: Aceptar
A29: 8 | B29: TIN_01 | C29: Tecnologías de la Información | D29: Gestión de la Infraestructura de las Tecnologías de la Información y Comunicación Gestión Operativa de los Servicios Tecnológicos | E29: Económico y Reputacional | F29: Registro inoportuno en la Historia Clínica del estado de salud y la atención brindada. | G29: Interrupción en la prestación de los servicios tecnológicos de la entidad. | H29: Posibilidad de afectación económica y reputacional por registro inoportuno en la Historia Clínica del estado de salud y la atención brindada, debido a la interrupción en la prestación de los servicios tecnológicos de la entidad. | I29: N/A | J29: N/A | K29: N/A | L29: N/A | M29: Pérdida de Disponibilidad | N29: Sistema de Información Dinámica Gerencial | O29: 8640 | P29: =IF(O29<=0,"",IF(O29<=2,"Muy Baja",IF(O29<=24,"Baja",IF(O29<=500,"Media",IF(O29<=5000,"Alta","Muy Alta"))))) -> Muy Alta | Q29: =IF(P29="","",IF(P29="Muy Baja",0.2,IF(P29="Baja",0.4,IF(P29="Media",0.6,IF(P29="Alta",0.8,IF(P29="Muy Alta",1,)))))) -> 1 | R29: El riesgo afecta la imagen de la entidad con algunos usuarios de relevancia frente al logro de los objetivos | S29: =IF(NOT(ISERROR(MATCH(R29,'Tabla Impacto'!$B$221:$B$223,0))),'Tabla Impacto'!$F$223&"Por favor no seleccionar los criterios de impacto(Afectación Económica o presupuestal y Pérdida Reputacional)",R29) -> El riesgo afecta la imagen de la entidad con algunos usuarios de relevancia frente al logro de los objetivos | T29: =+IF(OR(S29='[1]Tabla Impacto'!$C$11,S29='[1]Tabla Impacto'!$D$11),"Leve",IF(OR(S29='[1]Tabla Impacto'!$C$12,S29='[1]Tabla Impacto'!$D$12),"Menor",IF(OR(S29='[1]Tabla Impacto'!$C$13,S29='[1]Tabla Impacto'!$D$13),"Moderado",IF(OR(S29='[1]Tabla Impacto'!$C$14,S29='[1]Tabla Impacto'!$D$14),"Mayor",IF(OR(S29='[1]Tabla Impacto'!$C$15,S29='[1]Tabla Impacto'!$D$15),"Catastrófico",""))))) -> Moderado | U29: =IF(T29="","",IF(T29="Leve",0.2,IF(T29="Menor",0.4,IF(T29="Moderado",0.6,IF(T29="Mayor",0.8,IF(T29="Catastrófico",1,)))))) -> 0.6 | V29: =IF(OR(AND(P29="Muy Baja",T29="Leve"),AND(P29="Muy Baja",T29="Menor"),AND(P29="Baja",T29="Leve")),"Bajo",IF(OR(AND(P29="Muy baja",T29="Moderado"),AND(P29="Baja",T29="Menor"),AND(P29="Baja",T29="Moderado"),AND(P29="Media",T29="Leve"),AND(P29="Media",T29="Menor"),AND(P29="Media",T29="Moderado"),AND(P29="Alta",T29="Leve"),AND(P29="Alta",T29="Menor")),"Moderado",IF(OR(AND(P29="Muy Baja",T29="Mayor"),AND(P29="Baja",T29="Mayor"),AND(P29="Media",T29="Mayor"),AND(P29="Alta",T29="Moderado"),AND(P29="Alta",T29="Mayor"),AND(P29="Muy Alta",T29="Leve"),AND(P29="Muy Alta",T29="Menor"),AND(P29="Muy Alta",T29="Moderado"),AND(P29="Muy Alta",T29="Mayor")),"Alto",IF(OR(AND(P29="Muy Baja",T29="Catastrófico"),AND(P29="Baja",T29="Catastrófico"),AND(P29="Media",T29="Catastrófico"),AND(P29="Alta",T29="Catastrófico"),AND(P29="Muy Alta",T29="Catastrófico")),"Extremo","")))) -> Alto | W29: 1 | X29: El líder del área de Gestión de la Infraestructura de las Tecnologías de la Información y Comunicación - GICO realiza el monitoreo 7*24*365 a través de las herramientas automatizadas de monitoreo (Network Operations Center - NOC) con el fin de verificar el funcionamiento y el estado general de la infraestructura de redes y comunicaciones de la entidad para tomar acciones preventivas y/o correctivas. | Y29: =IF(OR(Z29="Preventivo",Z29="Detectivo"),"Probabilidad",IF(Z29="Correctivo","Impacto","")) -> Probabilidad | Z29: Preventivo | AA29: Automático | AB29: =IF(AND(Z29="Preventivo",AA29="Automático"),"50%",IF(AND(Z29="Preventivo",AA29="Manual"),"40%",IF(AND(Z29="Detectivo",AA29="Automático"),"40%",IF(AND(Z29="Detectivo",AA29="Manual"),"30%",IF(AND(Z29="Correctivo",AA29="Automático"),"35%",IF(AND(Z29="Correctivo",AA29="Manual"),"25%","")))))) -> 50% | AC29: Documentado | AD29: Continua | AE29: Con Registro | AF29: =IFERROR(IF(Y29="Probabilidad",(Q29-(+Q29*AB29)),IF(Y29="Impacto",Q29,"")),"") -> 0.5 | AG29: =IFERROR(IF(AF29="","",IF(AF29<=0.2,"Muy Baja",IF(AF29<=0.4,"Baja",IF(AF29<=0.6,"Media",IF(AF29<=0.8,"Alta","Muy Alta"))))),"") -> Media | AH29: =+AF29 -> 0.5 | AI29: =IFERROR(IF(AJ29="","",IF(AJ29<=0.2,"Leve",IF(AJ29<=0.4,"Menor",IF(AJ29<=0.6,"Moderado",IF(AJ29<=0.8,"Mayor","Catastrófico"))))),"") -> Moderado | AJ29: =IFERROR(IF(Y29="Impacto",(U29-(+U29*AB29)),IF(Y29="Probabilidad",U29,"")),"") -> 0.6 | AK29: =IFERROR(IF(OR(AND(AG29="Muy Baja",AI29="Leve"),AND(AG29="Muy Baja",AI29="Menor"),AND(AG29="Baja",AI29="Leve")),"Bajo",IF(OR(AND(AG29="Muy baja",AI29="Moderado"),AND(AG29="Baja",AI29="Menor"),AND(AG29="Baja",AI29="Moderado"),AND(AG29="Media",AI29="Leve"),AND(AG29="Media",AI29="Menor"),AND(AG29="Media",AI29="Moderado"),AND(AG29="Alta",AI29="Leve"),AND(AG29="Alta",AI29="Menor")),"Moderado",IF(OR(AND(AG29="Muy Baja",AI29="Mayor"),AND(AG29="Baja",AI29="Mayor"),AND(AG29="Media",AI29="Mayor"),AND(AG29="Alta",AI29="Moderado"),AND(AG29="Alta",AI29="Mayor"),AND(AG29="Muy Alta",AI29="Leve"),AND(AG29="Muy Alta",AI29="Menor"),AND(AG29="Muy Alta",AI29="Moderado"),AND(AG29="Muy Alta",AI29="Mayor")),"Alto",IF(OR(AND(AG29="Muy Baja",AI29="Catastrófico"),AND(AG29="Baja",AI29="Catastrófico"),AND(AG29="Media",AI29="Catastrófico"),AND(AG29="Alta",AI29="Catastrófico"),AND(AG29="Muy Alta",AI29="Catastrófico")),"Extremo","")))),"") -> Moderado | AL29: Aceptar
S30: =IF(NOT(ISERROR(MATCH(R30,_xlfn.ANCHORARRAY(H38),0))),#REF!&"Por favor no seleccionar los criterios de impacto",R30) -> 0 | W30: 2 | X30: El líder del área de Gestión Operativa de los Servicios Tecnológicos - GOST coordina y lidera el comité de cambios conforme el procedimiento (GT-UNIN-PR-01) cada vez que se requiere un cambio de configuración en la infraestructura de redes y comunicaciones; se proyecta el minutograma y las actividades relacionadas con la ejecución del cambio en la infraestructura de redes y comunicaciones que soporta los servicios tecnológicos de la entidad, a través de los formatos establecidos. Con el fin de planear e identificar los impactos que se puedan llegar a generar durante la ejecución. | Y30: =IF(OR(Z30="Preventivo",Z30="Detectivo"),"Probabilidad",IF(Z30="Correctivo","Impacto","")) -> Probabilidad | Z30: Preventivo | AA30: Manual | AB30: =IF(AND(Z30="Preventivo",AA30="Automático"),"50%",IF(AND(Z30="Preventivo",AA30="Manual"),"40%",IF(AND(Z30="Detectivo",AA30="Automático"),"40%",IF(AND(Z30="Detectivo",AA30="Manual"),"30%",IF(AND(Z30="Correctivo",AA30="Automático"),"35%",IF(AND(Z30="Correctivo",AA30="Manual"),"25%","")))))) -> 40% | AC30: Documentado | AD30: Continua | AE30: Con Registro | AF30: =IFERROR(IF(AND(Y29="Probabilidad",Y30="Probabilidad"),(AH29-(+AH29*AB30)),IF(Y30="Probabilidad",(Q29-(+Q29*AB30)),IF(Y30="Impacto",AH29,""))),"") -> 0.3 | AG30: =IFERROR(IF(AF30="","",IF(AF30<=0.2,"Muy Baja",IF(AF30<=0.4,"Baja",IF(AF30<=0.6,"Media",IF(AF30<=0.8,"Alta","Muy Alta"))))),"") -> Baja | AH30: =+AF30 -> 0.3 | AI30: =IFERROR(IF(AJ30="","",IF(AJ30<=0.2,"Leve",IF(AJ30<=0.4,"Menor",IF(AJ30<=0.6,"Moderado",IF(AJ30<=0.8,"Mayor","Catastrófico"))))),"") -> Moderado | AJ30: =IFERROR(IF(AND(Y29="Impacto",Y30="Impacto"),(AJ29-(+AJ29*AB30)),IF(Y30="Impacto",(U29-(+U29*AB30)),IF(Y30="Probabilidad",AJ29,""))),"") -> 0.6 | AK30: =IFERROR(IF(OR(AND(AG30="Muy Baja",AI30="Leve"),AND(AG30="Muy Baja",AI30="Menor"),AND(AG30="Baja",AI30="Leve")),"Bajo",IF(OR(AND(AG30="Muy baja",AI30="Moderado"),AND(AG30="Baja",AI30="Menor"),AND(AG30="Baja",AI30="Moderado"),AND(AG30="Media",AI30="Leve"),AND(AG30="Media",AI30="Menor"),AND(AG30="Media",AI30="Moderado"),AND(AG30="Alta",AI30="Leve"),AND(AG30="Alta",AI30="Menor")),"Moderado",IF(OR(AND(AG30="Muy Baja",AI30="Mayor"),AND(AG30="Baja",AI30="Mayor"),AND(AG30="Media",AI30="Mayor"),AND(AG30="Alta",AI30="Moderado"),AND(AG30="Alta",AI30="Mayor"),AND(AG30="Muy Alta",AI30="Leve"),AND(AG30="Muy Alta",AI30="Menor"),AND(AG30="Muy Alta",AI30="Moderado"),AND(AG30="Muy Alta",AI30="Mayor")),"Alto",IF(OR(AND(AG30="Muy Baja",AI30="Catastrófico"),AND(AG30="Baja",AI30="Catastrófico"),AND(AG30="Media",AI30="Catastrófico"),AND(AG30="Alta",AI30="Catastrófico"),AND(AG30="Muy Alta",AI30="Catastrófico")),"Extremo","")))),"") -> Moderado | AL30: Aceptar
S31: =IF(NOT(ISERROR(MATCH(R31,_xlfn.ANCHORARRAY(H39),0))),#REF!&"Por favor no seleccionar los criterios de impacto",R31) -> 0 | W31: 3 | X31: El área de Gestión de la Infraestructura de las Tecnologías de la Información y Comunicación - GICO, al menos una vez al año realiza un mantenimiento preventivo a la infraestructura de redes y comunicaciones que soporta los servicios tecnológicos, con el fin de asegurar el funcionamiento adecuado de la misma. | Y31: =IF(OR(Z31="Preventivo",Z31="Detectivo"),"Probabilidad",IF(Z31="Correctivo","Impacto","")) -> Probabilidad | Z31: Preventivo | AA31: Manual | AB31: =IF(AND(Z31="Preventivo",AA31="Automático"),"50%",IF(AND(Z31="Preventivo",AA31="Manual"),"40%",IF(AND(Z31="Detectivo",AA31="Automático"),"40%",IF(AND(Z31="Detectivo",AA31="Manual"),"30%",IF(AND(Z31="Correctivo",AA31="Automático"),"35%",IF(AND(Z31="Correctivo",AA31="Manual"),"25%","")))))) -> 40% | AC31: Documentado | AD31: Continua | AE31: Con Registro | AF31: =IFERROR(IF(AND(Y30="Probabilidad",Y31="Probabilidad"),(AH30-(+AH30*AB31)),IF(Y31="Probabilidad",(Q30-(+Q30*AB31)),IF(Y31="Impacto",AH30,""))),"") -> 0.18 | AG31: =IFERROR(IF(AF31="","",IF(AF31<=0.2,"Muy Baja",IF(AF31<=0.4,"Baja",IF(AF31<=0.6,"Media",IF(AF31<=0.8,"Alta","Muy Alta"))))),"") -> Muy Baja | AH31: =+AF31 -> 0.18 | AI31: =IFERROR(IF(AJ31="","",IF(AJ31<=0.2,"Leve",IF(AJ31<=0.4,"Menor",IF(AJ31<=0.6,"Moderado",IF(AJ31<=0.8,"Mayor","Catastrófico"))))),"") -> Moderado | AJ31: =IFERROR(IF(AND(Y30="Impacto",Y31="Impacto"),(AJ30-(+AJ30*AB31)),IF(AND(Y30="Probabilidad",Y31="Impacto"),(AJ29-(+AJ29*AB31)),IF(Y31="Probabilidad",AJ30,""))),"") -> 0.6 | AK31: =IFERROR(IF(OR(AND(AG31="Muy Baja",AI31="Leve"),AND(AG31="Muy Baja",AI31="Menor"),AND(AG31="Baja",AI31="Leve")),"Bajo",IF(OR(AND(AG31="Muy baja",AI31="Moderado"),AND(AG31="Baja",AI31="Menor"),AND(AG31="Baja",AI31="Moderado"),AND(AG31="Media",AI31="Leve"),AND(AG31="Media",AI31="Menor"),AND(AG31="Media",AI31="Moderado"),AND(AG31="Alta",AI31="Leve"),AND(AG31="Alta",AI31="Menor")),"Moderado",IF(OR(AND(AG31="Muy Baja",AI31="Mayor"),AND(AG31="Baja",AI31="Mayor"),AND(AG31="Media",AI31="Mayor"),AND(AG31="Alta",AI31="Moderado"),AND(AG31="Alta",AI31="Mayor"),AND(AG31="Muy Alta",AI31="Leve"),AND(AG31="Muy Alta",AI31="Menor"),AND(AG31="Muy Alta",AI31="Moderado"),AND(AG31="Muy Alta",AI31="Mayor")),"Alto",IF(OR(AND(AG31="Muy Baja",AI31="Catastrófico"),AND(AG31="Baja",AI31="Catastrófico"),AND(AG31="Media",AI31="Catastrófico"),AND(AG31="Alta",AI31="Catastrófico"),AND(AG31="Muy Alta",AI31="Catastrófico")),"Extremo","")))),"") -> Moderado | AL31: Aceptar
S32: =IF(NOT(ISERROR(MATCH(R32,_xlfn.ANCHORARRAY(#REF!),0))),#REF!&"Por favor no seleccionar los criterios de impacto",R32) -> 0 | W32: 4 | X32: El líder del área de Gestión Operativa de los Servicios Tecnológicos - GOST, cada vez que se requiera realiza los mantenimientos correctivos conforme al procedimiento (GT-GERE-PR-01) a los equipos de cómputo de los diferentes servicios asistenciales, con el fin de asegurar el funcionamiento adecuado de los mismos. | Y32: =IF(OR(Z32="Preventivo",Z32="Detectivo"),"Probabilidad",IF(Z32="Correctivo","Impacto","")) -> Impacto | Z32: Correctivo | AA32: Manual | AB32: =IF(AND(Z32="Preventivo",AA32="Automático"),"50%",IF(AND(Z32="Preventivo",AA32="Manual"),"40%",IF(AND(Z32="Detectivo",AA32="Automático"),"40%",IF(AND(Z32="Detectivo",AA32="Manual"),"30%",IF(AND(Z32="Correctivo",AA32="Automático"),"35%",IF(AND(Z32="Correctivo",AA32="Manual"),"25%","")))))) -> 25% | AC32: Documentado | AD32: Aleatoria | AE32: Con Registro | AF32: =IFERROR(IF(AND(Y31="Probabilidad",Y32="Probabilidad"),(AH31-(+AH31*AB32)),IF(Y32="Probabilidad",(Q31-(+Q31*AB32)),IF(Y32="Impacto",AH31,""))),"") -> 0.18 | AG32: =IFERROR(IF(AF32="","",IF(AF32<=0.2,"Muy Baja",IF(AF32<=0.4,"Baja",IF(AF32<=0.6,"Media",IF(AF32<=0.8,"Alta","Muy Alta"))))),"") -> Muy Baja | AH32: =+AF32 -> 0.18 | AI32: =IFERROR(IF(AJ32="","",IF(AJ32<=0.2,"Leve",IF(AJ32<=0.4,"Menor",IF(AJ32<=0.6,"Moderado",IF(AJ32<=0.8,"Mayor","Catastrófico"))))),"") -> Moderado | AJ32: =IFERROR(IF(AND(Y31="Impacto",Y32="Impacto"),(AJ31-(+AJ31*AB32)),IF(AND(Y31="Probabilidad",Y32="Impacto"),(AJ30-(+AJ30*AB32)),IF(Y32="Probabilidad",AJ31,""))),"") -> 0.45 | AK32: =IFERROR(IF(OR(AND(AG32="Muy Baja",AI32="Leve"),AND(AG32="Muy Baja",AI32="Menor"),AND(AG32="Baja",AI32="Leve")),"Bajo",IF(OR(AND(AG32="Muy baja",AI32="Moderado"),AND(AG32="Baja",AI32="Menor"),AND(AG32="Baja",AI32="Moderado"),AND(AG32="Media",AI32="Leve"),AND(AG32="Media",AI32="Menor"),AND(AG32="Media",AI32="Moderado"),AND(AG32="Alta",AI32="Leve"),AND(AG32="Alta",AI32="Menor")),"Moderado",IF(OR(AND(AG32="Muy Baja",AI32="Mayor"),AND(AG32="Baja",AI32="Mayor"),AND(AG32="Media",AI32="Mayor"),AND(AG32="Alta",AI32="Moderado"),AND(AG32="Alta",AI32="Mayor"),AND(AG32="Muy Alta",AI32="Leve"),AND(AG32="Muy Alta",AI32="Menor"),AND(AG32="Muy Alta",AI32="Moderado"),AND(AG32="Muy Alta",AI32="Mayor")),"Alto",IF(OR(AND(AG32="Muy Baja",AI32="Catastrófico"),AND(AG32="Baja",AI32="Catastrófico"),AND(AG32="Media",AI32="Catastrófico"),AND(AG32="Alta",AI32="Catastrófico"),AND(AG32="Muy Alta",AI32="Catastrófico")),"Extremo","")))),"") -> Moderado | AL32: Aceptar
A33: 9 | B33: TIN_02 | C33: Tecnologías de la Información | D33: Gestión de la Seguridad y Privacidad de a Información Gestión Operativa de los Servicios Tecnológicos Gestión de la Infraestructura de las Tecnologías de la Información y Comunicación | E33: Reputacional | F33: Acceso a información clínica clasificada o reservada de los usuarios del HOMIL | G33: Falta de control del ciclo de vida de las credenciales de acceso a la infraestructura tecnológica de la entidad. | H33: Posibilidad de afectación reputacional y perdida de la confidencialidad por el acceso a información clasificada o reservada de los usuarios del HOMIL, debido a falta de control del ciclo de vida de las credenciales de acceso a la infraestructura tecnológica de la entidad. | I33: N/A | J33: N/A | K33: N/A | L33: N/A | M33: Pérdida de Confidencialidad | N33: Sistema de Información Dinámica Gerencial | O33: 52 | P33: =IF(O33<=0,"",IF(O33<=2,"Muy Baja",IF(O33<=24,"Baja",IF(O33<=500,"Media",IF(O33<=5000,"Alta","Muy Alta"))))) -> Media | Q33: =IF(P33="","",IF(P33="Muy Baja",0.2,IF(P33="Baja",0.4,IF(P33="Media",0.6,IF(P33="Alta",0.8,IF(P33="Muy Alta",1,)))))) -> 0.6 | R33: El riesgo afecta la imagen de la entidad a nivel nacional, con efecto publicitarios sostenible a nivel país | S33: =IF(NOT(ISERROR(MATCH(R33,'Tabla Impacto'!$B$221:$B$223,0))),'Tabla Impacto'!$F$223&"Por favor no seleccionar los criterios de impacto(Afectación Económica o presupuestal y Pérdida Reputacional)",R33) -> El riesgo afecta la imagen de la entidad a nivel nacional, con efecto publicitarios sostenible a nivel país | T33: =+IF(OR(S33='[1]Tabla Impacto'!$C$11,S33='[1]Tabla Impacto'!$D$11),"Leve",IF(OR(S33='[1]Tabla Impacto'!$C$12,S33='[1]Tabla Impacto'!$D$12),"Menor",IF(OR(S33='[1]Tabla Impacto'!$C$13,S33='[1]Tabla Impacto'!$D$13),"Moderado",IF(OR(S33='[1]Tabla Impacto'!$C$14,S33='[1]Tabla Impacto'!$D$14),"Mayor",IF(OR(S33='[1]Tabla Impacto'!$C$15,S33='[1]Tabla Impacto'!$D$15),"Catastrófico",""))))) -> Catastrófico | U33: =IF(T33="","",IF(T33="Leve",0.2,IF(T33="Menor",0.4,IF(T33="Moderado",0.6,IF(T33="Mayor",0.8,IF(T33="Catastrófico",1,)))))) -> 1 | V33: =IF(OR(AND(P33="Muy Baja",T33="Leve"),AND(P33="Muy Baja",T33="Menor"),AND(P33="Baja",T33="Leve")),"Bajo",IF(OR(AND(P33="Muy baja",T33="Moderado"),AND(P33="Baja",T33="Menor"),AND(P33="Baja",T33="Moderado"),AND(P33="Media",T33="Leve"),AND(P33="Media",T33="Menor"),AND(P33="Media",T33="Moderado"),AND(P33="Alta",T33="Leve"),AND(P33="Alta",T33="Menor")),"Moderado",IF(OR(AND(P33="Muy Baja",T33="Mayor"),AND(P33="Baja",T33="Mayor"),AND(P33="Media",T33="Mayor"),AND(P33="Alta",T33="Moderado"),AND(P33="Alta",T33="Mayor"),AND(P33="Muy Alta",T33="Leve"),AND(P33="Muy Alta",T33="Menor"),AND(P33="Muy Alta",T33="Moderado"),AND(P33="Muy Alta",T33="Mayor")),"Alto",IF(OR(AND(P33="Muy Baja",T33="Catastrófico"),AND(P33="Baja",T33="Catastrófico"),AND(P33="Media",T33="Catastrófico"),AND(P33="Alta",T33="Catastrófico"),AND(P33="Muy Alta",T33="Catastrófico")),"Extremo","")))) -> Extremo | W33: 1 | X33: El área de Gestión de la Seguridad y Privacidad de a Información - GSPI, mensualmente realiza campañas de sensibilización en temas de ciber seguridad. Con el fin de concientizar a los usuarios de los riesgos relacionados con el uso seguro de la infraestructura tecnológica que soporta la prestación de los servicios tecnológicos. | Y33: =IF(OR(Z33="Preventivo",Z33="Detectivo"),"Probabilidad",IF(Z33="Correctivo","Impacto","")) -> Probabilidad | Z33: Preventivo | AA33: Manual | AB33: =IF(AND(Z33="Preventivo",AA33="Automático"),"50%",IF(AND(Z33="Preventivo",AA33="Manual"),"40%",IF(AND(Z33="Detectivo",AA33="Automático"),"40%",IF(AND(Z33="Detectivo",AA33="Manual"),"30%",IF(AND(Z33="Correctivo",AA33="Automático"),"35%",IF(AND(Z33="Correctivo",AA33="Manual"),"25%","")))))) -> 40% | AC33: Documentado | AD33: Continua | AE33: Con Registro | AF33: =IFERROR(IF(Y33="Probabilidad",(Q33-(+Q33*AB33)),IF(Y33="Impacto",Q33,"")),"") -> 0.36 | AG33: =IFERROR(IF(AF33="","",IF(AF33<=0.2,"Muy Baja",IF(AF33<=0.4,"Baja",IF(AF33<=0.6,"Media",IF(AF33<=0.8,"Alta","Muy Alta"))))),"") -> Baja | AH33: =+AF33 -> 0.36 | AI33: =IFERROR(IF(AJ33="","",IF(AJ33<=0.2,"Leve",IF(AJ33<=0.4,"Menor",IF(AJ33<=0.6,"Moderado",IF(AJ33<=0.8,"Mayor","Catastrófico"))))),"") -> Catastrófico | AJ33: =IFERROR(IF(Y33="Impacto",(U33-(+U33*AB33)),IF(Y33="Probabilidad",U33,"")),"") -> 1 | AK33: =IFERROR(IF(OR(AND(AG33="Muy Baja",AI33="Leve"),AND(AG33="Muy Baja",AI33="Menor"),AND(AG33="Baja",AI33="Leve")),"Bajo",IF(OR(AND(AG33="Muy baja",AI33="Moderado"),AND(AG33="Baja",AI33="Menor"),AND(AG33="Baja",AI33="Moderado"),AND(AG33="Media",AI33="Leve"),AND(AG33="Media",AI33="Menor"),AND(AG33="Media",AI33="Moderado"),AND(AG33="Alta",AI33="Leve"),AND(AG33="Alta",AI33="Menor")),"Moderado",IF(OR(AND(AG33="Muy Baja",AI33="Mayor"),AND(AG33="Baja",AI33="Mayor"),AND(AG33="Media",AI33="Mayor"),AND(AG33="Alta",AI33="Moderado"),AND(AG33="Alta",AI33="Mayor"),AND(AG33="Muy Alta",AI33="Leve"),AND(AG33="Muy Alta",AI33="Menor"),AND(AG33="Muy Alta",AI33="Moderado"),AND(AG33="Muy Alta",AI33="Mayor")),"Alto",IF(OR(AND(AG33="Muy Baja",AI33="Catastrófico"),AND(AG33="Baja",AI33="Catastrófico"),AND(AG33="Media",AI33="Catastrófico"),AND(AG33="Alta",AI33="Catastrófico"),AND(AG33="Muy Alta",AI33="Catastrófico")),"Extremo","")))),"") -> Extremo | AL33: Reducir (mitigar) | AM33: Campañas de concientización, simulacros sobre ataques cibernéticos | AN33: Jefe Unidad de Informática | AO33: 1 de Marzo | AP33: Mensual | AQ33: Evidencias campañas | AR33: En curso
S34: =IF(NOT(ISERROR(MATCH(R34,_xlfn.ANCHORARRAY(H40),0))),#REF!&"Por favor no seleccionar los criterios de impacto",R34) -> 0 | W34: 2 | X34: El área de Gestión Operativa de los Servicios Tecnológicos - GOST, solo crea las cuentas de acceso a las personas que alleguen 100% diligenciado el formato único de solicitud de acceso a servicios informáticos (TI-GESU-PR-01-FT-01) | Y34: =IF(OR(Z34="Preventivo",Z34="Detectivo"),"Probabilidad",IF(Z34="Correctivo","Impacto","")) -> Probabilidad | Z34: Preventivo | AA34: Manual | AB34: =IF(AND(Z34="Preventivo",AA34="Automático"),"50%",IF(AND(Z34="Preventivo",AA34="Manual"),"40%",IF(AND(Z34="Detectivo",AA34="Automático"),"40%",IF(AND(Z34="Detectivo",AA34="Manual"),"30%",IF(AND(Z34="Correctivo",AA34="Automático"),"35%",IF(AND(Z34="Correctivo",AA34="Manual"),"25%","")))))) -> 40% | AC34: Documentado | AD34: Continua | AE34: Con Registro | AF34: =IFERROR(IF(AND(Y33="Probabilidad",Y34="Probabilidad"),(AH33-(+AH33*AB34)),IF(Y34="Probabilidad",(Q33-(+Q33*AB34)),IF(Y34="Impacto",AH33,""))),"") -> 0.216 | AG34: =IFERROR(IF(AF34="","",IF(AF34<=0.2,"Muy Baja",IF(AF34<=0.4,"Baja",IF(AF34<=0.6,"Media",IF(AF34<=0.8,"Alta","Muy Alta"))))),"") -> Baja | AH34: =+AF34 -> 0.216 | AI34: =IFERROR(IF(AJ34="","",IF(AJ34<=0.2,"Leve",IF(AJ34<=0.4,"Menor",IF(AJ34<=0.6,"Moderado",IF(AJ34<=0.8,"Mayor","Catastrófico"))))),"") -> Catastrófico | AJ34: =IFERROR(IF(AND(Y33="Impacto",Y34="Impacto"),(AJ33-(+AJ33*AB34)),IF(Y34="Impacto",(U33-(+U33*AB34)),IF(Y34="Probabilidad",AJ33,""))),"") -> 1 | AK34: =IFERROR(IF(OR(AND(AG34="Muy Baja",AI34="Leve"),AND(AG34="Muy Baja",AI34="Menor"),AND(AG34="Baja",AI34="Leve")),"Bajo",IF(OR(AND(AG34="Muy baja",AI34="Moderado"),AND(AG34="Baja",AI34="Menor"),AND(AG34="Baja",AI34="Moderado"),AND(AG34="Media",AI34="Leve"),AND(AG34="Media",AI34="Menor"),AND(AG34="Media",AI34="Moderado"),AND(AG34="Alta",AI34="Leve"),AND(AG34="Alta",AI34="Menor")),"Moderado",IF(OR(AND(AG34="Muy Baja",AI34="Mayor"),AND(AG34="Baja",AI34="Mayor"),AND(AG34="Media",AI34="Mayor"),AND(AG34="Alta",AI34="Moderado"),AND(AG34="Alta",AI34="Mayor"),AND(AG34="Muy Alta",AI34="Leve"),AND(AG34="Muy Alta",AI34="Menor"),AND(AG34="Muy Alta",AI34="Moderado"),AND(AG34="Muy Alta",AI34="Mayor")),"Alto",IF(OR(AND(AG34="Muy Baja",AI34="Catastrófico"),AND(AG34="Baja",AI34="Catastrófico"),AND(AG34="Media",AI34="Catastrófico"),AND(AG34="Alta",AI34="Catastrófico"),AND(AG34="Muy Alta",AI34="Catastrófico")),"Extremo","")))),"") -> Extremo | AL34: Reducir (mitigar) | AM34: Implementar dentro del proceso de pago de la última cuenta, factura o liquidación el paz y salvo de la Unidad Informática | AN34: Jefe Unidad de Informática | AO34: 1 de Marzo | AP34: Mensual | AQ34: Paz y salvo UNIF | AR34: En curso
S35: =IF(NOT(ISERROR(MATCH(R35,_xlfn.ANCHORARRAY(H41),0))),#REF!&"Por favor no seleccionar los criterios de impacto",R35) -> 0 | W35: 3 | X35: La Unidad de Talento Humano, reporta vía correo electrónico las novedades de personal (retiros) a fin de que se deshabiliten los accesos a los diferentes servicios tecnológicos. | Y35: =IF(OR(Z35="Preventivo",Z35="Detectivo"),"Probabilidad",IF(Z35="Correctivo","Impacto","")) -> Probabilidad | Z35: Detectivo | AA35: Manual | AB35: =IF(AND(Z35="Preventivo",AA35="Automático"),"50%",IF(AND(Z35="Preventivo",AA35="Manual"),"40%",IF(AND(Z35="Detectivo",AA35="Automático"),"40%",IF(AND(Z35="Detectivo",AA35="Manual"),"30%",IF(AND(Z35="Correctivo",AA35="Automático"),"35%",IF(AND(Z35="Correctivo",AA35="Manual"),"25%","")))))) -> 30% | AC35: Documentado | AD35: Continua | AE35: Con Registro | AF35: =IFERROR(IF(AND(Y34="Probabilidad",Y35="Probabilidad"),(AH34-(+AH34*AB35)),IF(Y35="Probabilidad",(Q34-(+Q34*AB35)),IF(Y35="Impacto",AH34,""))),"") -> 0.1512 | AG35: =IFERROR(IF(AF35="","",IF(AF35<=0.2,"Muy Baja",IF(AF35<=0.4,"Baja",IF(AF35<=0.6,"Media",IF(AF35<=0.8,"Alta","Muy Alta"))))),"") -> Muy Baja | AH35: =+AF35 -> 0.1512 | AI35: =IFERROR(IF(AJ35="","",IF(AJ35<=0.2,"Leve",IF(AJ35<=0.4,"Menor",IF(AJ35<=0.6,"Moderado",IF(AJ35<=0.8,"Mayor","Catastrófico"))))),"") -> Catastrófico | AJ35: =IFERROR(IF(AND(Y34="Impacto",Y35="Impacto"),(AJ34-(+AJ34*AB35)),IF(AND(Y34="Probabilidad",Y35="Impacto"),(AJ33-(+AJ33*AB35)),IF(Y35="Probabilidad",AJ34,""))),"") -> 1 | AK35: =IFERROR(IF(OR(AND(AG35="Muy Baja",AI35="Leve"),AND(AG35="Muy Baja",AI35="Menor"),AND(AG35="Baja",AI35="Leve")),"Bajo",IF(OR(AND(AG35="Muy baja",AI35="Moderado"),AND(AG35="Baja",AI35="Menor"),AND(AG35="Baja",AI35="Moderado"),AND(AG35="Media",AI35="Leve"),AND(AG35="Media",AI35="Menor"),AND(AG35="Media",AI35="Moderado"),AND(AG35="Alta",AI35="Leve"),AND(AG35="Alta",AI35="Menor")),"Moderado",IF(OR(AND(AG35="Muy Baja",AI35="Mayor"),AND(AG35="Baja",AI35="Mayor"),AND(AG35="Media",AI35="Mayor"),AND(AG35="Alta",AI35="Moderado"),AND(AG35="Alta",AI35="Mayor"),AND(AG35="Muy Alta",AI35="Leve"),AND(AG35="Muy Alta",AI35="Menor"),AND(AG35="Muy Alta",AI35="Moderado"),AND(AG35="Muy Alta",AI35="Mayor")),"Alto",IF(OR(AND(AG35="Muy Baja",AI35="Catastrófico"),AND(AG35="Baja",AI35="Catastrófico"),AND(AG35="Media",AI35="Catastrófico"),AND(AG35="Alta",AI35="Catastrófico"),AND(AG35="Muy Alta",AI35="Catastrófico")),"Extremo","")))),"") -> Extremo | AL35: Reducir (mitigar)
S36: =IF(NOT(ISERROR(MATCH(R36,_xlfn.ANCHORARRAY(#REF!),0))),#REF!&"Por favor no seleccionar los criterios de impacto",R36) -> 0 | W36: 4 | X36: El área de Gestión Operativa de los Servicios Tecnológicos - GOST, configura la fecha de terminación del contrato relacionada en el formato único de solicitud de acceso a servicios informáticos (TI-GESU-PR-01-FT-01). Está configuración se realiza en el directorio activo para que se bloquee de manera automática el día que corresponda. | Y36: =IF(OR(Z36="Preventivo",Z36="Detectivo"),"Probabilidad",IF(Z36="Correctivo","Impacto","")) -> Probabilidad | Z36: Preventivo | AA36: Automático | AB36: =IF(AND(Z36="Preventivo",AA36="Automático"),"50%",IF(AND(Z36="Preventivo",AA36="Manual"),"40%",IF(AND(Z36="Detectivo",AA36="Automático"),"40%",IF(AND(Z36="Detectivo",AA36="Manual"),"30%",IF(AND(Z36="Correctivo",AA36="Automático"),"35%",IF(AND(Z36="Correctivo",AA36="Manual"),"25%","")))))) -> 50% | AC36: Documentado | AD36: Continua | AE36: Con Registro | AF36: =IFERROR(IF(AND(Y35="Probabilidad",Y36="Probabilidad"),(AH35-(+AH35*AB36)),IF(Y36="Probabilidad",(Q35-(+Q35*AB36)),IF(Y36="Impacto",AH35,""))),"") -> 0.0756 | AG36: =IFERROR(IF(AF36="","",IF(AF36<=0.2,"Muy Baja",IF(AF36<=0.4,"Baja",IF(AF36<=0.6,"Media",IF(AF36<=0.8,"Alta","Muy Alta"))))),"") -> Muy Baja | AH36: =+AF36 -> 0.0756 | AI36: =IFERROR(IF(AJ36="","",IF(AJ36<=0.2,"Leve",IF(AJ36<=0.4,"Menor",IF(AJ36<=0.6,"Moderado",IF(AJ36<=0.8,"Mayor","Catastrófico"))))),"") -> Catastrófico | AJ36: =IFERROR(IF(AND(Y35="Impacto",Y36="Impacto"),(AJ35-(+AJ35*AB36)),IF(AND(Y35="Probabilidad",Y36="Impacto"),(AJ34-(+AJ34*AB36)),IF(Y36="Probabilidad",AJ35,""))),"") -> 1 | AK36: =IFERROR(IF(OR(AND(AG36="Muy Baja",AI36="Leve"),AND(AG36="Muy Baja",AI36="Menor"),AND(AG36="Baja",AI36="Leve")),"Bajo",IF(OR(AND(AG36="Muy baja",AI36="Moderado"),AND(AG36="Baja",AI36="Menor"),AND(AG36="Baja",AI36="Moderado"),AND(AG36="Media",AI36="Leve"),AND(AG36="Media",AI36="Menor"),AND(AG36="Media",AI36="Moderado"),AND(AG36="Alta",AI36="Leve"),AND(AG36="Alta",AI36="Menor")),"Moderado",IF(OR(AND(AG36="Muy Baja",AI36="Mayor"),AND(AG36="Baja",AI36="Mayor"),AND(AG36="Media",AI36="Mayor"),AND(AG36="Alta",AI36="Moderado"),AND(AG36="Alta",AI36="Mayor"),AND(AG36="Muy Alta",AI36="Leve"),AND(AG36="Muy Alta",AI36="Menor"),AND(AG36="Muy Alta",AI36="Moderado"),AND(AG36="Muy Alta",AI36="Mayor")),"Alto",IF(OR(AND(AG36="Muy Baja",AI36="Catastrófico"),AND(AG36="Baja",AI36="Catastrófico"),AND(AG36="Media",AI36="Catastrófico"),AND(AG36="Alta",AI36="Catastrófico"),AND(AG36="Muy Alta",AI36="Catastrófico")),"Extremo","")))),"") -> Extremo | AL36: Reducir (mitigar)
S37: =IF(NOT(ISERROR(MATCH(R37,_xlfn.ANCHORARRAY(#REF!),0))),#REF!&"Por favor no seleccionar los criterios de impacto",R37) -> 0 | W37: 5 | X37: El administrador de la base de datos del área de Gestión de la Infraestructura de las Tecnologías de la Información y Comunicación - GICO configura un script automático para deshabilitar usuarios que lleven más de un mes sin ingresar al sistema de información Dinámica Gerencial. | Y37: =IF(OR(Z37="Preventivo",Z37="Detectivo"),"Probabilidad",IF(Z37="Correctivo","Impacto","")) -> Probabilidad | Z37: Detectivo | AA37: Automático | AB37: =IF(AND(Z37="Preventivo",AA37="Automático"),"50%",IF(AND(Z37="Preventivo",AA37="Manual"),"40%",IF(AND(Z37="Detectivo",AA37="Automático"),"40%",IF(AND(Z37="Detectivo",AA37="Manual"),"30%",IF(AND(Z37="Correctivo",AA37="Automático"),"35%",IF(AND(Z37="Correctivo",AA37="Manual"),"25%","")))))) -> 40% | AC37: Documentado | AD37: Continua | AE37: Con Registro | AF37: =IFERROR(IF(AND(Y36="Probabilidad",Y37="Probabilidad"),(AH36-(+AH36*AB37)),IF(Y37="Probabilidad",(Q36-(+Q36*AB37)),IF(Y37="Impacto",AH36,""))),"") -> 0.04536 | AG37: =IFERROR(IF(AF37="","",IF(AF37<=0.2,"Muy Baja",IF(AF37<=0.4,"Baja",IF(AF37<=0.6,"Media",IF(AF37<=0.8,"Alta","Muy Alta"))))),"") -> Muy Baja | AH37: =+AF37 -> 0.04536 | AI37: =IFERROR(IF(AJ37="","",IF(AJ37<=0.2,"Leve",IF(AJ37<=0.4,"Menor",IF(AJ37<=0.6,"Moderado",IF(AJ37<=0.8,"Mayor","Catastrófico"))))),"") -> Catastrófico | AJ37: =IFERROR(IF(AND(Y36="Impacto",Y37="Impacto"),(AJ36-(+AJ36*AB37)),IF(AND(Y36="Probabilidad",Y37="Impacto"),(AJ35-(+AJ35*AB37)),IF(Y37="Probabilidad",AJ36,""))),"") -> 1 | AK37: =IFERROR(IF(OR(AND(AG37="Muy Baja",AI37="Leve"),AND(AG37="Muy Baja",AI37="Menor"),AND(AG37="Baja",AI37="Leve")),"Bajo",IF(OR(AND(AG37="Muy baja",AI37="Moderado"),AND(AG37="Baja",AI37="Menor"),AND(AG37="Baja",AI37="Moderado"),AND(AG37="Media",AI37="Leve"),AND(AG37="Media",AI37="Menor"),AND(AG37="Media",AI37="Moderado"),AND(AG37="Alta",AI37="Leve"),AND(AG37="Alta",AI37="Menor")),"Moderado",IF(OR(AND(AG37="Muy Baja",AI37="Mayor"),AND(AG37="Baja",AI37="Mayor"),AND(AG37="Media",AI37="Mayor"),AND(AG37="Alta",AI37="Moderado"),AND(AG37="Alta",AI37="Mayor"),AND(AG37="Muy Alta",AI37="Leve"),AND(AG37="Muy Alta",AI37="Menor"),AND(AG37="Muy Alta",AI37="Moderado"),AND(AG37="Muy Alta",AI37="Mayor")),"Alto",IF(OR(AND(AG37="Muy Baja",AI37="Catastrófico"),AND(AG37="Baja",AI37="Catastrófico"),AND(AG37="Media",AI37="Catastrófico"),AND(AG37="Alta",AI37="Catastrófico"),AND(AG37="Muy Alta",AI37="Catastrófico")),"Extremo","")))),"") -> Extremo | AL37: Reducir (mitigar)
A38: 10 | B38: TIN_03 | C38: Tecnologías de la Información | D38: Gestión de la Infraestructura de las Tecnologías de la Información y Comunicación | E38: Económico | F38: No disponibilidad de la información clínica de los usuarios del HOMIL | G38: Falta de respaldo (copias de seguridad) de la información. | H38: Posibilidad de afectación económica por no disponibilidad de la información clínica de los usuarios del HOMIL, debido a falta de respaldo (copias de seguridad) de la información. | I38: N/A | J38: N/A | K38: N/A | L38: N/A | M38: Pérdida de Disponibilidad | N38: Sistema de Información Dinámica Gerencial | O38: 8640 | P38: =IF(O38<=0,"",IF(O38<=2,"Muy Baja",IF(O38<=24,"Baja",IF(O38<=500,"Media",IF(O38<=5000,"Alta","Muy Alta"))))) -> Muy Alta | Q38: =IF(P38="","",IF(P38="Muy Baja",0.2,IF(P38="Baja",0.4,IF(P38="Media",0.6,IF(P38="Alta",0.8,IF(P38="Muy Alta",1,)))))) -> 1 | R38: Entre 100 y 500 SMLMV | S38: =IF(NOT(ISERROR(MATCH(R38,'Tabla Impacto'!$B$221:$B$223,0))),'Tabla Impacto'!$F$223&"Por favor no seleccionar los criterios de impacto(Afectación Económica o presupuestal y Pérdida Reputacional)",R38) -> Entre 100 y 500 SMLMV | T38: =+IF(OR(S38='[1]Tabla Impacto'!$C$11,S38='[1]Tabla Impacto'!$D$11),"Leve",IF(OR(S38='[1]Tabla Impacto'!$C$12,S38='[1]Tabla Impacto'!$D$12),"Menor",IF(OR(S38='[1]Tabla Impacto'!$C$13,S38='[1]Tabla Impacto'!$D$13),"Moderado",IF(OR(S38='[1]Tabla Impacto'!$C$14,S38='[1]Tabla Impacto'!$D$14),"Mayor",IF(OR(S38='[1]Tabla Impacto'!$C$15,S38='[1]Tabla Impacto'!$D$15),"Catastrófico",""))))) -> Mayor | U38: =IF(T38="","",IF(T38="Leve",0.2,IF(T38="Menor",0.4,IF(T38="Moderado",0.6,IF(T38="Mayor",0.8,IF(T38="Catastrófico",1,)))))) -> 0.8 | V38: =IF(OR(AND(P38="Muy Baja",T38="Leve"),AND(P38="Muy Baja",T38="Menor"),AND(P38="Baja",T38="Leve")),"Bajo",IF(OR(AND(P38="Muy baja",T38="Moderado"),AND(P38="Baja",T38="Menor"),AND(P38="Baja",T38="Moderado"),AND(P38="Media",T38="Leve"),AND(P38="Media",T38="Menor"),AND(P38="Media",T38="Moderado"),AND(P38="Alta",T38="Leve"),AND(P38="Alta",T38="Menor")),"Moderado",IF(OR(AND(P38="Muy Baja",T38="Mayor"),AND(P38="Baja",T38="Mayor"),AND(P38="Media",T38="Mayor"),AND(P38="Alta",T38="Moderado"),AND(P38="Alta",T38="Mayor"),AND(P38="Muy Alta",T38="Leve"),AND(P38="Muy Alta",T38="Menor"),AND(P38="Muy Alta",T38="Moderado"),AND(P38="Muy Alta",T38="Mayor")),"Alto",IF(OR(AND(P38="Muy Baja",T38="Catastrófico"),AND(P38="Baja",T38="Catastrófico"),AND(P38="Media",T38="Catastrófico"),AND(P38="Alta",T38="Catastrófico"),AND(P38="Muy Alta",T38="Catastrófico")),"Extremo","")))) -> Alto | W38: 1 | X38: El líder del área de Gestión de la Infraestructura de las Tecnologías de la Información y Comunicación - GICO realiza el monitoreo 7*24*365 a través de las herramientas de monitoreo (NOC) con el fin de verificar el funcionamiento y el estado general de los equipos que soportan el servicio de backup de la entidad para tomar acciones preventivas y/o correctivas. | Y38: =IF(OR(Z38="Preventivo",Z38="Detectivo"),"Probabilidad",IF(Z38="Correctivo","Impacto","")) -> Probabilidad | Z38: Preventivo | AA38: Automático | AB38: =IF(AND(Z38="Preventivo",AA38="Automático"),"50%",IF(AND(Z38="Preventivo",AA38="Manual"),"40%",IF(AND(Z38="Detectivo",AA38="Automático"),"40%",IF(AND(Z38="Detectivo",AA38="Manual"),"30%",IF(AND(Z38="Correctivo",AA38="Automático"),"35%",IF(AND(Z38="Correctivo",AA38="Manual"),"25%","")))))) -> 50% | AC38: Documentado | AD38: Continua | AE38: Con Registro | AF38: =IFERROR(IF(Y38="Probabilidad",(Q38-(+Q38*AB38)),IF(Y38="Impacto",Q38,"")),"") -> 0.5 | AG38: =IFERROR(IF(AF38="","",IF(AF38<=0.2,"Muy Baja",IF(AF38<=0.4,"Baja",IF(AF38<=0.6,"Media",IF(AF38<=0.8,"Alta","Muy Alta"))))),"") -> Media | AH38: =+AF38 -> 0.5 | AI38: =IFERROR(IF(AJ38="","",IF(AJ38<=0.2,"Leve",IF(AJ38<=0.4,"Menor",IF(AJ38<=0.6,"Moderado",IF(AJ38<=0.8,"Mayor","Catastrófico"))))),"") -> Mayor | AJ38: =IFERROR(IF(Y38="Impacto",(U38-(+U38*AB38)),IF(Y38="Probabilidad",U38,"")),"") -> 0.8 | AK38: =IFERROR(IF(OR(AND(AG38="Muy Baja",AI38="Leve"),AND(AG38="Muy Baja",AI38="Menor"),AND(AG38="Baja",AI38="Leve")),"Bajo",IF(OR(AND(AG38="Muy baja",AI38="Moderado"),AND(AG38="Baja",AI38="Menor"),AND(AG38="Baja",AI38="Moderado"),AND(AG38="Media",AI38="Leve"),AND(AG38="Media",AI38="Menor"),AND(AG38="Media",AI38="Moderado"),AND(AG38="Alta",AI38="Leve"),AND(AG38="Alta",AI38="Menor")),"Moderado",IF(OR(AND(AG38="Muy Baja",AI38="Mayor"),AND(AG38="Baja",AI38="Mayor"),AND(AG38="Media",AI38="Mayor"),AND(AG38="Alta",AI38="Moderado"),AND(AG38="Alta",AI38="Mayor"),AND(AG38="Muy Alta",AI38="Leve"),AND(AG38="Muy Alta",AI38="Menor"),AND(AG38="Muy Alta",AI38="Moderado"),AND(AG38="Muy Alta",AI38="Mayor")),"Alto",IF(OR(AND(AG38="Muy Baja",AI38="Catastrófico"),AND(AG38="Baja",AI38="Catastrófico"),AND(AG38="Media",AI38="Catastrófico"),AND(AG38="Alta",AI38="Catastrófico"),AND(AG38="Muy Alta",AI38="Catastrófico")),"Extremo","")))),"") -> Alto | AL38: Reducir (mitigar) | AM38: Probar la consistencia y efectividad de las copias de datos | AN38: Jefe Unidad de Informática | AO38: 45717 | AP38: Trimestral | AQ38: Efectividad copia de datos | AR38: En curso
S39: =IF(NOT(ISERROR(MATCH(R39,_xlfn.ANCHORARRAY(H42),0))),#REF!&"Por favor no seleccionar los criterios de impacto",R39) -> 0 | W39: 2 | X39: El administrador de la base de datos del área de Gestión de la Infraestructura de las Tecnologías de la Información y Comunicación - GICO, verifica el log de eventos en la herramienta de backup de la entidad que indique la realización y terminación correcta de copias de datos. Con el fin de asegurarse que se tiene una copia de respaldo consistente y disponible para cuando se necesite. | Y39: =IF(OR(Z39="Preventivo",Z39="Detectivo"),"Probabilidad",IF(Z39="Correctivo","Impacto","")) -> Probabilidad | Z39: Preventivo | AA39: Automático | AB39: =IF(AND(Z39="Preventivo",AA39="Automático"),"50%",IF(AND(Z39="Preventivo",AA39="Manual"),"40%",IF(AND(Z39="Detectivo",AA39="Automático"),"40%",IF(AND(Z39="Detectivo",AA39="Manual"),"30%",IF(AND(Z39="Correctivo",AA39="Automático"),"35%",IF(AND(Z39="Correctivo",AA39="Manual"),"25%","")))))) -> 50% | AC39: Documentado | AD39: Continua | AE39: Con Registro | AF39: =IFERROR(IF(AND(Y38="Probabilidad",Y39="Probabilidad"),(AH38-(+AH38*AB39)),IF(Y39="Probabilidad",(Q38-(+Q38*AB39)),IF(Y39="Impacto",AH38,""))),"") -> 0.25 | AG39: =IFERROR(IF(AF39="","",IF(AF39<=0.2,"Muy Baja",IF(AF39<=0.4,"Baja",IF(AF39<=0.6,"Media",IF(AF39<=0.8,"Alta","Muy Alta"))))),"") -> Baja | AH39: =+AF39 -> 0.25 | AI39: =IFERROR(IF(AJ39="","",IF(AJ39<=0.2,"Leve",IF(AJ39<=0.4,"Menor",IF(AJ39<=0.6,"Moderado",IF(AJ39<=0.8,"Mayor","Catastrófico"))))),"") -> Mayor | AJ39: =IFERROR(IF(AND(Y38="Impacto",Y39="Impacto"),(AJ38-(+AJ38*AB39)),IF(Y39="Impacto",(U38-(+U38*AB39)),IF(Y39="Probabilidad",AJ38,""))),"") -> 0.8 | AK39: =IFERROR(IF(OR(AND(AG39="Muy Baja",AI39="Leve"),AND(AG39="Muy Baja",AI39="Menor"),AND(AG39="Baja",AI39="Leve")),"Bajo",IF(OR(AND(AG39="Muy baja",AI39="Moderado"),AND(AG39="Baja",AI39="Menor"),AND(AG39="Baja",AI39="Moderado"),AND(AG39="Media",AI39="Leve"),AND(AG39="Media",AI39="Menor"),AND(AG39="Media",AI39="Moderado"),AND(AG39="Alta",AI39="Leve"),AND(AG39="Alta",AI39="Menor")),"Moderado",IF(OR(AND(AG39="Muy Baja",AI39="Mayor"),AND(AG39="Baja",AI39="Mayor"),AND(AG39="Media",AI39="Mayor"),AND(AG39="Alta",AI39="Moderado"),AND(AG39="Alta",AI39="Mayor"),AND(AG39="Muy Alta",AI39="Leve"),AND(AG39="Muy Alta",AI39="Menor"),AND(AG39="Muy Alta",AI39="Moderado"),AND(AG39="Muy Alta",AI39="Mayor")),"Alto",IF(OR(AND(AG39="Muy Baja",AI39="Catastrófico"),AND(AG39="Baja",AI39="Catastrófico"),AND(AG39="Media",AI39="Catastrófico"),AND(AG39="Alta",AI39="Catastrófico"),AND(AG39="Muy Alta",AI39="Catastrófico")),"Extremo","")))),"") -> Alto | AL39: Reducir (mitigar) | AM39: Probar la consistencia y efectividad de las copias de datos | AN39: Jefe Unidad de Informática | AO39: 45717 | AP39: Trimestral | AQ39: Efectividad copia de datos | AR39: En curso
A40: 11 | B40: TIN_04 | C40: Tecnologías de la Información | D40: Gestión Ciclo de Vida de los Sistemas de Información Gestión Operativa de los Servicios Tecnológicos | E40: Económico y Reputacional | F40: Fallas en el funcionamiento del sistema de información clínico Dinámica Gerencial Hospitalaria | G40: Indebido control de cambios en la implementación de nuevas versiones del aplicativo. | H40: Posibilidad de afectación económica y reputacional por fallas en el funcionamiento del sistema de información clínico Dinámica Gerencial Hospitalaria generadas por el indebido control de cambios en la implementación de nuevas versiones del aplicativo. | I40: N/A | J40: N/A | K40: N/A | L40: N/A | M40: Pérdida de Disponibilidad | N40: Sistema de Información Dinámica Gerencial | O40: 12 | P40: =IF(O40<=0,"",IF(O40<=2,"Muy Baja",IF(O40<=24,"Baja",IF(O40<=500,"Media",IF(O40<=5000,"Alta","Muy Alta"))))) -> Baja | Q40: =IF(P40="","",IF(P40="Muy Baja",0.2,IF(P40="Baja",0.4,IF(P40="Media",0.6,IF(P40="Alta",0.8,IF(P40="Muy Alta",1,)))))) -> 0.4 | R40: Entre 100 y 500 SMLMV | S40: =IF(NOT(ISERROR(MATCH(R40,'Tabla Impacto'!$B$221:$B$223,0))),'Tabla Impacto'!$F$223&"Por favor no seleccionar los criterios de impacto(Afectación Económica o presupuestal y Pérdida Reputacional)",R40) -> Entre 100 y 500 SMLMV | T40: =+IF(OR(S40='[1]Tabla Impacto'!$C$11,S40='[1]Tabla Impacto'!$D$11),"Leve",IF(OR(S40='[1]Tabla Impacto'!$C$12,S40='[1]Tabla Impacto'!$D$12),"Menor",IF(OR(S40='[1]Tabla Impacto'!$C$13,S40='[1]Tabla Impacto'!$D$13),"Moderado",IF(OR(S40='[1]Tabla Impacto'!$C$14,S40='[1]Tabla Impacto'!$D$14),"Mayor",IF(OR(S40='[1]Tabla Impacto'!$C$15,S40='[1]Tabla Impacto'!$D$15),"Catastrófico",""))))) -> Mayor | U40: =IF(T40="","",IF(T40="Leve",0.2,IF(T40="Menor",0.4,IF(T40="Moderado",0.6,IF(T40="Mayor",0.8,IF(T40="Catastrófico",1,)))))) -> 0.8 | V40: =IF(OR(AND(P40="Muy Baja",T40="Leve"),AND(P40="Muy Baja",T40="Menor"),AND(P40="Baja",T40="Leve")),"Bajo",IF(OR(AND(P40="Muy baja",T40="Moderado"),AND(P40="Baja",T40="Menor"),AND(P40="Baja",T40="Moderado"),AND(P40="Media",T40="Leve"),AND(P40="Media",T40="Menor"),AND(P40="Media",T40="Moderado"),AND(P40="Alta",T40="Leve"),AND(P40="Alta",T40="Menor")),"Moderado",IF(OR(AND(P40="Muy Baja",T40="Mayor"),AND(P40="Baja",T40="Mayor"),AND(P40="Media",T40="Mayor"),AND(P40="Alta",T40="Moderado"),AND(P40="Alta",T40="Mayor"),AND(P40="Muy Alta",T40="Leve"),AND(P40="Muy Alta",T40="Menor"),AND(P40="Muy Alta",T40="Moderado"),AND(P40="Muy Alta",T40="Mayor")),"Alto",IF(OR(AND(P40="Muy Baja",T40="Catastrófico"),AND(P40="Baja",T40="Catastrófico"),AND(P40="Media",T40="Catastrófico"),AND(P40="Alta",T40="Catastrófico"),AND(P40="Muy Alta",T40="Catastrófico")),"Extremo","")))) -> Alto | W40: 1 | X40: Los líderes de módulos del aplicativo Dinámica Gerencial Hospitalaria del área de Gestión Ciclo de Vida de los Sistemas de Información - GCSI, coordinan y lideran el comité de cambios conforme al procedimiento (GT-UNIN-PR-01) cada vez que se requiere un cambio en el aplicativo Dinámica Gerencial Hospitalaria; en el escenario de pruebas de la aplicación las actividades relacionadas en el protocolo de pruebas de nueva compilación, el cual incluye las pruebas técnicas realizadas por los líderes funcionales de cada proceso y el funcionamiento de las opciones de los diferentes módulos, en conjunto con los líderes funcionales en cada proceso; lo anterior con el fin de validar si estas tuvieron cambios de funcionamiento y/o funcionan de manera adecuada. | Y40: =IF(OR(Z40="Preventivo",Z40="Detectivo"),"Probabilidad",IF(Z40="Correctivo","Impacto","")) -> Probabilidad | Z40: Preventivo | AA40: Manual | AB40: =IF(AND(Z40="Preventivo",AA40="Automático"),"50%",IF(AND(Z40="Preventivo",AA40="Manual"),"40%",IF(AND(Z40="Detectivo",AA40="Automático"),"40%",IF(AND(Z40="Detectivo",AA40="Manual"),"30%",IF(AND(Z40="Correctivo",AA40="Automático"),"35%",IF(AND(Z40="Correctivo",AA40="Manual"),"25%","")))))) -> 40% | AC40: Documentado | AD40: Continua | AE40: Con Registro | AF40: =IFERROR(IF(Y40="Probabilidad",(Q40-(+Q40*AB40)),IF(Y40="Impacto",Q40,"")),"") -> 0.24 | AG40: =IFERROR(IF(AF40="","",IF(AF40<=0.2,"Muy Baja",IF(AF40<=0.4,"Baja",IF(AF40<=0.6,"Media",IF(AF40<=0.8,"Alta","Muy Alta"))))),"") -> Baja | AH40: =+AF40 -> 0.24 | AI40: =IFERROR(IF(AJ40="","",IF(AJ40<=0.2,"Leve",IF(AJ40<=0.4,"Menor",IF(AJ40<=0.6,"Moderado",IF(AJ40<=0.8,"Mayor","Catastrófico"))))),"") -> Mayor | AJ40: =IFERROR(IF(Y40="Impacto",(U40-(+U40*AB40)),IF(Y40="Probabilidad",U40,"")),"") -> 0.8 | AK40: =IFERROR(IF(OR(AND(AG40="Muy Baja",AI40="Leve"),AND(AG40="Muy Baja",AI40="Menor"),AND(AG40="Baja",AI40="Leve")),"Bajo",IF(OR(AND(AG40="Muy baja",AI40="Moderado"),AND(AG40="Baja",AI40="Menor"),AND(AG40="Baja",AI40="Moderado"),AND(AG40="Media",AI40="Leve"),AND(AG40="Media",AI40="Menor"),AND(AG40="Media",AI40="Moderado"),AND(AG40="Alta",AI40="Leve"),AND(AG40="Alta",AI40="Menor")),"Moderado",IF(OR(AND(AG40="Muy Baja",AI40="Mayor"),AND(AG40="Baja",AI40="Mayor"),AND(AG40="Media",AI40="Mayor"),AND(AG40="Alta",AI40="Moderado"),AND(AG40="Alta",AI40="Mayor"),AND(AG40="Muy Alta",AI40="Leve"),AND(AG40="Muy Alta",AI40="Menor"),AND(AG40="Muy Alta",AI40="Moderado"),AND(AG40="Muy Alta",AI40="Mayor")),"Alto",IF(OR(AND(AG40="Muy Baja",AI40="Catastrófico"),AND(AG40="Baja",AI40="Catastrófico"),AND(AG40="Media",AI40="Catastrófico"),AND(AG40="Alta",AI40="Catastrófico"),AND(AG40="Muy Alta",AI40="Catastrófico")),"Extremo","")))),"") -> Alto | AL40: Reducir (mitigar) | AM40: El equipo de trabajo de gestión de movilidad de aplicaciones, realiza pruebas a cada uno de los módulos junto con los líderes funcionales de cada módulo en las compilaciones recién liberadas por SYAC. | AN40: Jefe Unidad de Informática | AO40: 45717 | AP40: Mensual | AQ40: Pruebas en los módulos | AR40: En curso
S41: =IF(NOT(ISERROR(MATCH(R41,_xlfn.ANCHORARRAY(H43),0))),#REF!&"Por favor no seleccionar los criterios de impacto",R41) -> 0 | W41: 2 | X41: El líder de Gestión Operativa de los Servicios Tecnológicos - GOST de la Unidad Informática, una vez finalizada la actualización de la nueva versión de Dinámica Gerencial Hospitalaria, iniciará un recorrido preventivo por las áreas asistenciales (Desde el piso 12, hasta urgencias y salas de cirugía); revisando la funcionalidad y operatividad del sistema de información. El personal encargado del recorrido firmará la bitácora de recorridos de la UNIN. | Y41: =IF(OR(Z41="Preventivo",Z41="Detectivo"),"Probabilidad",IF(Z41="Correctivo","Impacto","")) -> Probabilidad | Z41: Preventivo | AA41: Manual | AB41: =IF(AND(Z41="Preventivo",AA41="Automático"),"50%",IF(AND(Z41="Preventivo",AA41="Manual"),"40%",IF(AND(Z41="Detectivo",AA41="Automático"),"40%",IF(AND(Z41="Detectivo",AA41="Manual"),"30%",IF(AND(Z41="Correctivo",AA41="Automático"),"35%",IF(AND(Z41="Correctivo",AA41="Manual"),"25%","")))))) -> 40% | AC41: Documentado | AD41: Continua | AE41: Con Registro | AF41: =IFERROR(IF(AND(Y40="Probabilidad",Y41="Probabilidad"),(AH40-(+AH40*AB41)),IF(Y41="Probabilidad",(Q40-(+Q40*AB41)),IF(Y41="Impacto",AH40,""))),"") -> 0.144 | AG41: =IFERROR(IF(AF41="","",IF(AF41<=0.2,"Muy Baja",IF(AF41<=0.4,"Baja",IF(AF41<=0.6,"Media",IF(AF41<=0.8,"Alta","Muy Alta"))))),"") -> Muy Baja | AH41: =+AF41 -> 0.144 | AI41: =IFERROR(IF(AJ41="","",IF(AJ41<=0.2,"Leve",IF(AJ41<=0.4,"Menor",IF(AJ41<=0.6,"Moderado",IF(AJ41<=0.8,"Mayor","Catastrófico"))))),"") -> Mayor | AJ41: =IFERROR(IF(AND(Y40="Impacto",Y41="Impacto"),(AJ40-(+AJ40*AB41)),IF(Y41="Impacto",(U40-(+U40*AB41)),IF(Y41="Probabilidad",AJ40,""))),"") -> 0.8 | AK41: =IFERROR(IF(OR(AND(AG41="Muy Baja",AI41="Leve"),AND(AG41="Muy Baja",AI41="Menor"),AND(AG41="Baja",AI41="Leve")),"Bajo",IF(OR(AND(AG41="Muy baja",AI41="Moderado"),AND(AG41="Baja",AI41="Menor"),AND(AG41="Baja",AI41="Moderado"),AND(AG41="Media",AI41="Leve"),AND(AG41="Media",AI41="Menor"),AND(AG41="Media",AI41="Moderado"),AND(AG41="Alta",AI41="Leve"),AND(AG41="Alta",AI41="Menor")),"Moderado",IF(OR(AND(AG41="Muy Baja",AI41="Mayor"),AND(AG41="Baja",AI41="Mayor"),AND(AG41="Media",AI41="Mayor"),AND(AG41="Alta",AI41="Moderado"),AND(AG41="Alta",AI41="Mayor"),AND(AG41="Muy Alta",AI41="Leve"),AND(AG41="Muy Alta",AI41="Menor"),AND(AG41="Muy Alta",AI41="Moderado"),AND(AG41="Muy Alta",AI41="Mayor")),"Alto",IF(OR(AND(AG41="Muy Baja",AI41="Catastrófico"),AND(AG41="Baja",AI41="Catastrófico"),AND(AG41="Media",AI41="Catastrófico"),AND(AG41="Alta",AI41="Catastrófico"),AND(AG41="Muy Alta",AI41="Catastrófico")),"Extremo","")))),"") -> Alto | AL41: Reducir (mitigar)
A42: 12 | B42: CAU_01 | C42: Comunicaciones y Atención al Usuario | D42: Comunicación Estratégica | E42: Reputacional | F42: Pérdida de credibilidad e impacto negativo en la imagen de la entidad. | G42: Publicaciones con datos erróneos o imprecisos en las piezas de comunicación e información dirigida a usuarios externos del HOMIL. | H42: Posibilidad de afectación reputacional por pérdida de credibilidad e impacto negativo en la imagen de la entidad, debido a publicaciones con datos erróneos o imprecisos en las piezas de comunicación e información dirigida a usuarios externos del HOMIL. | I42: N/A | J42: N/A | K42: N/A | L42: N/A | M42: Ejecución y Administración de procesos | O42: 340 | P42: =IF(O42<=0,"",IF(O42<=2,"Muy Baja",IF(O42<=24,"Baja",IF(O42<=500,"Media",IF(O42<=5000,"Alta","Muy Alta"))))) -> Media | Q42: =IF(P42="","",IF(P42="Muy Baja",0.2,IF(P42="Baja",0.4,IF(P42="Media",0.6,IF(P42="Alta",0.8,IF(P42="Muy Alta",1,)))))) -> 0.6 | R42: El riesgo afecta la imagen de la entidad con algunos usuarios de relevancia frente al logro de los objetivos | S42: =IF(NOT(ISERROR(MATCH(R42,'Tabla Impacto'!$B$221:$B$223,0))),'Tabla Impacto'!$F$223&"Por favor no seleccionar los criterios de impacto(Afectación Económica o presupuestal y Pérdida Reputacional)",R42) -> El riesgo afecta la imagen de la entidad con algunos usuarios de relevancia frente al logro de los objetivos | T42: =+IF(OR(S42='[1]Tabla Impacto'!$C$11,S42='[1]Tabla Impacto'!$D$11),"Leve",IF(OR(S42='[1]Tabla Impacto'!$C$12,S42='[1]Tabla Impacto'!$D$12),"Menor",IF(OR(S42='[1]Tabla Impacto'!$C$13,S42='[1]Tabla Impacto'!$D$13),"Moderado",IF(OR(S42='[1]Tabla Impacto'!$C$14,S42='[1]Tabla Impacto'!$D$14),"Mayor",IF(OR(S42='[1]Tabla Impacto'!$C$15,S42='[1]Tabla Impacto'!$D$15),"Catastrófico",""))))) -> Moderado | U42: =IF(T42="","",IF(T42="Leve",0.2,IF(T42="Menor",0.4,IF(T42="Moderado",0.6,IF(T42="Mayor",0.8,IF(T42="Catastrófico",1,)))))) -> 0.6 | V42: =IF(OR(AND(P42="Muy Baja",T42="Leve"),AND(P42="Muy Baja",T42="Menor"),AND(P42="Baja",T42="Leve")),"Bajo",IF(OR(AND(P42="Muy baja",T42="Moderado"),AND(P42="Baja",T42="Menor"),AND(P42="Baja",T42="Moderado"),AND(P42="Media",T42="Leve"),AND(P42="Media",T42="Menor"),AND(P42="Media",T42="Moderado"),AND(P42="Alta",T42="Leve"),AND(P42="Alta",T42="Menor")),"Moderado",IF(OR(AND(P42="Muy Baja",T42="Mayor"),AND(P42="Baja",T42="Mayor"),AND(P42="Media",T42="Mayor"),AND(P42="Alta",T42="Moderado"),AND(P42="Alta",T42="Mayor"),AND(P42="Muy Alta",T42="Leve"),AND(P42="Muy Alta",T42="Menor"),AND(P42="Muy Alta",T42="Moderado"),AND(P42="Muy Alta",T42="Mayor")),"Alto",IF(OR(AND(P42="Muy Baja",T42="Catastrófico"),AND(P42="Baja",T42="Catastrófico"),AND(P42="Media",T42="Catastrófico"),AND(P42="Alta",T42="Catastrófico"),AND(P42="Muy Alta",T42="Catastrófico")),"Extremo","")))) -> Moderado | W42: 1 | X42: Cada vez que se requiera el responsable del Área de Comunicaciones y Relaciones Públicas envía a la fuente primaria (área solicitante) el producto comunicativo para validar su veracidad y claridad, posterior a ello envía al Asesor(a) de la Dirección General para su aprobación quien de acuerdo al nivel de complejidad del mismo envía a la Dirección General para obtener un tercer aval, posterior a este proceso se realiza la publicación de la información. Nota: Existen algunos productos de comunicación, que no requieren aprobación externa al área y se aprueba por parte del líder del área de Comunicaciones y Relaciones Públicas - CORE. | Y42: =IF(OR(Z42="Preventivo",Z42="Detectivo"),"Probabilidad",IF(Z42="Correctivo","Impacto","")) -> Probabilidad | Z42: Preventivo | AA42: Manual | AB42: =IF(AND(Z42="Preventivo",AA42="Automático"),"50%",IF(AND(Z42="Preventivo",AA42="Manual"),"40%",IF(AND(Z42="Detectivo",AA42="Automático"),"40%",IF(AND(Z42="Detectivo",AA42="Manual"),"30%",IF(AND(Z42="Correctivo",AA42="Automático"),"35%",IF(AND(Z42="Correctivo",AA42="Manual"),"25%","")))))) -> 40% | AC42: Documentado | AD42: Aleatoria | AE42: Con Registro | AF42: =IFERROR(IF(Y42="Probabilidad",(Q42-(+Q42*AB42)),IF(Y42="Impacto",Q42,"")),"") -> 0.36 | AG42: =IFERROR(IF(AF42="","",IF(AF42<=0.2,"Muy Baja",IF(AF42<=0.4,"Baja",IF(AF42<=0.6,"Media",IF(AF42<=0.8,"Alta","Muy Alta"))))),"") -> Baja | AH42: =+AF42 -> 0.36 | AI42: =IFERROR(IF(AJ42="","",IF(AJ42<=0.2,"Leve",IF(AJ42<=0.4,"Menor",IF(AJ42<=0.6,"Moderado",IF(AJ42<=0.8,"Mayor","Catastrófico"))))),"") -> Moderado | AJ42: =IFERROR(IF(Y42="Impacto",(U42-(+U42*AB42)),IF(Y42="Probabilidad",U42,"")),"") -> 0.6 | AK42: =IFERROR(IF(OR(AND(AG42="Muy Baja",AI42="Leve"),AND(AG42="Muy Baja",AI42="Menor"),AND(AG42="Baja",AI42="Leve")),"Bajo",IF(OR(AND(AG42="Muy baja",AI42="Moderado"),AND(AG42="Baja",AI42="Menor"),AND(AG42="Baja",AI42="Moderado"),AND(AG42="Media",AI42="Leve"),AND(AG42="Media",AI42="Menor"),AND(AG42="Media",AI42="Moderado"),AND(AG42="Alta",AI42="Leve"),AND(AG42="Alta",AI42="Menor")),"Moderado",IF(OR(AND(AG42="Muy Baja",AI42="Mayor"),AND(AG42="Baja",AI42="Mayor"),AND(AG42="Media",AI42="Mayor"),AND(AG42="Alta",AI42="Moderado"),AND(AG42="Alta",AI42="Mayor"),AND(AG42="Muy Alta",AI42="Leve"),AND(AG42="Muy Alta",AI42="Menor"),AND(AG42="Muy Alta",AI42="Moderado"),AND(AG42="Muy Alta",AI42="Mayor")),"Alto",IF(OR(AND(AG42="Muy Baja",AI42="Catastrófico"),AND(AG42="Baja",AI42="Catastrófico"),AND(AG42="Media",AI42="Catastrófico"),AND(AG42="Alta",AI42="Catastrófico"),AND(AG42="Muy Alta",AI42="Catastrófico")),"Extremo","")))),"") -> Moderado | AL42: Aceptar
A43: 13 | B43: CAU_02 | C43: Comunicaciones y Atención al Usuario | D43: Comunicación Estratégica | E43: Reputacional | F43: Pérdida de credibilidad e impacto negativo en la imagen de la entidad. | G43: Publicaciones con datos erróneos o imprecisos en las piezas de comunicación e información dirigida a usuarios internos del HOMIL. | H43: Posibilidad de afectación reputacional por pérdida de credibilidad e impacto negativo en la imagen de la entidad, debido a publicaciones con datos erróneos o imprecisos en las piezas de comunicación e información dirigida a usuarios internos del HOMIL. | I43: N/A | J43: N/A | K43: N/A | L43: N/A | M43: Ejecución y Administración de procesos | O43: 340 | P43: =IF(O43<=0,"",IF(O43<=2,"Muy Baja",IF(O43<=24,"Baja",IF(O43<=500,"Media",IF(O43<=5000,"Alta","Muy Alta"))))) -> Media | Q43: =IF(P43="","",IF(P43="Muy Baja",0.2,IF(P43="Baja",0.4,IF(P43="Media",0.6,IF(P43="Alta",0.8,IF(P43="Muy Alta",1,)))))) -> 0.6 | R43: El riesgo afecta la imagen de la entidad con algunos usuarios de relevancia frente al logro de los objetivos | S43: =IF(NOT(ISERROR(MATCH(R43,'Tabla Impacto'!$B$221:$B$223,0))),'Tabla Impacto'!$F$223&"Por favor no seleccionar los criterios de impacto(Afectación Económica o presupuestal y Pérdida Reputacional)",R43) -> El riesgo afecta la imagen de la entidad con algunos usuarios de relevancia frente al logro de los objetivos | T43: =+IF(OR(S43='[1]Tabla Impacto'!$C$11,S43='[1]Tabla Impacto'!$D$11),"Leve",IF(OR(S43='[1]Tabla Impacto'!$C$12,S43='[1]Tabla Impacto'!$D$12),"Menor",IF(OR(S43='[1]Tabla Impacto'!$C$13,S43='[1]Tabla Impacto'!$D$13),"Moderado",IF(OR(S43='[1]Tabla Impacto'!$C$14,S43='[1]Tabla Impacto'!$D$14),"Mayor",IF(OR(S43='[1]Tabla Impacto'!$C$15,S43='[1]Tabla Impacto'!$D$15),"Catastrófico",""))))) -> Moderado | U43: =IF(T43="","",IF(T43="Leve",0.2,IF(T43="Menor",0.4,IF(T43="Moderado",0.6,IF(T43="Mayor",0.8,IF(T43="Catastrófico",1,)))))) -> 0.6 | V43: =IF(OR(AND(P43="Muy Baja",T43="Leve"),AND(P43="Muy Baja",T43="Menor"),AND(P43="Baja",T43="Leve")),"Bajo",IF(OR(AND(P43="Muy baja",T43="Moderado"),AND(P43="Baja",T43="Menor"),AND(P43="Baja",T43="Moderado"),AND(P43="Media",T43="Leve"),AND(P43="Media",T43="Menor"),AND(P43="Media",T43="Moderado"),AND(P43="Alta",T43="Leve"),AND(P43="Alta",T43="Menor")),"Moderado",IF(OR(AND(P43="Muy Baja",T43="Mayor"),AND(P43="Baja",T43="Mayor"),AND(P43="Media",T43="Mayor"),AND(P43="Alta",T43="Moderado"),AND(P43="Alta",T43="Mayor"),AND(P43="Muy Alta",T43="Leve"),AND(P43="Muy Alta",T43="Menor"),AND(P43="Muy Alta",T43="Moderado"),AND(P43="Muy Alta",T43="Mayor")),"Alto",IF(OR(AND(P43="Muy Baja",T43="Catastrófico"),AND(P43="Baja",T43="Catastrófico"),AND(P43="Media",T43="Catastrófico"),AND(P43="Alta",T43="Catastrófico"),AND(P43="Muy Alta",T43="Catastrófico")),"Extremo","")))) -> Moderado | W43: 1 | X43: Cada vez que se requiera el responsable del Área de Comunicaciones y Relaciones Públicas envía a la fuente primaria (área solicitante) el producto comunicativo para validar su veracidad y claridad, y posterior aprobación. De acuerdo al nivel de complejidad del mismo, se envía a la Dirección General para obtener un segundo aval para la publicación de la información. Nota: Existen algunos productos de comunicación, que no requieren aprobación externa al área, y se aprueba por parte del líder del Área de Comunicaciones y Relaciones Públicas - CORE. | Y43: =IF(OR(Z43="Preventivo",Z43="Detectivo"),"Probabilidad",IF(Z43="Correctivo","Impacto","")) -> Probabilidad | Z43: Preventivo | AA43: Manual | AB43: =IF(AND(Z43="Preventivo",AA43="Automático"),"50%",IF(AND(Z43="Preventivo",AA43="Manual"),"40%",IF(AND(Z43="Detectivo",AA43="Automático"),"40%",IF(AND(Z43="Detectivo",AA43="Manual"),"30%",IF(AND(Z43="Correctivo",AA43="Automático"),"35%",IF(AND(Z43="Correctivo",AA43="Manual"),"25%","")))))) -> 40% | AC43: Documentado | AD43: Aleatoria | AE43: Con Registro | AF43: =IFERROR(IF(Y43="Probabilidad",(Q43-(+Q43*AB43)),IF(Y43="Impacto",Q43,"")),"") -> 0.36 | AG43: =IFERROR(IF(AF43="","",IF(AF43<=0.2,"Muy Baja",IF(AF43<=0.4,"Baja",IF(AF43<=0.6,"Media",IF(AF43<=0.8,"Alta","Muy Alta"))))),"") -> Baja | AH43: =+AF43 -> 0.36 | AI43: =IFERROR(IF(AJ43="","",IF(AJ43<=0.2,"Leve",IF(AJ43<=0.4,"Menor",IF(AJ43<=0.6,"Moderado",IF(AJ43<=0.8,"Mayor","Catastrófico"))))),"") -> Moderado | AJ43: =IFERROR(IF(Y43="Impacto",(U43-(+U43*AB43)),IF(Y43="Probabilidad",U43,"")),"") -> 0.6 | AK43: =IFERROR(IF(OR(AND(AG43="Muy Baja",AI43="Leve"),AND(AG43="Muy Baja",AI43="Menor"),AND(AG43="Baja",AI43="Leve")),"Bajo",IF(OR(AND(AG43="Muy baja",AI43="Moderado"),AND(AG43="Baja",AI43="Menor"),AND(AG43="Baja",AI43="Moderado"),AND(AG43="Media",AI43="Leve"),AND(AG43="Media",AI43="Menor"),AND(AG43="Media",AI43="Moderado"),AND(AG43="Alta",AI43="Leve"),AND(AG43="Alta",AI43="Menor")),"Moderado",IF(OR(AND(AG43="Muy Baja",AI43="Mayor"),AND(AG43="Baja",AI43="Mayor"),AND(AG43="Media",AI43="Mayor"),AND(AG43="Alta",AI43="Moderado"),AND(AG43="Alta",AI43="Mayor"),AND(AG43="Muy Alta",AI43="Leve"),AND(AG43="Muy Alta",AI43="Menor"),AND(AG43="Muy Alta",AI43="Moderado"),AND(AG43="Muy Alta",AI43="Mayor")),"Alto",IF(OR(AND(AG43="Muy Baja",AI43="Catastrófico"),AND(AG43="Baja",AI43="Catastrófico"),AND(AG43="Media",AI43="Catastrófico"),AND(AG43="Alta",AI43="Catastrófico"),AND(AG43="Muy Alta",AI43="Catastrófico")),"Extremo","")))),"") -> Moderado | AL43: Aceptar
A44: 14 | B44: CAU_03 | C44: Comunicaciones y Atención al Usuario | D44: Atención al Usuario y Relacionamiento Ciudadano | E44: Reputacional | F44: Incumplimiento de los tiempos de respuesta establecidos en la ley a las PQRS y posibles tutelas. | G44: Demoras en las proyecciones de respuesta y/o respuesta superficiales por parte de los servicios, errores en el direccionamiento interno y recepción de peticiones incompletas o con falta de soportes para tramitarlas | H44: Posibilidad de afectación reputacional por incumplimiento de los periodos de tiempo de respuesta establecidos en la ley a las PQRS y posibles tutelas, debido a demoras en las proyecciones de respuesta y/o respuesta superficiales por parte de los servicios, errores en el direccionamiento interno y recepción de peticiones incompletas o con falta de soportes para tramitarlas. | I44: N/A | J44: N/A | K44: N/A | L44: N/A | M44: Ejecución y Administración de procesos | O44: 50001 | P44: =IF(O44<=0,"",IF(O44<=2,"Muy Baja",IF(O44<=24,"Baja",IF(O44<=500,"Media",IF(O44<=5000,"Alta","Muy Alta"))))) -> Muy Alta | Q44: =IF(P44="","",IF(P44="Muy Baja",0.2,IF(P44="Baja",0.4,IF(P44="Media",0.6,IF(P44="Alta",0.8,IF(P44="Muy Alta",1,)))))) -> 1 | R44: El riesgo afecta la imagen de la entidad con algunos usuarios de relevancia frente al logro de los objetivos | S44: =IF(NOT(ISERROR(MATCH(R44,'Tabla Impacto'!$B$221:$B$223,0))),'Tabla Impacto'!$F$223&"Por favor no seleccionar los criterios de impacto(Afectación Económica o presupuestal y Pérdida Reputacional)",R44) -> El riesgo afecta la imagen de la entidad con algunos usuarios de relevancia frente al logro de los objetivos | T44: =+IF(OR(S44='[1]Tabla Impacto'!$C$11,S44='[1]Tabla Impacto'!$D$11),"Leve",IF(OR(S44='[1]Tabla Impacto'!$C$12,S44='[1]Tabla Impacto'!$D$12),"Menor",IF(OR(S44='[1]Tabla Impacto'!$C$13,S44='[1]Tabla Impacto'!$D$13),"Moderado",IF(OR(S44='[1]Tabla Impacto'!$C$14,S44='[1]Tabla Impacto'!$D$14),"Mayor",IF(OR(S44='[1]Tabla Impacto'!$C$15,S44='[1]Tabla Impacto'!$D$15),"Catastrófico",""))))) -> Moderado | U44: =IF(T44="","",IF(T44="Leve",0.2,IF(T44="Menor",0.4,IF(T44="Moderado",0.6,IF(T44="Mayor",0.8,IF(T44="Catastrófico",1,)))))) -> 0.6 | V44: =IF(OR(AND(P44="Muy Baja",T44="Leve"),AND(P44="Muy Baja",T44="Menor"),AND(P44="Baja",T44="Leve")),"Bajo",IF(OR(AND(P44="Muy baja",T44="Moderado"),AND(P44="Baja",T44="Menor"),AND(P44="Baja",T44="Moderado"),AND(P44="Media",T44="Leve"),AND(P44="Media",T44="Menor"),AND(P44="Media",T44="Moderado"),AND(P44="Alta",T44="Leve"),AND(P44="Alta",T44="Menor")),"Moderado",IF(OR(AND(P44="Muy Baja",T44="Mayor"),AND(P44="Baja",T44="Mayor"),AND(P44="Media",T44="Mayor"),AND(P44="Alta",T44="Moderado"),AND(P44="Alta",T44="Mayor"),AND(P44="Muy Alta",T44="Leve"),AND(P44="Muy Alta",T44="Menor"),AND(P44="Muy Alta",T44="Moderado"),AND(P44="Muy Alta",T44="Mayor")),"Alto",IF(OR(AND(P44="Muy Baja",T44="Catastrófico"),AND(P44="Baja",T44="Catastrófico"),AND(P44="Media",T44="Catastrófico"),AND(P44="Alta",T44="Catastrófico"),AND(P44="Muy Alta",T44="Catastrófico")),"Extremo","")))) -> Alto | W44: 1 | X44: El responsable del área de Atención al Usuario, realiza apertura cada vez que se requiera en el formato ficha de seguimiento PQRSDF Cod. CA-AUIS-PR-03-FT-02, y a su vez se envían los requerimientos por Control Doc a los jefes de servicio; esta ficha contiene toda la trazabilidad del trámite que se le da a cada PQRSDF de acuerdo a la solicitud del peticionario, ya sea de tipo General (Eventos adversos, inconformidad con los servicios, felicitaciones o sugerencias) o trámites de salud (Asignación de citas, procedimientos y entrega de resultados). De forma semanal esta ficha es revisada con el objetivo de generar segundos y terceros requerimientos a los servicios para obtener respuesta y así evitar el vencimiento de los tiempos de ley. En cuanto a las PQRSDF relacionadas con Trámites de salud, en la ficha de seguimiento Cod. CA-AUIS-PR-03-FT-02, se registra cada vez que se requiera la “avanzada” en donde desde la Oficina de Atención al Usuario y Relacionamiento Ciudadano, se notifica vía correo electrónico al peticionario, fecha, hora y lugar de la atención, así como el soporte de su cita o procedimiento (Boucher), una vez ha sido asignada por el Consulta Externa o Imágenes diagnósticas. Nota: Cabe resaltar que estos servicios también notifican a los peticionarios vía correo electrónico y mensaje de texto al momento de realizar la asignación. Una vez se realiza la “avanzada” la PQRSDF continua su trámite en la oficina para proyección de respuesta formal emitida por Control Doc y demás trámites pertinentes. (Ficha de seguimiento) | Y44: =IF(OR(Z44="Preventivo",Z44="Detectivo"),"Probabilidad",IF(Z44="Correctivo","Impacto","")) -> Probabilidad | Z44: Preventivo | AA44: Manual | AB44: =IF(AND(Z44="Preventivo",AA44="Automático"),"50%",IF(AND(Z44="Preventivo",AA44="Manual"),"40%",IF(AND(Z44="Detectivo",AA44="Automático"),"40%",IF(AND(Z44="Detectivo",AA44="Manual"),"30%",IF(AND(Z44="Correctivo",AA44="Automático"),"35%",IF(AND(Z44="Correctivo",AA44="Manual"),"25%","")))))) -> 40% | AC44: Documentado | AD44: Continua | AE44: Con Registro | AF44: =IFERROR(IF(Y44="Probabilidad",(Q44-(+Q44*AB44)),IF(Y44="Impacto",Q44,"")),"") -> 0.6 | AG44: =IFERROR(IF(AF44="","",IF(AF44<=0.2,"Muy Baja",IF(AF44<=0.4,"Baja",IF(AF44<=0.6,"Media",IF(AF44<=0.8,"Alta","Muy Alta"))))),"") -> Media | AH44: =+AF44 -> 0.6 | AI44: =IFERROR(IF(AJ44="","",IF(AJ44<=0.2,"Leve",IF(AJ44<=0.4,"Menor",IF(AJ44<=0.6,"Moderado",IF(AJ44<=0.8,"Mayor","Catastrófico"))))),"") -> Moderado | AJ44: =IFERROR(IF(Y44="Impacto",(U44-(+U44*AB44)),IF(Y44="Probabilidad",U44,"")),"") -> 0.6 | AK44: =IFERROR(IF(OR(AND(AG44="Muy Baja",AI44="Leve"),AND(AG44="Muy Baja",AI44="Menor"),AND(AG44="Baja",AI44="Leve")),"Bajo",IF(OR(AND(AG44="Muy baja",AI44="Moderado"),AND(AG44="Baja",AI44="Menor"),AND(AG44="Baja",AI44="Moderado"),AND(AG44="Media",AI44="Leve"),AND(AG44="Media",AI44="Menor"),AND(AG44="Media",AI44="Moderado"),AND(AG44="Alta",AI44="Leve"),AND(AG44="Alta",AI44="Menor")),"Moderado",IF(OR(AND(AG44="Muy Baja",AI44="Mayor"),AND(AG44="Baja",AI44="Mayor"),AND(AG44="Media",AI44="Mayor"),AND(AG44="Alta",AI44="Moderado"),AND(AG44="Alta",AI44="Mayor"),AND(AG44="Muy Alta",AI44="Leve"),AND(AG44="Muy Alta",AI44="Menor"),AND(AG44="Muy Alta",AI44="Moderado"),AND(AG44="Muy Alta",AI44="Mayor")),"Alto",IF(OR(AND(AG44="Muy Baja",AI44="Catastrófico"),AND(AG44="Baja",AI44="Catastrófico"),AND(AG44="Media",AI44="Catastrófico"),AND(AG44="Alta",AI44="Catastrófico"),AND(AG44="Muy Alta",AI44="Catastrófico")),"Extremo","")))),"") -> Moderado | AL44: Aceptar
A45: 15 | B45: GAAF_01 | C45: Gestión Apoyo Asistencial y Farmacéutico | D45: Farmacia Producción y Adecuación de Medicamentos Farmacia Salas de Cirugía. Farmacia de Salas de Maternidad. Farmacia Tecnologías en Salud (Medicamentos, Insumos Médico Quirúrgicos de diagnóstico y reactivos) Unidad de Farmacia | E45: Económico | F45: Pérdida de medicamentos, dispositivos médicos, reactivos e insumos | G45: Fallas en los procesos logísticos (recepción técnica, almacenamiento, distribución, control de inventarios y devoluciones), y registro inoportuno de la información en el sistema de información. | H45: Posibilidad de afectación económica por pérdida de medicamentos, dispositivos médicos, reactivos e insumos, debido a fallas en los procesos logísticos (recepción técnica, almacenamiento, distribución, control de inventarios y devoluciones) y registro inoportuno de la información en el sistema de información. | I45: N/A | J45: N/A | K45: N/A | L45: N/A | M45: Ejecución y Administración de procesos | O45: 5000 | P45: =IF(O45<=0,"",IF(O45<=2,"Muy Baja",IF(O45<=24,"Baja",IF(O45<=500,"Media",IF(O45<=5000,"Alta","Muy Alta"))))) -> Alta | Q45: =IF(P45="","",IF(P45="Muy Baja",0.2,IF(P45="Baja",0.4,IF(P45="Media",0.6,IF(P45="Alta",0.8,IF(P45="Muy Alta",1,)))))) -> 0.8 | R45: Entre 10 y 50 SMLMV | S45: =IF(NOT(ISERROR(MATCH(R45,'Tabla Impacto'!$B$221:$B$223,0))),'Tabla Impacto'!$F$223&"Por favor no seleccionar los criterios de impacto(Afectación Económica o presupuestal y Pérdida Reputacional)",R45) -> Entre 10 y 50 SMLMV | T45: =+IF(OR(S45='[1]Tabla Impacto'!$C$11,S45='[1]Tabla Impacto'!$D$11),"Leve",IF(OR(S45='[1]Tabla Impacto'!$C$12,S45='[1]Tabla Impacto'!$D$12),"Menor",IF(OR(S45='[1]Tabla Impacto'!$C$13,S45='[1]Tabla Impacto'!$D$13),"Moderado",IF(OR(S45='[1]Tabla Impacto'!$C$14,S45='[1]Tabla Impacto'!$D$14),"Mayor",IF(OR(S45='[1]Tabla Impacto'!$C$15,S45='[1]Tabla Impacto'!$D$15),"Catastrófico",""))))) -> Menor | U45: =IF(T45="","",IF(T45="Leve",0.2,IF(T45="Menor",0.4,IF(T45="Moderado",0.6,IF(T45="Mayor",0.8,IF(T45="Catastrófico",1,)))))) -> 0.4 | V45: =IF(OR(AND(P45="Muy Baja",T45="Leve"),AND(P45="Muy Baja",T45="Menor"),AND(P45="Baja",T45="Leve")),"Bajo",IF(OR(AND(P45="Muy baja",T45="Moderado"),AND(P45="Baja",T45="Menor"),AND(P45="Baja",T45="Moderado"),AND(P45="Media",T45="Leve"),AND(P45="Media",T45="Menor"),AND(P45="Media",T45="Moderado"),AND(P45="Alta",T45="Leve"),AND(P45="Alta",T45="Menor")),"Moderado",IF(OR(AND(P45="Muy Baja",T45="Mayor"),AND(P45="Baja",T45="Mayor"),AND(P45="Media",T45="Mayor"),AND(P45="Alta",T45="Moderado"),AND(P45="Alta",T45="Mayor"),AND(P45="Muy Alta",T45="Leve"),AND(P45="Muy Alta",T45="Menor"),AND(P45="Muy Alta",T45="Moderado"),AND(P45="Muy Alta",T45="Mayor")),"Alto",IF(OR(AND(P45="Muy Baja",T45="Catastrófico"),AND(P45="Baja",T45="Catastrófico"),AND(P45="Media",T45="Catastrófico"),AND(P45="Alta",T45="Catastrófico"),AND(P45="Muy Alta",T45="Catastrófico")),"Extremo","")))) -> Moderado | W45: 1 | X45: El personal designado de cada farmacia realiza la recepción técnica en el momento del ingreso de medicamentos, reactivos e insumos mediante del formato AA-UNFA-PR-15-FT-01, respectivamente, con el fin de verificar que las cantidades y la información registrada coincidan con lo físico. Soporte: Formato de recepción técnica. | Y45: =IF(OR(Z45="Preventivo",Z45="Detectivo"),"Probabilidad",IF(Z45="Correctivo","Impacto","")) -> Probabilidad | Z45: Detectivo | AA45: Manual | AB45: =IF(AND(Z45="Preventivo",AA45="Automático"),"50%",IF(AND(Z45="Preventivo",AA45="Manual"),"40%",IF(AND(Z45="Detectivo",AA45="Automático"),"40%",IF(AND(Z45="Detectivo",AA45="Manual"),"30%",IF(AND(Z45="Correctivo",AA45="Automático"),"35%",IF(AND(Z45="Correctivo",AA45="Manual"),"25%","")))))) -> 30% | AC45: Documentado | AD45: Continua | AE45: Con Registro | AF45: =IFERROR(IF(Y45="Probabilidad",(Q45-(+Q45*AB45)),IF(Y45="Impacto",Q45,"")),"") -> 0.56 | AG45: =IFERROR(IF(AF45="","",IF(AF45<=0.2,"Muy Baja",IF(AF45<=0.4,"Baja",IF(AF45<=0.6,"Media",IF(AF45<=0.8,"Alta","Muy Alta"))))),"") -> Media | AH45: =+AF45 -> 0.56 | AI45: =IFERROR(IF(AJ45="","",IF(AJ45<=0.2,"Leve",IF(AJ45<=0.4,"Menor",IF(AJ45<=0.6,"Moderado",IF(AJ45<=0.8,"Mayor","Catastrófico"))))),"") -> Menor | AJ45: =IFERROR(IF(Y45="Impacto",(U45-(+U45*AB45)),IF(Y45="Probabilidad",U45,"")),"") -> 0.4 | AK45: =IFERROR(IF(OR(AND(AG45="Muy Baja",AI45="Leve"),AND(AG45="Muy Baja",AI45="Menor"),AND(AG45="Baja",AI45="Leve")),"Bajo",IF(OR(AND(AG45="Muy baja",AI45="Moderado"),AND(AG45="Baja",AI45="Menor"),AND(AG45="Baja",AI45="Moderado"),AND(AG45="Media",AI45="Leve"),AND(AG45="Media",AI45="Menor"),AND(AG45="Media",AI45="Moderado"),AND(AG45="Alta",AI45="Leve"),AND(AG45="Alta",AI45="Menor")),"Moderado",IF(OR(AND(AG45="Muy Baja",AI45="Mayor"),AND(AG45="Baja",AI45="Mayor"),AND(AG45="Media",AI45="Mayor"),AND(AG45="Alta",AI45="Moderado"),AND(AG45="Alta",AI45="Mayor"),AND(AG45="Muy Alta",AI45="Leve"),AND(AG45="Muy Alta",AI45="Menor"),AND(AG45="Muy Alta",AI45="Moderado"),AND(AG45="Muy Alta",AI45="Mayor")),"Alto",IF(OR(AND(AG45="Muy Baja",AI45="Catastrófico"),AND(AG45="Baja",AI45="Catastrófico"),AND(AG45="Media",AI45="Catastrófico"),AND(AG45="Alta",AI45="Catastrófico"),AND(AG45="Muy Alta",AI45="Catastrófico")),"Extremo","")))),"") -> Moderado | AL45: Aceptar
W46: 2 | X46: El personal designado de cada farmacia realiza seguimiento semanal del inventario, con el fin de validar las cantidades físicas contra lo registrado en el sistema (Dinámica Gerencial Hospitalaria) En caso de encontrar diferencias se realizará el ajuste siguiendo la descripción de actividades en los numerales, 6, 7 y 8 correspondientes a "Determinar diferencias de inventario físico versus existencias en aplicativo de sistemas", "Determinar salidas por compensación" y "Determinar entradas por compensación" respectivamente. Dando cumplimiento al Procedimiento: Ajuste de Inventarios luego de un inventario físico en una farmacia Cod. FR-UNFA-PR-01. Soporte: Formato de Selectivas mensuales. | Y46: =IF(OR(Z46="Preventivo",Z46="Detectivo"),"Probabilidad",IF(Z46="Correctivo","Impacto","")) -> Probabilidad | Z46: Preventivo | AA46: Manual | AB46: =IF(AND(Z46="Preventivo",AA46="Automático"),"50%",IF(AND(Z46="Preventivo",AA46="Manual"),"40%",IF(AND(Z46="Detectivo",AA46="Automático"),"40%",IF(AND(Z46="Detectivo",AA46="Manual"),"30%",IF(AND(Z46="Correctivo",AA46="Automático"),"35%",IF(AND(Z46="Correctivo",AA46="Manual"),"25%","")))))) -> 40% | AC46: Documentado | AD46: Aleatoria | AE46: Con Registro | AF46: =IFERROR(IF(AND(Y45="Probabilidad",Y46="Probabilidad"),(AH45-(+AH45*AB46)),IF(Y46="Probabilidad",(Q45-(+Q45*AB46)),IF(Y46="Impacto",AH45,""))),"") -> 0.336 | AG46: =IFERROR(IF(AF46="","",IF(AF46<=0.2,"Muy Baja",IF(AF46<=0.4,"Baja",IF(AF46<=0.6,"Media",IF(AF46<=0.8,"Alta","Muy Alta"))))),"") -> Baja | AH46: =+AF46 -> 0.336 | AI46: =IFERROR(IF(AJ46="","",IF(AJ46<=0.2,"Leve",IF(AJ46<=0.4,"Menor",IF(AJ46<=0.6,"Moderado",IF(AJ46<=0.8,"Mayor","Catastrófico"))))),"") -> Menor | AJ46: =IFERROR(IF(AND(Y45="Impacto",Y46="Impacto"),(AJ45-(+AJ45*AB46)),IF(Y46="Impacto",(U45-(+U45*AB46)),IF(Y46="Probabilidad",AJ45,""))),"") -> 0.4 | AK46: =IFERROR(IF(OR(AND(AG46="Muy Baja",AI46="Leve"),AND(AG46="Muy Baja",AI46="Menor"),AND(AG46="Baja",AI46="Leve")),"Bajo",IF(OR(AND(AG46="Muy baja",AI46="Moderado"),AND(AG46="Baja",AI46="Menor"),AND(AG46="Baja",AI46="Moderado"),AND(AG46="Media",AI46="Leve"),AND(AG46="Media",AI46="Menor"),AND(AG46="Media",AI46="Moderado"),AND(AG46="Alta",AI46="Leve"),AND(AG46="Alta",AI46="Menor")),"Moderado",IF(OR(AND(AG46="Muy Baja",AI46="Mayor"),AND(AG46="Baja",AI46="Mayor"),AND(AG46="Media",AI46="Mayor"),AND(AG46="Alta",AI46="Moderado"),AND(AG46="Alta",AI46="Mayor"),AND(AG46="Muy Alta",AI46="Leve"),AND(AG46="Muy Alta",AI46="Menor"),AND(AG46="Muy Alta",AI46="Moderado"),AND(AG46="Muy Alta",AI46="Mayor")),"Alto",IF(OR(AND(AG46="Muy Baja",AI46="Catastrófico"),AND(AG46="Baja",AI46="Catastrófico"),AND(AG46="Media",AI46="Catastrófico"),AND(AG46="Alta",AI46="Catastrófico"),AND(AG46="Muy Alta",AI46="Catastrófico")),"Extremo","")))),"") -> Moderado | AL46: Aceptar
W47: 3 | X47: El personal designado por el jefe de la Unidad de Farmacia realiza mensualmente un reporte de acceso a las áreas de Farmacia Producción y Adecuación de Medicamentos . Con el fin de mitigar el riesgo de posibles pérdidas por hurto de medicamentos de alto costo debido al ingreso de personal externo en las áreas del almacén. Soporte: FORMATO CONTROL INGRESO ÁREAS DE PRODUCCIÓN CODIGO: AA-GAME-PR-02-FT-01. | Y47: =IF(OR(Z47="Preventivo",Z47="Detectivo"),"Probabilidad",IF(Z47="Correctivo","Impacto","")) -> Probabilidad | Z47: Preventivo | AA47: Manual | AB47: =IF(AND(Z47="Preventivo",AA47="Automático"),"50%",IF(AND(Z47="Preventivo",AA47="Manual"),"40%",IF(AND(Z47="Detectivo",AA47="Automático"),"40%",IF(AND(Z47="Detectivo",AA47="Manual"),"30%",IF(AND(Z47="Correctivo",AA47="Automático"),"35%",IF(AND(Z47="Correctivo",AA47="Manual"),"25%","")))))) -> 40% | AC47: Documentado | AD47: Continua | AE47: Con Registro | AF47: =IFERROR(IF(AND(Y46="Probabilidad",Y47="Probabilidad"),(AH46-(+AH46*AB47)),IF(Y47="Probabilidad",(Q46-(+Q46*AB47)),IF(Y47="Impacto",AH46,""))),"") -> 0.2016 | AG47: =IFERROR(IF(AF47="","",IF(AF47<=0.2,"Muy Baja",IF(AF47<=0.4,"Baja",IF(AF47<=0.6,"Media",IF(AF47<=0.8,"Alta","Muy Alta"))))),"") -> Baja | AH47: =+AF47 -> 0.2016 | AI47: =IFERROR(IF(AJ47="","",IF(AJ47<=0.2,"Leve",IF(AJ47<=0.4,"Menor",IF(AJ47<=0.6,"Moderado",IF(AJ47<=0.8,"Mayor","Catastrófico"))))),"") -> Menor | AJ47: =IFERROR(IF(AND(Y46="Impacto",Y47="Impacto"),(AJ46-(+AJ46*AB47)),IF(AND(Y46="Probabilidad",Y47="Impacto"),(AJ45-(+AJ45*AB47)),IF(Y47="Probabilidad",AJ46,""))),"") -> 0.4 | AK47: =IFERROR(IF(OR(AND(AG47="Muy Baja",AI47="Leve"),AND(AG47="Muy Baja",AI47="Menor"),AND(AG47="Baja",AI47="Leve")),"Bajo",IF(OR(AND(AG47="Muy baja",AI47="Moderado"),AND(AG47="Baja",AI47="Menor"),AND(AG47="Baja",AI47="Moderado"),AND(AG47="Media",AI47="Leve"),AND(AG47="Media",AI47="Menor"),AND(AG47="Media",AI47="Moderado"),AND(AG47="Alta",AI47="Leve"),AND(AG47="Alta",AI47="Menor")),"Moderado",IF(OR(AND(AG47="Muy Baja",AI47="Mayor"),AND(AG47="Baja",AI47="Mayor"),AND(AG47="Media",AI47="Mayor"),AND(AG47="Alta",AI47="Moderado"),AND(AG47="Alta",AI47="Mayor"),AND(AG47="Muy Alta",AI47="Leve"),AND(AG47="Muy Alta",AI47="Menor"),AND(AG47="Muy Alta",AI47="Moderado"),AND(AG47="Muy Alta",AI47="Mayor")),"Alto",IF(OR(AND(AG47="Muy Baja",AI47="Catastrófico"),AND(AG47="Baja",AI47="Catastrófico"),AND(AG47="Media",AI47="Catastrófico"),AND(AG47="Alta",AI47="Catastrófico"),AND(AG47="Muy Alta",AI47="Catastrófico")),"Extremo","")))),"") -> Moderado | AL47: Aceptar
W48: 4 | X48: El personal designado de cada farmacia dispensa a áreas o servicios cada vez que lo requieran, medicamentos e insumos para consumo, los cuales son entregados y soportados por medio de un documento que describe las características técnicas y orden de despacho, con el fin de garantizar la trazabilidad y control de inventarios de las farmacias. (Todo movimiento en los inventarios, deberá ser realizado y soportado por Dinámica Gerencial Hospitalaria) Soporte: Orden de despacho generada por (Dinámica Gerenciial hospitalaría). | Y48: =IF(OR(Z48="Preventivo",Z48="Detectivo"),"Probabilidad",IF(Z48="Correctivo","Impacto","")) -> Probabilidad | Z48: Preventivo | AA48: Manual | AB48: =IF(AND(Z48="Preventivo",AA48="Automático"),"50%",IF(AND(Z48="Preventivo",AA48="Manual"),"40%",IF(AND(Z48="Detectivo",AA48="Automático"),"40%",IF(AND(Z48="Detectivo",AA48="Manual"),"30%",IF(AND(Z48="Correctivo",AA48="Automático"),"35%",IF(AND(Z48="Correctivo",AA48="Manual"),"25%","")))))) -> 40% | AC48: Documentado | AD48: Continua | AE48: Con Registro | AF48: =IFERROR(IF(AND(Y47="Probabilidad",Y48="Probabilidad"),(AH47-(+AH47*AB48)),IF(Y48="Probabilidad",(Q47-(+Q47*AB48)),IF(Y48="Impacto",AH47,""))),"") -> 0.12096 | AG48: =IFERROR(IF(AF48="","",IF(AF48<=0.2,"Muy Baja",IF(AF48<=0.4,"Baja",IF(AF48<=0.6,"Media",IF(AF48<=0.8,"Alta","Muy Alta"))))),"") -> Muy Baja | AH48: =+AF48 -> 0.12096 | AI48: =IFERROR(IF(AJ48="","",IF(AJ48<=0.2,"Leve",IF(AJ48<=0.4,"Menor",IF(AJ48<=0.6,"Moderado",IF(AJ48<=0.8,"Mayor","Catastrófico"))))),"") -> Menor | AJ48: =IFERROR(IF(AND(Y47="Impacto",Y48="Impacto"),(AJ47-(+AJ47*AB48)),IF(AND(Y47="Probabilidad",Y48="Impacto"),(AJ46-(+AJ46*AB48)),IF(Y48="Probabilidad",AJ47,""))),"") -> 0.4 | AK48: =IFERROR(IF(OR(AND(AG48="Muy Baja",AI48="Leve"),AND(AG48="Muy Baja",AI48="Menor"),AND(AG48="Baja",AI48="Leve")),"Bajo",IF(OR(AND(AG48="Muy baja",AI48="Moderado"),AND(AG48="Baja",AI48="Menor"),AND(AG48="Baja",AI48="Moderado"),AND(AG48="Media",AI48="Leve"),AND(AG48="Media",AI48="Menor"),AND(AG48="Media",AI48="Moderado"),AND(AG48="Alta",AI48="Leve"),AND(AG48="Alta",AI48="Menor")),"Moderado",IF(OR(AND(AG48="Muy Baja",AI48="Mayor"),AND(AG48="Baja",AI48="Mayor"),AND(AG48="Media",AI48="Mayor"),AND(AG48="Alta",AI48="Moderado"),AND(AG48="Alta",AI48="Mayor"),AND(AG48="Muy Alta",AI48="Leve"),AND(AG48="Muy Alta",AI48="Menor"),AND(AG48="Muy Alta",AI48="Moderado"),AND(AG48="Muy Alta",AI48="Mayor")),"Alto",IF(OR(AND(AG48="Muy Baja",AI48="Catastrófico"),AND(AG48="Baja",AI48="Catastrófico"),AND(AG48="Media",AI48="Catastrófico"),AND(AG48="Alta",AI48="Catastrófico"),AND(AG48="Muy Alta",AI48="Catastrófico")),"Extremo","")))),"") -> Bajo | AL48: Aceptar
W49: 5 | X49: El personal designado de cada farmacia reportará mensualmente al responsable de cada farmacia y al jefe de Unidad, el listado de medicamentos y dispositivos con fechas de vencimiento menores a 6 meses, con el fin gestionar el riesgo de vencimiento y detrimento patrimonial. Siguiendo el procedimientos PROCEDIMIENTO: MANEJO DE PRODUCTOS PRÓXIMOS A VENCER, AVERIADOS Y VENCIDOS CÓDIGO: AA-UNFA-PR-20. Soporte: Correos electrónicos con la relación de los medicamentos e insumos próximos a vencer. | Y49: =IF(OR(Z49="Preventivo",Z49="Detectivo"),"Probabilidad",IF(Z49="Correctivo","Impacto","")) -> Probabilidad | Z49: Preventivo | AA49: Manual | AB49: =IF(AND(Z49="Preventivo",AA49="Automático"),"50%",IF(AND(Z49="Preventivo",AA49="Manual"),"40%",IF(AND(Z49="Detectivo",AA49="Automático"),"40%",IF(AND(Z49="Detectivo",AA49="Manual"),"30%",IF(AND(Z49="Correctivo",AA49="Automático"),"35%",IF(AND(Z49="Correctivo",AA49="Manual"),"25%","")))))) -> 40% | AC49: Documentado | AD49: Continua | AE49: Con Registro | AF49: =IFERROR(IF(AND(Y48="Probabilidad",Y49="Probabilidad"),(AH48-(+AH48*AB49)),IF(Y49="Probabilidad",(Q48-(+Q48*AB49)),IF(Y49="Impacto",AH48,""))),"") -> 0.072576 | AG49: =IFERROR(IF(AF49="","",IF(AF49<=0.2,"Muy Baja",IF(AF49<=0.4,"Baja",IF(AF49<=0.6,"Media",IF(AF49<=0.8,"Alta","Muy Alta"))))),"") -> Muy Baja | AH49: =+AF49 -> 0.072576 | AI49: =IFERROR(IF(AJ49="","",IF(AJ49<=0.2,"Leve",IF(AJ49<=0.4,"Menor",IF(AJ49<=0.6,"Moderado",IF(AJ49<=0.8,"Mayor","Catastrófico"))))),"") -> Menor | AJ49: =IFERROR(IF(AND(Y48="Impacto",Y49="Impacto"),(AJ48-(+AJ48*AB49)),IF(AND(Y48="Probabilidad",Y49="Impacto"),(AJ47-(+AJ47*AB49)),IF(Y49="Probabilidad",AJ48,""))),"") -> 0.4 | AK49: =IFERROR(IF(OR(AND(AG49="Muy Baja",AI49="Leve"),AND(AG49="Muy Baja",AI49="Menor"),AND(AG49="Baja",AI49="Leve")),"Bajo",IF(OR(AND(AG49="Muy baja",AI49="Moderado"),AND(AG49="Baja",AI49="Menor"),AND(AG49="Baja",AI49="Moderado"),AND(AG49="Media",AI49="Leve"),AND(AG49="Media",AI49="Menor"),AND(AG49="Media",AI49="Moderado"),AND(AG49="Alta",AI49="Leve"),AND(AG49="Alta",AI49="Menor")),"Moderado",IF(OR(AND(AG49="Muy Baja",AI49="Mayor"),AND(AG49="Baja",AI49="Mayor"),AND(AG49="Media",AI49="Mayor"),AND(AG49="Alta",AI49="Moderado"),AND(AG49="Alta",AI49="Mayor"),AND(AG49="Muy Alta",AI49="Leve"),AND(AG49="Muy Alta",AI49="Menor"),AND(AG49="Muy Alta",AI49="Moderado"),AND(AG49="Muy Alta",AI49="Mayor")),"Alto",IF(OR(AND(AG49="Muy Baja",AI49="Catastrófico"),AND(AG49="Baja",AI49="Catastrófico"),AND(AG49="Media",AI49="Catastrófico"),AND(AG49="Alta",AI49="Catastrófico"),AND(AG49="Muy Alta",AI49="Catastrófico")),"Extremo","")))),"") -> Bajo | AL49: Aceptar
W50: 6 | X50: El personal designado por el jefe de la Unidad de Farmacia realizara seguimiento a las devoluciones en los diferentes servicios mediante el uso del Formato de devoluciones postuladas Vs Confirmadas a diario, con el fin de garantizar la gestión oportuna y realización de las devoluciones. Soporte: Informe de devoluciones. | Y50: =IF(OR(Z50="Preventivo",Z50="Detectivo"),"Probabilidad",IF(Z50="Correctivo","Impacto","")) -> Probabilidad | Z50: Preventivo | AA50: Manual | AB50: =IF(AND(Z50="Preventivo",AA50="Automático"),"50%",IF(AND(Z50="Preventivo",AA50="Manual"),"40%",IF(AND(Z50="Detectivo",AA50="Automático"),"40%",IF(AND(Z50="Detectivo",AA50="Manual"),"30%",IF(AND(Z50="Correctivo",AA50="Automático"),"35%",IF(AND(Z50="Correctivo",AA50="Manual"),"25%","")))))) -> 40% | AC50: Documentado | AD50: Continua | AE50: Con Registro | AF50: =IFERROR(IF(AND(Y49="Probabilidad",Y50="Probabilidad"),(AH49-(+AH49*AB50)),IF(Y50="Probabilidad",(Q49-(+Q49*AB50)),IF(Y50="Impacto",AH49,""))),"") -> 0.0435456 | AG50: =IFERROR(IF(AF50="","",IF(AF50<=0.2,"Muy Baja",IF(AF50<=0.4,"Baja",IF(AF50<=0.6,"Media",IF(AF50<=0.8,"Alta","Muy Alta"))))),"") -> Muy Baja | AH50: =+AF50 -> 0.0435456 | AI50: =IFERROR(IF(AJ50="","",IF(AJ50<=0.2,"Leve",IF(AJ50<=0.4,"Menor",IF(AJ50<=0.6,"Moderado",IF(AJ50<=0.8,"Mayor","Catastrófico"))))),"") -> Menor | AJ50: =IFERROR(IF(AND(Y49="Impacto",Y50="Impacto"),(AJ49-(+AJ49*AB50)),IF(AND(Y49="Probabilidad",Y50="Impacto"),(AJ48-(+AJ48*AB50)),IF(Y50="Probabilidad",AJ49,""))),"") -> 0.4 | AK50: =IFERROR(IF(OR(AND(AG50="Muy Baja",AI50="Leve"),AND(AG50="Muy Baja",AI50="Menor"),AND(AG50="Baja",AI50="Leve")),"Bajo",IF(OR(AND(AG50="Muy baja",AI50="Moderado"),AND(AG50="Baja",AI50="Menor"),AND(AG50="Baja",AI50="Moderado"),AND(AG50="Media",AI50="Leve"),AND(AG50="Media",AI50="Menor"),AND(AG50="Media",AI50="Moderado"),AND(AG50="Alta",AI50="Leve"),AND(AG50="Alta",AI50="Menor")),"Moderado",IF(OR(AND(AG50="Muy Baja",AI50="Mayor"),AND(AG50="Baja",AI50="Mayor"),AND(AG50="Media",AI50="Mayor"),AND(AG50="Alta",AI50="Moderado"),AND(AG50="Alta",AI50="Mayor"),AND(AG50="Muy Alta",AI50="Leve"),AND(AG50="Muy Alta",AI50="Menor"),AND(AG50="Muy Alta",AI50="Moderado"),AND(AG50="Muy Alta",AI50="Mayor")),"Alto",IF(OR(AND(AG50="Muy Baja",AI50="Catastrófico"),AND(AG50="Baja",AI50="Catastrófico"),AND(AG50="Media",AI50="Catastrófico"),AND(AG50="Alta",AI50="Catastrófico"),AND(AG50="Muy Alta",AI50="Catastrófico")),"Extremo","")))),"") -> Bajo | AL50: Aceptar
W51: 7 | X51: El personal designado por el jefe de la Unidad de Farmacia reportará mensualmente el FORMATO: CONTROL RECEPCION E INGRESO DE FACTURAS, REMISIONES Y URGENCIAS VITALES CÓDIGO: AA-FMTS-PR-01-FT-05, con el fin de tener la trazabilidad de cada uno de los ingresos de facturas y remisiones a la FTS. Soporte: CONTROL RECEPCION E INGRESO DE FACTURAS, REMISIONES Y URGENCIAS VITALES CÓDIGO: AA-FMTS-PR-01-FT-05 | Y51: =IF(OR(Z51="Preventivo",Z51="Detectivo"),"Probabilidad",IF(Z51="Correctivo","Impacto","")) -> Probabilidad | Z51: Preventivo | AA51: Manual | AB51: =IF(AND(Z51="Preventivo",AA51="Automático"),"50%",IF(AND(Z51="Preventivo",AA51="Manual"),"40%",IF(AND(Z51="Detectivo",AA51="Automático"),"40%",IF(AND(Z51="Detectivo",AA51="Manual"),"30%",IF(AND(Z51="Correctivo",AA51="Automático"),"35%",IF(AND(Z51="Correctivo",AA51="Manual"),"25%","")))))) -> 40% | AC51: Documentado | AD51: Continua | AE51: Con Registro | AF51: =IFERROR(IF(AND(Y50="Probabilidad",Y51="Probabilidad"),(AH50-(+AH50*AB51)),IF(Y51="Probabilidad",(Q50-(+Q50*AB51)),IF(Y51="Impacto",AH50,""))),"") -> 0.02612736 | AG51: =IFERROR(IF(AF51="","",IF(AF51<=0.2,"Muy Baja",IF(AF51<=0.4,"Baja",IF(AF51<=0.6,"Media",IF(AF51<=0.8,"Alta","Muy Alta"))))),"") -> Muy Baja | AH51: =+AF51 -> 0.02612736 | AI51: =IFERROR(IF(AJ51="","",IF(AJ51<=0.2,"Leve",IF(AJ51<=0.4,"Menor",IF(AJ51<=0.6,"Moderado",IF(AJ51<=0.8,"Mayor","Catastrófico"))))),"") -> Leve | AJ51: =IFERROR(IF(Y51="Impacto",(U51-(+U51*AB51)),IF(Y51="Probabilidad",U51,"")),"") -> 0 | AK51: =IFERROR(IF(OR(AND(AG51="Muy Baja",AI51="Leve"),AND(AG51="Muy Baja",AI51="Menor"),AND(AG51="Baja",AI51="Leve")),"Bajo",IF(OR(AND(AG51="Muy baja",AI51="Moderado"),AND(AG51="Baja",AI51="Menor"),AND(AG51="Baja",AI51="Moderado"),AND(AG51="Media",AI51="Leve"),AND(AG51="Media",AI51="Menor"),AND(AG51="Media",AI51="Moderado"),AND(AG51="Alta",AI51="Leve"),AND(AG51="Alta",AI51="Menor")),"Moderado",IF(OR(AND(AG51="Muy Baja",AI51="Mayor"),AND(AG51="Baja",AI51="Mayor"),AND(AG51="Media",AI51="Mayor"),AND(AG51="Alta",AI51="Moderado"),AND(AG51="Alta",AI51="Mayor"),AND(AG51="Muy Alta",AI51="Leve"),AND(AG51="Muy Alta",AI51="Menor"),AND(AG51="Muy Alta",AI51="Moderado"),AND(AG51="Muy Alta",AI51="Mayor")),"Alto",IF(OR(AND(AG51="Muy Baja",AI51="Catastrófico"),AND(AG51="Baja",AI51="Catastrófico"),AND(AG51="Media",AI51="Catastrófico"),AND(AG51="Alta",AI51="Catastrófico"),AND(AG51="Muy Alta",AI51="Catastrófico")),"Extremo","")))),"") -> Bajo | AL51: Aceptar
W52: 8 | X52: El personal designado por el jefe de la Unidad de Farmacia reportará mensualmente el FORMATO: INFORME APROVECHAMIENTO ONCOLOGÍA SEMANAL CÓDIGO: AA-PRFA-PR02-FT-15, con el fin de tener la trazabilidad y el control de los aprovechamientos generados en la CAM Soporte: INFORME APROVECHAMIENTO ONCOLOGÍA SEMANAL | Y52: =IF(OR(Z52="Preventivo",Z52="Detectivo"),"Probabilidad",IF(Z52="Correctivo","Impacto","")) -> Probabilidad | Z52: Preventivo | AA52: Manual | AB52: =IF(AND(Z52="Preventivo",AA52="Automático"),"50%",IF(AND(Z52="Preventivo",AA52="Manual"),"40%",IF(AND(Z52="Detectivo",AA52="Automático"),"40%",IF(AND(Z52="Detectivo",AA52="Manual"),"30%",IF(AND(Z52="Correctivo",AA52="Automático"),"35%",IF(AND(Z52="Correctivo",AA52="Manual"),"25%","")))))) -> 40% | AC52: Documentado | AD52: Continua | AE52: Con Registro | AF52: =IFERROR(IF(AND(Y51="Probabilidad",Y52="Probabilidad"),(AH51-(+AH51*AB52)),IF(Y52="Probabilidad",(Q51-(+Q51*AB52)),IF(Y52="Impacto",AH51,""))),"") -> 0.015676416 | AG52: =IFERROR(IF(AF52="","",IF(AF52<=0.2,"Muy Baja",IF(AF52<=0.4,"Baja",IF(AF52<=0.6,"Media",IF(AF52<=0.8,"Alta","Muy Alta"))))),"") -> Muy Baja | AH52: =+AF52 -> 0.015676416 | AI52: =IFERROR(IF(AJ52="","",IF(AJ52<=0.2,"Leve",IF(AJ52<=0.4,"Menor",IF(AJ52<=0.6,"Moderado",IF(AJ52<=0.8,"Mayor","Catastrófico"))))),"") -> Leve | AJ52: =IFERROR(IF(AND(Y51="Impacto",Y52="Impacto"),(AJ51-(+AJ51*AB52)),IF(Y52="Impacto",(U51-(+U51*AB52)),IF(Y52="Probabilidad",AJ51,""))),"") -> 0 | AK52: =IFERROR(IF(OR(AND(AG52="Muy Baja",AI52="Leve"),AND(AG52="Muy Baja",AI52="Menor"),AND(AG52="Baja",AI52="Leve")),"Bajo",IF(OR(AND(AG52="Muy baja",AI52="Moderado"),AND(AG52="Baja",AI52="Menor"),AND(AG52="Baja",AI52="Moderado"),AND(AG52="Media",AI52="Leve"),AND(AG52="Media",AI52="Menor"),AND(AG52="Media",AI52="Moderado"),AND(AG52="Alta",AI52="Leve"),AND(AG52="Alta",AI52="Menor")),"Moderado",IF(OR(AND(AG52="Muy Baja",AI52="Mayor"),AND(AG52="Baja",AI52="Mayor"),AND(AG52="Media",AI52="Mayor"),AND(AG52="Alta",AI52="Moderado"),AND(AG52="Alta",AI52="Mayor"),AND(AG52="Muy Alta",AI52="Leve"),AND(AG52="Muy Alta",AI52="Menor"),AND(AG52="Muy Alta",AI52="Moderado"),AND(AG52="Muy Alta",AI52="Mayor")),"Alto",IF(OR(AND(AG52="Muy Baja",AI52="Catastrófico"),AND(AG52="Baja",AI52="Catastrófico"),AND(AG52="Media",AI52="Catastrófico"),AND(AG52="Alta",AI52="Catastrófico"),AND(AG52="Muy Alta",AI52="Catastrófico")),"Extremo","")))),"") -> Bajo | AL52: Aceptar
W53: 9 | X53: El personal designado por el jefe de la Unidad de Farmacia reportará mensualmente a través del FORMATO: Registro y seguimiento de préstamos interinstitucionales, con el fin de tener la trazabilidad de los prestamos generados a otras instituciones desde la fecha de inicio del prestamos, seguimiento y su cierre. Soporte: Registro y seguimiento de préstamos interinstitucionales | Y53: =IF(OR(Z53="Preventivo",Z53="Detectivo"),"Probabilidad",IF(Z53="Correctivo","Impacto","")) -> Probabilidad | Z53: Preventivo | AA53: Manual | AB53: =IF(AND(Z53="Preventivo",AA53="Automático"),"50%",IF(AND(Z53="Preventivo",AA53="Manual"),"40%",IF(AND(Z53="Detectivo",AA53="Automático"),"40%",IF(AND(Z53="Detectivo",AA53="Manual"),"30%",IF(AND(Z53="Correctivo",AA53="Automático"),"35%",IF(AND(Z53="Correctivo",AA53="Manual"),"25%","")))))) -> 40% | AC53: Documentado | AD53: Continua | AE53: Con Registro | AF53: =IFERROR(IF(AND(Y52="Probabilidad",Y53="Probabilidad"),(AH52-(+AH52*AB53)),IF(Y53="Probabilidad",(Q52-(+Q52*AB53)),IF(Y53="Impacto",AH52,""))),"") -> 0.0094058496 | AG53: =IFERROR(IF(AF53="","",IF(AF53<=0.2,"Muy Baja",IF(AF53<=0.4,"Baja",IF(AF53<=0.6,"Media",IF(AF53<=0.8,"Alta","Muy Alta"))))),"") -> Muy Baja | AH53: =+AF53 -> 0.0094058496 | AI53: =IFERROR(IF(AJ53="","",IF(AJ53<=0.2,"Leve",IF(AJ53<=0.4,"Menor",IF(AJ53<=0.6,"Moderado",IF(AJ53<=0.8,"Mayor","Catastrófico"))))),"") -> Leve | AJ53: =IFERROR(IF(AND(Y52="Impacto",Y53="Impacto"),(AJ52-(+AJ52*AB53)),IF(AND(Y52="Probabilidad",Y53="Impacto"),(AJ51-(+AJ51*AB53)),IF(Y53="Probabilidad",AJ52,""))),"") -> 0 | AK53: =IFERROR(IF(OR(AND(AG53="Muy Baja",AI53="Leve"),AND(AG53="Muy Baja",AI53="Menor"),AND(AG53="Baja",AI53="Leve")),"Bajo",IF(OR(AND(AG53="Muy baja",AI53="Moderado"),AND(AG53="Baja",AI53="Menor"),AND(AG53="Baja",AI53="Moderado"),AND(AG53="Media",AI53="Leve"),AND(AG53="Media",AI53="Menor"),AND(AG53="Media",AI53="Moderado"),AND(AG53="Alta",AI53="Leve"),AND(AG53="Alta",AI53="Menor")),"Moderado",IF(OR(AND(AG53="Muy Baja",AI53="Mayor"),AND(AG53="Baja",AI53="Mayor"),AND(AG53="Media",AI53="Mayor"),AND(AG53="Alta",AI53="Moderado"),AND(AG53="Alta",AI53="Mayor"),AND(AG53="Muy Alta",AI53="Leve"),AND(AG53="Muy Alta",AI53="Menor"),AND(AG53="Muy Alta",AI53="Moderado"),AND(AG53="Muy Alta",AI53="Mayor")),"Alto",IF(OR(AND(AG53="Muy Baja",AI53="Catastrófico"),AND(AG53="Baja",AI53="Catastrófico"),AND(AG53="Media",AI53="Catastrófico"),AND(AG53="Alta",AI53="Catastrófico"),AND(AG53="Muy Alta",AI53="Catastrófico")),"Extremo","")))),"") -> Bajo | AL53: Aceptar
A54: 16 | B54: GAAF_03 | C54: Gestión Apoyo Asistencial y Farmacéutico | D54: Farmacia Producción y Adecuación de Medicamentos Farmacia Salas de Cirugía. Farmacia de Salas de Maternidad. | E54: Reputacional | F54: Falta de oportunidad en el inicio o continuidad de la farmacoterapia a los usuarios atendidos por el HOMIL | G54: No disponibilidad de los medicamentos, por incumplimiento del contratista que provee los mismos. | H54: Posibilidad de afectación reputacional por la falta de oportunidad en el inicio o continuidad de la farmacoterapia a los usuarios atendidos por el HOMIL, debido a la no disponibilidad de los medicamentos, por incumplimiento del contratista que provee los mismos. | I54: N/A | J54: N/A | K54: N/A | L54: N/A | M54: Ejecución y Administración de procesos | O54: 5000 | P54: =IF(O54<=0,"",IF(O54<=2,"Muy Baja",IF(O54<=24,"Baja",IF(O54<=500,"Media",IF(O54<=5000,"Alta","Muy Alta"))))) -> Alta | Q54: =IF(P54="","",IF(P54="Muy Baja",0.2,IF(P54="Baja",0.4,IF(P54="Media",0.6,IF(P54="Alta",0.8,IF(P54="Muy Alta",1,)))))) -> 0.8 | R54: El riesgo afecta la imagen de la entidad internamente, de conocimiento general, nivel interno, de junta dircetiva y accionistas y/o de provedores | S54: =IF(NOT(ISERROR(MATCH(R54,'Tabla Impacto'!$B$221:$B$223,0))),'Tabla Impacto'!$F$223&"Por favor no seleccionar los criterios de impacto(Afectación Económica o presupuestal y Pérdida Reputacional)",R54) -> El riesgo afecta la imagen de la entidad internamente, de conocimiento general, nivel interno, de junta dircetiva y accionistas y/o de provedores | T54: =+IF(OR(S54='[1]Tabla Impacto'!$C$11,S54='[1]Tabla Impacto'!$D$11),"Leve",IF(OR(S54='[1]Tabla Impacto'!$C$12,S54='[1]Tabla Impacto'!$D$12),"Menor",IF(OR(S54='[1]Tabla Impacto'!$C$13,S54='[1]Tabla Impacto'!$D$13),"Moderado",IF(OR(S54='[1]Tabla Impacto'!$C$14,S54='[1]Tabla Impacto'!$D$14),"Mayor",IF(OR(S54='[1]Tabla Impacto'!$C$15,S54='[1]Tabla Impacto'!$D$15),"Catastrófico",""))))) -> Menor | U54: =IF(T54="","",IF(T54="Leve",0.2,IF(T54="Menor",0.4,IF(T54="Moderado",0.6,IF(T54="Mayor",0.8,IF(T54="Catastrófico",1,)))))) -> 0.4 | V54: =IF(OR(AND(P54="Muy Baja",T54="Leve"),AND(P54="Muy Baja",T54="Menor"),AND(P54="Baja",T54="Leve")),"Bajo",IF(OR(AND(P54="Muy baja",T54="Moderado"),AND(P54="Baja",T54="Menor"),AND(P54="Baja",T54="Moderado"),AND(P54="Media",T54="Leve"),AND(P54="Media",T54="Menor"),AND(P54="Media",T54="Moderado"),AND(P54="Alta",T54="Leve"),AND(P54="Alta",T54="Menor")),"Moderado",IF(OR(AND(P54="Muy Baja",T54="Mayor"),AND(P54="Baja",T54="Mayor"),AND(P54="Media",T54="Mayor"),AND(P54="Alta",T54="Moderado"),AND(P54="Alta",T54="Mayor"),AND(P54="Muy Alta",T54="Leve"),AND(P54="Muy Alta",T54="Menor"),AND(P54="Muy Alta",T54="Moderado"),AND(P54="Muy Alta",T54="Mayor")),"Alto",IF(OR(AND(P54="Muy Baja",T54="Catastrófico"),AND(P54="Baja",T54="Catastrófico"),AND(P54="Media",T54="Catastrófico"),AND(P54="Alta",T54="Catastrófico"),AND(P54="Muy Alta",T54="Catastrófico")),"Extremo","")))) -> Moderado | W54: 1 | X54: El responsable de cada farmacia realiza de acuerdo a la necesidad la solicitud de suministros con el fin de mantener los niveles de stock suficientes para cada farmacia, los cuales se sustentarán con los pedidos periodicos realizados por DGH. Soporte: Requerimiento de medicamnetos e insumos requeridos por las farmacias (DGH). | Y54: =IF(OR(Z54="Preventivo",Z54="Detectivo"),"Probabilidad",IF(Z54="Correctivo","Impacto","")) -> Probabilidad | Z54: Preventivo | AA54: Manual | AB54: =IF(AND(Z54="Preventivo",AA54="Automático"),"50%",IF(AND(Z54="Preventivo",AA54="Manual"),"40%",IF(AND(Z54="Detectivo",AA54="Automático"),"40%",IF(AND(Z54="Detectivo",AA54="Manual"),"30%",IF(AND(Z54="Correctivo",AA54="Automático"),"35%",IF(AND(Z54="Correctivo",AA54="Manual"),"25%","")))))) -> 40% | AC54: Documentado | AD54: Continua | AE54: Con Registro | AF54: =IFERROR(IF(Y54="Probabilidad",(Q54-(+Q54*AB54)),IF(Y54="Impacto",Q54,"")),"") -> 0.48 | AG54: =IFERROR(IF(AF54="","",IF(AF54<=0.2,"Muy Baja",IF(AF54<=0.4,"Baja",IF(AF54<=0.6,"Media",IF(AF54<=0.8,"Alta","Muy Alta"))))),"") -> Media | AH54: =+AF54 -> 0.48 | AI54: =IFERROR(IF(AJ54="","",IF(AJ54<=0.2,"Leve",IF(AJ54<=0.4,"Menor",IF(AJ54<=0.6,"Moderado",IF(AJ54<=0.8,"Mayor","Catastrófico"))))),"") -> Menor | AJ54: =IFERROR(IF(Y54="Impacto",(U54-(+U54*AB54)),IF(Y54="Probabilidad",U54,"")),"") -> 0.4 | AK54: =IFERROR(IF(OR(AND(AG54="Muy Baja",AI54="Leve"),AND(AG54="Muy Baja",AI54="Menor"),AND(AG54="Baja",AI54="Leve")),"Bajo",IF(OR(AND(AG54="Muy baja",AI54="Moderado"),AND(AG54="Baja",AI54="Menor"),AND(AG54="Baja",AI54="Moderado"),AND(AG54="Media",AI54="Leve"),AND(AG54="Media",AI54="Menor"),AND(AG54="Media",AI54="Moderado"),AND(AG54="Alta",AI54="Leve"),AND(AG54="Alta",AI54="Menor")),"Moderado",IF(OR(AND(AG54="Muy Baja",AI54="Mayor"),AND(AG54="Baja",AI54="Mayor"),AND(AG54="Media",AI54="Mayor"),AND(AG54="Alta",AI54="Moderado"),AND(AG54="Alta",AI54="Mayor"),AND(AG54="Muy Alta",AI54="Leve"),AND(AG54="Muy Alta",AI54="Menor"),AND(AG54="Muy Alta",AI54="Moderado"),AND(AG54="Muy Alta",AI54="Mayor")),"Alto",IF(OR(AND(AG54="Muy Baja",AI54="Catastrófico"),AND(AG54="Baja",AI54="Catastrófico"),AND(AG54="Media",AI54="Catastrófico"),AND(AG54="Alta",AI54="Catastrófico"),AND(AG54="Muy Alta",AI54="Catastrófico")),"Extremo","")))),"") -> Moderado | AL54: Aceptar
S55: =IF(NOT(ISERROR(MATCH(R55,_xlfn.ANCHORARRAY(H60),0))),#REF!&"Por favor no seleccionar los criterios de impacto",R55) -> 0 | W55: 2 | X55: El supervisor del contrato de gases medicinales hace seguimiento mensual del mismo, con el fin de dar cumplimiento y garantizar la disponibilidad de gases medicinales en el Hospital Militar Central. Soporte: Informe de Supervisión del contrato. | Y55: =IF(OR(Z55="Preventivo",Z55="Detectivo"),"Probabilidad",IF(Z55="Correctivo","Impacto","")) -> Probabilidad | Z55: Preventivo | AA55: Manual | AB55: =IF(AND(Z55="Preventivo",AA55="Automático"),"50%",IF(AND(Z55="Preventivo",AA55="Manual"),"40%",IF(AND(Z55="Detectivo",AA55="Automático"),"40%",IF(AND(Z55="Detectivo",AA55="Manual"),"30%",IF(AND(Z55="Correctivo",AA55="Automático"),"35%",IF(AND(Z55="Correctivo",AA55="Manual"),"25%","")))))) -> 40% | AC55: Documentado | AD55: Continua | AE55: Con Registro | AF55: =IFERROR(IF(AND(Y54="Probabilidad",Y55="Probabilidad"),(AH54-(+AH54*AB55)),IF(Y55="Probabilidad",(Q54-(+Q54*AB55)),IF(Y55="Impacto",AH54,""))),"") -> 0.288 | AG55: =IFERROR(IF(AF55="","",IF(AF55<=0.2,"Muy Baja",IF(AF55<=0.4,"Baja",IF(AF55<=0.6,"Media",IF(AF55<=0.8,"Alta","Muy Alta"))))),"") -> Baja | AH55: =+AF55 -> 0.288 | AI55: =IFERROR(IF(AJ55="","",IF(AJ55<=0.2,"Leve",IF(AJ55<=0.4,"Menor",IF(AJ55<=0.6,"Moderado",IF(AJ55<=0.8,"Mayor","Catastrófico"))))),"") -> Menor | AJ55: =IFERROR(IF(AND(Y54="Impacto",Y55="Impacto"),(AJ54-(+AJ54*AB55)),IF(Y55="Impacto",(U54-(+U54*AB55)),IF(Y55="Probabilidad",AJ54,""))),"") -> 0.4 | AK55: =IFERROR(IF(OR(AND(AG55="Muy Baja",AI55="Leve"),AND(AG55="Muy Baja",AI55="Menor"),AND(AG55="Baja",AI55="Leve")),"Bajo",IF(OR(AND(AG55="Muy baja",AI55="Moderado"),AND(AG55="Baja",AI55="Menor"),AND(AG55="Baja",AI55="Moderado"),AND(AG55="Media",AI55="Leve"),AND(AG55="Media",AI55="Menor"),AND(AG55="Media",AI55="Moderado"),AND(AG55="Alta",AI55="Leve"),AND(AG55="Alta",AI55="Menor")),"Moderado",IF(OR(AND(AG55="Muy Baja",AI55="Mayor"),AND(AG55="Baja",AI55="Mayor"),AND(AG55="Media",AI55="Mayor"),AND(AG55="Alta",AI55="Moderado"),AND(AG55="Alta",AI55="Mayor"),AND(AG55="Muy Alta",AI55="Leve"),AND(AG55="Muy Alta",AI55="Menor"),AND(AG55="Muy Alta",AI55="Moderado"),AND(AG55="Muy Alta",AI55="Mayor")),"Alto",IF(OR(AND(AG55="Muy Baja",AI55="Catastrófico"),AND(AG55="Baja",AI55="Catastrófico"),AND(AG55="Media",AI55="Catastrófico"),AND(AG55="Alta",AI55="Catastrófico"),AND(AG55="Muy Alta",AI55="Catastrófico")),"Extremo","")))),"") -> Moderado | AL55: Aceptar
S56: =IF(NOT(ISERROR(MATCH(R56,_xlfn.ANCHORARRAY(H61),0))),#REF!&"Por favor no seleccionar los criterios de impacto",R56) -> 0 | W56: 3 | X56: Frente al desabastecimiento de medicamentos el operador logístico y/o el laboratorio reporta al jefe de la unidad de Farmacia, quien se encarga de informar a los médicos tratantes con el fin de buscar diferentes alternativas para darle continuidad al tratamiento del paciente. Soporte: Correos electrónicos. | Y56: =IF(OR(Z56="Preventivo",Z56="Detectivo"),"Probabilidad",IF(Z56="Correctivo","Impacto","")) -> Impacto | Z56: Correctivo | AA56: Manual | AB56: =IF(AND(Z56="Preventivo",AA56="Automático"),"50%",IF(AND(Z56="Preventivo",AA56="Manual"),"40%",IF(AND(Z56="Detectivo",AA56="Automático"),"40%",IF(AND(Z56="Detectivo",AA56="Manual"),"30%",IF(AND(Z56="Correctivo",AA56="Automático"),"35%",IF(AND(Z56="Correctivo",AA56="Manual"),"25%","")))))) -> 25% | AC56: Documentado | AD56: Aleatoria | AE56: Con Registro | AF56: =IFERROR(IF(AND(Y55="Probabilidad",Y56="Probabilidad"),(AH55-(+AH55*AB56)),IF(Y56="Probabilidad",(Q55-(+Q55*AB56)),IF(Y56="Impacto",AH55,""))),"") -> 0.288 | AG56: =IFERROR(IF(AF56="","",IF(AF56<=0.2,"Muy Baja",IF(AF56<=0.4,"Baja",IF(AF56<=0.6,"Media",IF(AF56<=0.8,"Alta","Muy Alta"))))),"") -> Baja | AH56: =+AF56 -> 0.288 | AI56: =IFERROR(IF(AJ56="","",IF(AJ56<=0.2,"Leve",IF(AJ56<=0.4,"Menor",IF(AJ56<=0.6,"Moderado",IF(AJ56<=0.8,"Mayor","Catastrófico"))))),"") -> Menor | AJ56: =IFERROR(IF(AND(Y55="Impacto",Y56="Impacto"),(AJ55-(+AJ55*AB56)),IF(AND(Y55="Probabilidad",Y56="Impacto"),(AJ54-(+AJ54*AB56)),IF(Y56="Probabilidad",AJ55,""))),"") -> 0.3 | AK56: =IFERROR(IF(OR(AND(AG56="Muy Baja",AI56="Leve"),AND(AG56="Muy Baja",AI56="Menor"),AND(AG56="Baja",AI56="Leve")),"Bajo",IF(OR(AND(AG56="Muy baja",AI56="Moderado"),AND(AG56="Baja",AI56="Menor"),AND(AG56="Baja",AI56="Moderado"),AND(AG56="Media",AI56="Leve"),AND(AG56="Media",AI56="Menor"),AND(AG56="Media",AI56="Moderado"),AND(AG56="Alta",AI56="Leve"),AND(AG56="Alta",AI56="Menor")),"Moderado",IF(OR(AND(AG56="Muy Baja",AI56="Mayor"),AND(AG56="Baja",AI56="Mayor"),AND(AG56="Media",AI56="Mayor"),AND(AG56="Alta",AI56="Moderado"),AND(AG56="Alta",AI56="Mayor"),AND(AG56="Muy Alta",AI56="Leve"),AND(AG56="Muy Alta",AI56="Menor"),AND(AG56="Muy Alta",AI56="Moderado"),AND(AG56="Muy Alta",AI56="Mayor")),"Alto",IF(OR(AND(AG56="Muy Baja",AI56="Catastrófico"),AND(AG56="Baja",AI56="Catastrófico"),AND(AG56="Media",AI56="Catastrófico"),AND(AG56="Alta",AI56="Catastrófico"),AND(AG56="Muy Alta",AI56="Catastrófico")),"Extremo","")))),"") -> Moderado | AL56: Aceptar
A57: 17 | B57: GAAF_05 | C57: Gestión Apoyo Asistencial y Farmacéutico | D57: Farmacia Producción y Adecuación de Medicamentos Farmacia Salas de Cirugía. Farmacia de Salas de Maternidad. Farmacia Médico Quirúrgica | E57: Reputacional | F57: Seguridad de paciente | G57: Dispensación de medicamentos vencidos o diferentes a los prescritos. | H57: Posibilidad de afectación reputacional, asociado a la seguridad de paciente, debido a la dispensación de medicamentos vencidos o diferentes a los prescritos. | I57: N/A | J57: N/A | K57: N/A | L57: N/A | M57: Ejecución y Administración de procesos | O57: 5000 | P57: =IF(O57<=0,"",IF(O57<=2,"Muy Baja",IF(O57<=24,"Baja",IF(O57<=500,"Media",IF(O57<=5000,"Alta","Muy Alta"))))) -> Alta | Q57: =IF(P57="","",IF(P57="Muy Baja",0.2,IF(P57="Baja",0.4,IF(P57="Media",0.6,IF(P57="Alta",0.8,IF(P57="Muy Alta",1,)))))) -> 0.8 | R57: El riesgo afecta la imagen de la entidad internamente, de conocimiento general, nivel interno, de junta dircetiva y accionistas y/o de provedores | S57: =IF(NOT(ISERROR(MATCH(R57,'Tabla Impacto'!$B$221:$B$223,0))),'Tabla Impacto'!$F$223&"Por favor no seleccionar los criterios de impacto(Afectación Económica o presupuestal y Pérdida Reputacional)",R57) -> El riesgo afecta la imagen de la entidad internamente, de conocimiento general, nivel interno, de junta dircetiva y accionistas y/o de provedores | T57: =+IF(OR(S57='[1]Tabla Impacto'!$C$11,S57='[1]Tabla Impacto'!$D$11),"Leve",IF(OR(S57='[1]Tabla Impacto'!$C$12,S57='[1]Tabla Impacto'!$D$12),"Menor",IF(OR(S57='[1]Tabla Impacto'!$C$13,S57='[1]Tabla Impacto'!$D$13),"Moderado",IF(OR(S57='[1]Tabla Impacto'!$C$14,S57='[1]Tabla Impacto'!$D$14),"Mayor",IF(OR(S57='[1]Tabla Impacto'!$C$15,S57='[1]Tabla Impacto'!$D$15),"Catastrófico",""))))) -> Menor | U57: =IF(T57="","",IF(T57="Leve",0.2,IF(T57="Menor",0.4,IF(T57="Moderado",0.6,IF(T57="Mayor",0.8,IF(T57="Catastrófico",1,)))))) -> 0.4 | V57: =IF(OR(AND(P57="Muy Baja",T57="Leve"),AND(P57="Muy Baja",T57="Menor"),AND(P57="Baja",T57="Leve")),"Bajo",IF(OR(AND(P57="Muy baja",T57="Moderado"),AND(P57="Baja",T57="Menor"),AND(P57="Baja",T57="Moderado"),AND(P57="Media",T57="Leve"),AND(P57="Media",T57="Menor"),AND(P57="Media",T57="Moderado"),AND(P57="Alta",T57="Leve"),AND(P57="Alta",T57="Menor")),"Moderado",IF(OR(AND(P57="Muy Baja",T57="Mayor"),AND(P57="Baja",T57="Mayor"),AND(P57="Media",T57="Mayor"),AND(P57="Alta",T57="Moderado"),AND(P57="Alta",T57="Mayor"),AND(P57="Muy Alta",T57="Leve"),AND(P57="Muy Alta",T57="Menor"),AND(P57="Muy Alta",T57="Moderado"),AND(P57="Muy Alta",T57="Mayor")),"Alto",IF(OR(AND(P57="Muy Baja",T57="Catastrófico"),AND(P57="Baja",T57="Catastrófico"),AND(P57="Media",T57="Catastrófico"),AND(P57="Alta",T57="Catastrófico"),AND(P57="Muy Alta",T57="Catastrófico")),"Extremo","")))) -> Moderado | W57: 1 | X57: El responsable de cada farmacia realiza verificación mensual de la correcta identificación LASA (Look alike sound alike) y semaforización (Marcación de medicamentos próximos a vencer) para los medicamentos que así lo requieren, con el fin de realizar una dispensación segura de los mismos. Soporte: (Evidencia fotográfica enviada vía correo electrónico). | Y57: =IF(OR(Z57="Preventivo",Z57="Detectivo"),"Probabilidad",IF(Z57="Correctivo","Impacto","")) -> Probabilidad | Z57: Preventivo | AA57: Manual | AB57: =IF(AND(Z57="Preventivo",AA57="Automático"),"50%",IF(AND(Z57="Preventivo",AA57="Manual"),"40%",IF(AND(Z57="Detectivo",AA57="Automático"),"40%",IF(AND(Z57="Detectivo",AA57="Manual"),"30%",IF(AND(Z57="Correctivo",AA57="Automático"),"35%",IF(AND(Z57="Correctivo",AA57="Manual"),"25%","")))))) -> 40% | AC57: Documentado | AD57: Continua | AE57: Con Registro | AF57: =IFERROR(IF(Y57="Probabilidad",(Q57-(+Q57*AB57)),IF(Y57="Impacto",Q57,"")),"") -> 0.48 | AG57: =IFERROR(IF(AF57="","",IF(AF57<=0.2,"Muy Baja",IF(AF57<=0.4,"Baja",IF(AF57<=0.6,"Media",IF(AF57<=0.8,"Alta","Muy Alta"))))),"") -> Media | AH57: =+AF57 -> 0.48 | AI57: =IFERROR(IF(AJ57="","",IF(AJ57<=0.2,"Leve",IF(AJ57<=0.4,"Menor",IF(AJ57<=0.6,"Moderado",IF(AJ57<=0.8,"Mayor","Catastrófico"))))),"") -> Menor | AJ57: =IFERROR(IF(Y57="Impacto",(U57-(+U57*AB57)),IF(Y57="Probabilidad",U57,"")),"") -> 0.4 | AK57: =IFERROR(IF(OR(AND(AG57="Muy Baja",AI57="Leve"),AND(AG57="Muy Baja",AI57="Menor"),AND(AG57="Baja",AI57="Leve")),"Bajo",IF(OR(AND(AG57="Muy baja",AI57="Moderado"),AND(AG57="Baja",AI57="Menor"),AND(AG57="Baja",AI57="Moderado"),AND(AG57="Media",AI57="Leve"),AND(AG57="Media",AI57="Menor"),AND(AG57="Media",AI57="Moderado"),AND(AG57="Alta",AI57="Leve"),AND(AG57="Alta",AI57="Menor")),"Moderado",IF(OR(AND(AG57="Muy Baja",AI57="Mayor"),AND(AG57="Baja",AI57="Mayor"),AND(AG57="Media",AI57="Mayor"),AND(AG57="Alta",AI57="Moderado"),AND(AG57="Alta",AI57="Mayor"),AND(AG57="Muy Alta",AI57="Leve"),AND(AG57="Muy Alta",AI57="Menor"),AND(AG57="Muy Alta",AI57="Moderado"),AND(AG57="Muy Alta",AI57="Mayor")),"Alto",IF(OR(AND(AG57="Muy Baja",AI57="Catastrófico"),AND(AG57="Baja",AI57="Catastrófico"),AND(AG57="Media",AI57="Catastrófico"),AND(AG57="Alta",AI57="Catastrófico"),AND(AG57="Muy Alta",AI57="Catastrófico")),"Extremo","")))),"") -> Moderado | AL57: Aceptar
S58: =IF(NOT(ISERROR(MATCH(R58,_xlfn.ANCHORARRAY(H62),0))),Q64&"Por favor no seleccionar los criterios de impacto",R58) -> 0 | W58: 2 | X58: El responsable de cada farmacia realiza de manera mensual el seguimiento a productos próximos a vencer, mediante el reporte de inventario generado en Dinámica Gerencial Hospitalaria, con el cual se gestiona el cambio con el responsable (Operador Logístico y laboratorio) Soporte: Correos electrónicos. | Y58: =IF(OR(Z58="Preventivo",Z58="Detectivo"),"Probabilidad",IF(Z58="Correctivo","Impacto","")) -> Probabilidad | Z58: Preventivo | AA58: Manual | AB58: =IF(AND(Z58="Preventivo",AA58="Automático"),"50%",IF(AND(Z58="Preventivo",AA58="Manual"),"40%",IF(AND(Z58="Detectivo",AA58="Automático"),"40%",IF(AND(Z58="Detectivo",AA58="Manual"),"30%",IF(AND(Z58="Correctivo",AA58="Automático"),"35%",IF(AND(Z58="Correctivo",AA58="Manual"),"25%","")))))) -> 40% | AC58: Documentado | AD58: Continua | AE58: Con Registro | AF58: =IFERROR(IF(AND(Y57="Probabilidad",Y58="Probabilidad"),(AH57-(+AH57*AB58)),IF(Y58="Probabilidad",(Q57-(+Q57*AB58)),IF(Y58="Impacto",AH57,""))),"") -> 0.288 | AG58: =IFERROR(IF(AF58="","",IF(AF58<=0.2,"Muy Baja",IF(AF58<=0.4,"Baja",IF(AF58<=0.6,"Media",IF(AF58<=0.8,"Alta","Muy Alta"))))),"") -> Baja | AH58: =+AF58 -> 0.288 | AI58: =IFERROR(IF(AJ58="","",IF(AJ58<=0.2,"Leve",IF(AJ58<=0.4,"Menor",IF(AJ58<=0.6,"Moderado",IF(AJ58<=0.8,"Mayor","Catastrófico"))))),"") -> Menor | AJ58: =IFERROR(IF(AND(Y57="Impacto",Y58="Impacto"),(AJ57-(+AJ57*AB58)),IF(Y58="Impacto",(U57-(+U57*AB58)),IF(Y58="Probabilidad",AJ57,""))),"") -> 0.4 | AK58: =IFERROR(IF(OR(AND(AG58="Muy Baja",AI58="Leve"),AND(AG58="Muy Baja",AI58="Menor"),AND(AG58="Baja",AI58="Leve")),"Bajo",IF(OR(AND(AG58="Muy baja",AI58="Moderado"),AND(AG58="Baja",AI58="Menor"),AND(AG58="Baja",AI58="Moderado"),AND(AG58="Media",AI58="Leve"),AND(AG58="Media",AI58="Menor"),AND(AG58="Media",AI58="Moderado"),AND(AG58="Alta",AI58="Leve"),AND(AG58="Alta",AI58="Menor")),"Moderado",IF(OR(AND(AG58="Muy Baja",AI58="Mayor"),AND(AG58="Baja",AI58="Mayor"),AND(AG58="Media",AI58="Mayor"),AND(AG58="Alta",AI58="Moderado"),AND(AG58="Alta",AI58="Mayor"),AND(AG58="Muy Alta",AI58="Leve"),AND(AG58="Muy Alta",AI58="Menor"),AND(AG58="Muy Alta",AI58="Moderado"),AND(AG58="Muy Alta",AI58="Mayor")),"Alto",IF(OR(AND(AG58="Muy Baja",AI58="Catastrófico"),AND(AG58="Baja",AI58="Catastrófico"),AND(AG58="Media",AI58="Catastrófico"),AND(AG58="Alta",AI58="Catastrófico"),AND(AG58="Muy Alta",AI58="Catastrófico")),"Extremo","")))),"") -> Moderado | AL58: Aceptar
S59: =IF(NOT(ISERROR(MATCH(R59,_xlfn.ANCHORARRAY(H63),0))),Q65&"Por favor no seleccionar los criterios de impacto",R59) -> 0 | W59: 3 | X59: El personal designado del área de planta de producción de aire medicinal, realiza la recepción técnica en el momento del ingreso de los gases medicinales mediante del formato AA-UNFA-PR-15-FT-03, con el fin de verificar fechas de vencimiento. Soporte: Formato de recepción de gases medicinales. | Y59: =IF(OR(Z59="Preventivo",Z59="Detectivo"),"Probabilidad",IF(Z59="Correctivo","Impacto","")) -> Probabilidad | Z59: Preventivo | AA59: Manual | AB59: =IF(AND(Z59="Preventivo",AA59="Automático"),"50%",IF(AND(Z59="Preventivo",AA59="Manual"),"40%",IF(AND(Z59="Detectivo",AA59="Automático"),"40%",IF(AND(Z59="Detectivo",AA59="Manual"),"30%",IF(AND(Z59="Correctivo",AA59="Automático"),"35%",IF(AND(Z59="Correctivo",AA59="Manual"),"25%","")))))) -> 40% | AC59: Documentado | AD59: Continua | AE59: Con Registro | AF59: =IFERROR(IF(AND(Y58="Probabilidad",Y59="Probabilidad"),(AH58-(+AH58*AB59)),IF(Y59="Probabilidad",(Q58-(+Q58*AB59)),IF(Y59="Impacto",AH58,""))),"") -> 0.1728 | AG59: =IFERROR(IF(AF59="","",IF(AF59<=0.2,"Muy Baja",IF(AF59<=0.4,"Baja",IF(AF59<=0.6,"Media",IF(AF59<=0.8,"Alta","Muy Alta"))))),"") -> Muy Baja | AH59: =+AF59 -> 0.1728 | AI59: =IFERROR(IF(AJ59="","",IF(AJ59<=0.2,"Leve",IF(AJ59<=0.4,"Menor",IF(AJ59<=0.6,"Moderado",IF(AJ59<=0.8,"Mayor","Catastrófico"))))),"") -> Menor | AJ59: =IFERROR(IF(AND(Y58="Impacto",Y59="Impacto"),(AJ58-(+AJ58*AB59)),IF(AND(Y58="Probabilidad",Y59="Impacto"),(AJ57-(+AJ57*AB59)),IF(Y59="Probabilidad",AJ58,""))),"") -> 0.4 | AK59: =IFERROR(IF(OR(AND(AG59="Muy Baja",AI59="Leve"),AND(AG59="Muy Baja",AI59="Menor"),AND(AG59="Baja",AI59="Leve")),"Bajo",IF(OR(AND(AG59="Muy baja",AI59="Moderado"),AND(AG59="Baja",AI59="Menor"),AND(AG59="Baja",AI59="Moderado"),AND(AG59="Media",AI59="Leve"),AND(AG59="Media",AI59="Menor"),AND(AG59="Media",AI59="Moderado"),AND(AG59="Alta",AI59="Leve"),AND(AG59="Alta",AI59="Menor")),"Moderado",IF(OR(AND(AG59="Muy Baja",AI59="Mayor"),AND(AG59="Baja",AI59="Mayor"),AND(AG59="Media",AI59="Mayor"),AND(AG59="Alta",AI59="Moderado"),AND(AG59="Alta",AI59="Mayor"),AND(AG59="Muy Alta",AI59="Leve"),AND(AG59="Muy Alta",AI59="Menor"),AND(AG59="Muy Alta",AI59="Moderado"),AND(AG59="Muy Alta",AI59="Mayor")),"Alto",IF(OR(AND(AG59="Muy Baja",AI59="Catastrófico"),AND(AG59="Baja",AI59="Catastrófico"),AND(AG59="Media",AI59="Catastrófico"),AND(AG59="Alta",AI59="Catastrófico"),AND(AG59="Muy Alta",AI59="Catastrófico")),"Extremo","")))),"") -> Bajo | AL59: Aceptar
A60: 18 | B60: GAAF_08 | C60: Gestión Apoyo Asistencial y Farmacéutico | D60: Farmacia Producción y Adecuación de Medicamentos | E60: Reputacional | F60: Seguridad del paciente | G60: Liberación de un medicamento adecuado en la CAM que no corresponde con lo prescrito, producto de errores del personal en la interpretación de la prescripción médica, procesos de producción y liberación de medicamentos, sin cumplir requisitos de calidad. | H60: Posibilidad de afectación reputacional asociado a la seguridad de paciente, por liberación de un medicamento adecuado en la CAM que no corresponde con lo prescrito, producto de errores del personal en la interpretación de la prescripción médica, procesos de producción y liberación de medicamentos, sin cumplir requisitos de calidad. | I60: N/A | J60: N/A | K60: N/A | L60: N/A | M60: Ejecución y Administración de procesos | O60: 5000 | P60: =IF(O60<=0,"",IF(O60<=2,"Muy Baja",IF(O60<=24,"Baja",IF(O60<=500,"Media",IF(O60<=5000,"Alta","Muy Alta"))))) -> Alta | Q60: =IF(P60="","",IF(P60="Muy Baja",0.2,IF(P60="Baja",0.4,IF(P60="Media",0.6,IF(P60="Alta",0.8,IF(P60="Muy Alta",1,)))))) -> 0.8 | R60: El riesgo afecta la imagen de la entidad con algunos usuarios de relevancia frente al logro de los objetivos | S60: =IF(NOT(ISERROR(MATCH(R60,'Tabla Impacto'!$B$221:$B$223,0))),'Tabla Impacto'!$F$223&"Por favor no seleccionar los criterios de impacto(Afectación Económica o presupuestal y Pérdida Reputacional)",R60) -> El riesgo afecta la imagen de la entidad con algunos usuarios de relevancia frente al logro de los objetivos | T60: =+IF(OR(S60='[1]Tabla Impacto'!$C$11,S60='[1]Tabla Impacto'!$D$11),"Leve",IF(OR(S60='[1]Tabla Impacto'!$C$12,S60='[1]Tabla Impacto'!$D$12),"Menor",IF(OR(S60='[1]Tabla Impacto'!$C$13,S60='[1]Tabla Impacto'!$D$13),"Moderado",IF(OR(S60='[1]Tabla Impacto'!$C$14,S60='[1]Tabla Impacto'!$D$14),"Mayor",IF(OR(S60='[1]Tabla Impacto'!$C$15,S60='[1]Tabla Impacto'!$D$15),"Catastrófico",""))))) -> Moderado | U60: =IF(T60="","",IF(T60="Leve",0.2,IF(T60="Menor",0.4,IF(T60="Moderado",0.6,IF(T60="Mayor",0.8,IF(T60="Catastrófico",1,)))))) -> 0.6 | V60: =IF(OR(AND(P60="Muy Baja",T60="Leve"),AND(P60="Muy Baja",T60="Menor"),AND(P60="Baja",T60="Leve")),"Bajo",IF(OR(AND(P60="Muy baja",T60="Moderado"),AND(P60="Baja",T60="Menor"),AND(P60="Baja",T60="Moderado"),AND(P60="Media",T60="Leve"),AND(P60="Media",T60="Menor"),AND(P60="Media",T60="Moderado"),AND(P60="Alta",T60="Leve"),AND(P60="Alta",T60="Menor")),"Moderado",IF(OR(AND(P60="Muy Baja",T60="Mayor"),AND(P60="Baja",T60="Mayor"),AND(P60="Media",T60="Mayor"),AND(P60="Alta",T60="Moderado"),AND(P60="Alta",T60="Mayor"),AND(P60="Muy Alta",T60="Leve"),AND(P60="Muy Alta",T60="Menor"),AND(P60="Muy Alta",T60="Moderado"),AND(P60="Muy Alta",T60="Mayor")),"Alto",IF(OR(AND(P60="Muy Baja",T60="Catastrófico"),AND(P60="Baja",T60="Catastrófico"),AND(P60="Media",T60="Catastrófico"),AND(P60="Alta",T60="Catastrófico"),AND(P60="Muy Alta",T60="Catastrófico")),"Extremo","")))) -> Alto | W60: 1 | X60: El químico farmacéutico de control de calidad, realiza cada vez que se requiera la verificación de la información de las etiquetas de identificación de adecuaciones, con la solicitud y/o la fórmula médica para las producciones que aplique. Soporte: Paquete técnico de la CAM. | Y60: =IF(OR(Z60="Preventivo",Z60="Detectivo"),"Probabilidad",IF(Z60="Correctivo","Impacto","")) -> Probabilidad | Z60: Preventivo | AA60: Manual | AB60: =IF(AND(Z60="Preventivo",AA60="Automático"),"50%",IF(AND(Z60="Preventivo",AA60="Manual"),"40%",IF(AND(Z60="Detectivo",AA60="Automático"),"40%",IF(AND(Z60="Detectivo",AA60="Manual"),"30%",IF(AND(Z60="Correctivo",AA60="Automático"),"35%",IF(AND(Z60="Correctivo",AA60="Manual"),"25%","")))))) -> 40% | AC60: Documentado | AD60: Continua | AE60: Con Registro | AF60: =IFERROR(IF(Y60="Probabilidad",(Q60-(+Q60*AB60)),IF(Y60="Impacto",Q60,"")),"") -> 0.48 | AG60: =IFERROR(IF(AF60="","",IF(AF60<=0.2,"Muy Baja",IF(AF60<=0.4,"Baja",IF(AF60<=0.6,"Media",IF(AF60<=0.8,"Alta","Muy Alta"))))),"") -> Media | AH60: =+AF60 -> 0.48 | AI60: =IFERROR(IF(AJ60="","",IF(AJ60<=0.2,"Leve",IF(AJ60<=0.4,"Menor",IF(AJ60<=0.6,"Moderado",IF(AJ60<=0.8,"Mayor","Catastrófico"))))),"") -> Moderado | AJ60: =IFERROR(IF(Y60="Impacto",(U60-(+U60*AB60)),IF(Y60="Probabilidad",U60,"")),"") -> 0.6 | AK60: =IFERROR(IF(OR(AND(AG60="Muy Baja",AI60="Leve"),AND(AG60="Muy Baja",AI60="Menor"),AND(AG60="Baja",AI60="Leve")),"Bajo",IF(OR(AND(AG60="Muy baja",AI60="Moderado"),AND(AG60="Baja",AI60="Menor"),AND(AG60="Baja",AI60="Moderado"),AND(AG60="Media",AI60="Leve"),AND(AG60="Media",AI60="Menor"),AND(AG60="Media",AI60="Moderado"),AND(AG60="Alta",AI60="Leve"),AND(AG60="Alta",AI60="Menor")),"Moderado",IF(OR(AND(AG60="Muy Baja",AI60="Mayor"),AND(AG60="Baja",AI60="Mayor"),AND(AG60="Media",AI60="Mayor"),AND(AG60="Alta",AI60="Moderado"),AND(AG60="Alta",AI60="Mayor"),AND(AG60="Muy Alta",AI60="Leve"),AND(AG60="Muy Alta",AI60="Menor"),AND(AG60="Muy Alta",AI60="Moderado"),AND(AG60="Muy Alta",AI60="Mayor")),"Alto",IF(OR(AND(AG60="Muy Baja",AI60="Catastrófico"),AND(AG60="Baja",AI60="Catastrófico"),AND(AG60="Media",AI60="Catastrófico"),AND(AG60="Alta",AI60="Catastrófico"),AND(AG60="Muy Alta",AI60="Catastrófico")),"Extremo","")))),"") -> Moderado | AL60: Aceptar
S61: =IF(NOT(ISERROR(MATCH(R61,_xlfn.ANCHORARRAY(H67),0))),#REF!&"Por favor no seleccionar los criterios de impacto",R61) -> 0 | W61: 2 | X61: El químico farmacéutico encargado del aseguramiento de calidad es responsable de ejecutar y garantizar el cumplimiento del programa anual de capacitaciones. Este programa abarca temas clave como (la interpretación de órdenes médicas, los procesos de producción, y el control de calidad de los productos preparados en la Central de Adecuación de Medicamentos) Soporte: Cronograma de capacitación, evaluaciones y listados de asistencia. | Y61: =IF(OR(Z61="Preventivo",Z61="Detectivo"),"Probabilidad",IF(Z61="Correctivo","Impacto","")) -> Probabilidad | Z61: Preventivo | AA61: Manual | AB61: =IF(AND(Z61="Preventivo",AA61="Automático"),"50%",IF(AND(Z61="Preventivo",AA61="Manual"),"40%",IF(AND(Z61="Detectivo",AA61="Automático"),"40%",IF(AND(Z61="Detectivo",AA61="Manual"),"30%",IF(AND(Z61="Correctivo",AA61="Automático"),"35%",IF(AND(Z61="Correctivo",AA61="Manual"),"25%","")))))) -> 40% | AC61: Documentado | AD61: Continua | AE61: Con Registro | AF61: =IFERROR(IF(AND(Y60="Probabilidad",Y61="Probabilidad"),(AH60-(+AH60*AB61)),IF(Y61="Probabilidad",(Q60-(+Q60*AB61)),IF(Y61="Impacto",AH60,""))),"") -> 0.288 | AG61: =IFERROR(IF(AF61="","",IF(AF61<=0.2,"Muy Baja",IF(AF61<=0.4,"Baja",IF(AF61<=0.6,"Media",IF(AF61<=0.8,"Alta","Muy Alta"))))),"") -> Baja | AH61: =+AF61 -> 0.288 | AI61: =IFERROR(IF(AJ61="","",IF(AJ61<=0.2,"Leve",IF(AJ61<=0.4,"Menor",IF(AJ61<=0.6,"Moderado",IF(AJ61<=0.8,"Mayor","Catastrófico"))))),"") -> Moderado | AJ61: =IFERROR(IF(AND(Y60="Impacto",Y61="Impacto"),(AJ60-(+AJ60*AB61)),IF(Y61="Impacto",(U60-(+U60*AB61)),IF(Y61="Probabilidad",AJ60,""))),"") -> 0.6 | AK61: =IFERROR(IF(OR(AND(AG61="Muy Baja",AI61="Leve"),AND(AG61="Muy Baja",AI61="Menor"),AND(AG61="Baja",AI61="Leve")),"Bajo",IF(OR(AND(AG61="Muy baja",AI61="Moderado"),AND(AG61="Baja",AI61="Menor"),AND(AG61="Baja",AI61="Moderado"),AND(AG61="Media",AI61="Leve"),AND(AG61="Media",AI61="Menor"),AND(AG61="Media",AI61="Moderado"),AND(AG61="Alta",AI61="Leve"),AND(AG61="Alta",AI61="Menor")),"Moderado",IF(OR(AND(AG61="Muy Baja",AI61="Mayor"),AND(AG61="Baja",AI61="Mayor"),AND(AG61="Media",AI61="Mayor"),AND(AG61="Alta",AI61="Moderado"),AND(AG61="Alta",AI61="Mayor"),AND(AG61="Muy Alta",AI61="Leve"),AND(AG61="Muy Alta",AI61="Menor"),AND(AG61="Muy Alta",AI61="Moderado"),AND(AG61="Muy Alta",AI61="Mayor")),"Alto",IF(OR(AND(AG61="Muy Baja",AI61="Catastrófico"),AND(AG61="Baja",AI61="Catastrófico"),AND(AG61="Media",AI61="Catastrófico"),AND(AG61="Alta",AI61="Catastrófico"),AND(AG61="Muy Alta",AI61="Catastrófico")),"Extremo","")))),"") -> Moderado | AL61: Aceptar
A62: 19 | B62: GAAF_09 | C62: Gestión Apoyo Asistencial y Farmacéutico | D62: Farmacia Producción y Adecuación de Medicamentos | E62: Económico y Reputacional | F62: Contaminación microbiológica en el área de producción de la CAM. | G62: Falta de adherencia a protocolos de limpieza y desinfección o una externalidad no controlada. | H62: Posibilidad de afectación económica y reputacional por contaminación microbiológica en el área de producción de la CAM, debido a falta de adherencia a protocolos de limpieza y desinfección o una externalidad no controlada. | I62: N/A | J62: N/A | K62: N/A | L62: N/A | M62: Ejecución y Administración de procesos | O62: 365 | P62: =IF(O62<=0,"",IF(O62<=2,"Muy Baja",IF(O62<=24,"Baja",IF(O62<=500,"Media",IF(O62<=5000,"Alta","Muy Alta"))))) -> Media | Q62: =IF(P62="","",IF(P62="Muy Baja",0.2,IF(P62="Baja",0.4,IF(P62="Media",0.6,IF(P62="Alta",0.8,IF(P62="Muy Alta",1,)))))) -> 0.6 | R62: El riesgo afecta la imagen de la entidad con algunos usuarios de relevancia frente al logro de los objetivos | S62: =IF(NOT(ISERROR(MATCH(R62,'Tabla Impacto'!$B$221:$B$223,0))),'Tabla Impacto'!$F$223&"Por favor no seleccionar los criterios de impacto(Afectación Económica o presupuestal y Pérdida Reputacional)",R62) -> El riesgo afecta la imagen de la entidad con algunos usuarios de relevancia frente al logro de los objetivos | T62: =+IF(OR(S62='[1]Tabla Impacto'!$C$11,S62='[1]Tabla Impacto'!$D$11),"Leve",IF(OR(S62='[1]Tabla Impacto'!$C$12,S62='[1]Tabla Impacto'!$D$12),"Menor",IF(OR(S62='[1]Tabla Impacto'!$C$13,S62='[1]Tabla Impacto'!$D$13),"Moderado",IF(OR(S62='[1]Tabla Impacto'!$C$14,S62='[1]Tabla Impacto'!$D$14),"Mayor",IF(OR(S62='[1]Tabla Impacto'!$C$15,S62='[1]Tabla Impacto'!$D$15),"Catastrófico",""))))) -> Moderado | U62: =IF(T62="","",IF(T62="Leve",0.2,IF(T62="Menor",0.4,IF(T62="Moderado",0.6,IF(T62="Mayor",0.8,IF(T62="Catastrófico",1,)))))) -> 0.6 | V62: =IF(OR(AND(P62="Muy Baja",T62="Leve"),AND(P62="Muy Baja",T62="Menor"),AND(P62="Baja",T62="Leve")),"Bajo",IF(OR(AND(P62="Muy baja",T62="Moderado"),AND(P62="Baja",T62="Menor"),AND(P62="Baja",T62="Moderado"),AND(P62="Media",T62="Leve"),AND(P62="Media",T62="Menor"),AND(P62="Media",T62="Moderado"),AND(P62="Alta",T62="Leve"),AND(P62="Alta",T62="Menor")),"Moderado",IF(OR(AND(P62="Muy Baja",T62="Mayor"),AND(P62="Baja",T62="Mayor"),AND(P62="Media",T62="Mayor"),AND(P62="Alta",T62="Moderado"),AND(P62="Alta",T62="Mayor"),AND(P62="Muy Alta",T62="Leve"),AND(P62="Muy Alta",T62="Menor"),AND(P62="Muy Alta",T62="Moderado"),AND(P62="Muy Alta",T62="Mayor")),"Alto",IF(OR(AND(P62="Muy Baja",T62="Catastrófico"),AND(P62="Baja",T62="Catastrófico"),AND(P62="Media",T62="Catastrófico"),AND(P62="Alta",T62="Catastrófico"),AND(P62="Muy Alta",T62="Catastrófico")),"Extremo","")))) -> Moderado | W62: 1 | X62: El coordinador de producción gestiona los procesos de toma de muestras para el control microbiológico que se realiza de manera mensual, con el fin de cumplir con la normatividad y llevar control microbiológico de ambientes, superficies, personas y adecuaciones. Soporte: Informe de microbiología. | Y62: =IF(OR(Z62="Preventivo",Z62="Detectivo"),"Probabilidad",IF(Z62="Correctivo","Impacto","")) -> Probabilidad | Z62: Detectivo | AA62: Manual | AB62: =IF(AND(Z62="Preventivo",AA62="Automático"),"50%",IF(AND(Z62="Preventivo",AA62="Manual"),"40%",IF(AND(Z62="Detectivo",AA62="Automático"),"40%",IF(AND(Z62="Detectivo",AA62="Manual"),"30%",IF(AND(Z62="Correctivo",AA62="Automático"),"35%",IF(AND(Z62="Correctivo",AA62="Manual"),"25%","")))))) -> 30% | AC62: Documentado | AD62: Continua | AE62: Con Registro | AF62: =IFERROR(IF(Y62="Probabilidad",(Q62-(+Q62*AB62)),IF(Y62="Impacto",Q62,"")),"") -> 0.42 | AG62: =IFERROR(IF(AF62="","",IF(AF62<=0.2,"Muy Baja",IF(AF62<=0.4,"Baja",IF(AF62<=0.6,"Media",IF(AF62<=0.8,"Alta","Muy Alta"))))),"") -> Media | AH62: =+AF62 -> 0.42 | AI62: =IFERROR(IF(AJ62="","",IF(AJ62<=0.2,"Leve",IF(AJ62<=0.4,"Menor",IF(AJ62<=0.6,"Moderado",IF(AJ62<=0.8,"Mayor","Catastrófico"))))),"") -> Moderado | AJ62: =IFERROR(IF(Y62="Impacto",(U62-(+U62*AB62)),IF(Y62="Probabilidad",U62,"")),"") -> 0.6 | AK62: =IFERROR(IF(OR(AND(AG62="Muy Baja",AI62="Leve"),AND(AG62="Muy Baja",AI62="Menor"),AND(AG62="Baja",AI62="Leve")),"Bajo",IF(OR(AND(AG62="Muy baja",AI62="Moderado"),AND(AG62="Baja",AI62="Menor"),AND(AG62="Baja",AI62="Moderado"),AND(AG62="Media",AI62="Leve"),AND(AG62="Media",AI62="Menor"),AND(AG62="Media",AI62="Moderado"),AND(AG62="Alta",AI62="Leve"),AND(AG62="Alta",AI62="Menor")),"Moderado",IF(OR(AND(AG62="Muy Baja",AI62="Mayor"),AND(AG62="Baja",AI62="Mayor"),AND(AG62="Media",AI62="Mayor"),AND(AG62="Alta",AI62="Moderado"),AND(AG62="Alta",AI62="Mayor"),AND(AG62="Muy Alta",AI62="Leve"),AND(AG62="Muy Alta",AI62="Menor"),AND(AG62="Muy Alta",AI62="Moderado"),AND(AG62="Muy Alta",AI62="Mayor")),"Alto",IF(OR(AND(AG62="Muy Baja",AI62="Catastrófico"),AND(AG62="Baja",AI62="Catastrófico"),AND(AG62="Media",AI62="Catastrófico"),AND(AG62="Alta",AI62="Catastrófico"),AND(AG62="Muy Alta",AI62="Catastrófico")),"Extremo","")))),"") -> Moderado | AL62: Aceptar
S63: =IF(NOT(ISERROR(MATCH(R63,_xlfn.ANCHORARRAY(H69),0))),#REF!&"Por favor no seleccionar los criterios de impacto",R63) -> 0 | W63: 2 | X63: El Químico Farmacéutico de aseguramiento de calidad realiza y garantiza el cumplimiento del programa anual de capacitación al personal que labora en la CAM, donde se incluye protocolo de Limpieza y desinfección de áreas críticas, semicríticas y no críticas (CAM) CÓDIGO: AH-CLME-PT-03 e Ingreso y egreso de las áreas de producción, desinfección personal y flujo de materiales CAM CÓDIGO: Cód. AA-UNFA-PT-19, con el fin dar cumplimiento a la normatividad y garantizar la adherencia a protocolos. Soporte: Cronograma de capacitación, evaluaciones y listados de asistencia. | Y63: =IF(OR(Z63="Preventivo",Z63="Detectivo"),"Probabilidad",IF(Z63="Correctivo","Impacto","")) -> Probabilidad | Z63: Preventivo | AA63: Manual | AB63: =IF(AND(Z63="Preventivo",AA63="Automático"),"50%",IF(AND(Z63="Preventivo",AA63="Manual"),"40%",IF(AND(Z63="Detectivo",AA63="Automático"),"40%",IF(AND(Z63="Detectivo",AA63="Manual"),"30%",IF(AND(Z63="Correctivo",AA63="Automático"),"35%",IF(AND(Z63="Correctivo",AA63="Manual"),"25%","")))))) -> 40% | AC63: Documentado | AD63: Continua | AE63: Con Registro | AF63: =IFERROR(IF(AND(Y62="Probabilidad",Y63="Probabilidad"),(AH62-(+AH62*AB63)),IF(Y63="Probabilidad",(Q62-(+Q62*AB63)),IF(Y63="Impacto",AH62,""))),"") -> 0.252 | AG63: =IFERROR(IF(AF63="","",IF(AF63<=0.2,"Muy Baja",IF(AF63<=0.4,"Baja",IF(AF63<=0.6,"Media",IF(AF63<=0.8,"Alta","Muy Alta"))))),"") -> Baja | AH63: =+AF63 -> 0.252 | AI63: =IFERROR(IF(AJ63="","",IF(AJ63<=0.2,"Leve",IF(AJ63<=0.4,"Menor",IF(AJ63<=0.6,"Moderado",IF(AJ63<=0.8,"Mayor","Catastrófico"))))),"") -> Moderado | AJ63: =IFERROR(IF(AND(Y62="Impacto",Y63="Impacto"),(AJ62-(+AJ62*AB63)),IF(Y63="Impacto",(U62-(+U62*AB63)),IF(Y63="Probabilidad",AJ62,""))),"") -> 0.6 | AK63: =IFERROR(IF(OR(AND(AG63="Muy Baja",AI63="Leve"),AND(AG63="Muy Baja",AI63="Menor"),AND(AG63="Baja",AI63="Leve")),"Bajo",IF(OR(AND(AG63="Muy baja",AI63="Moderado"),AND(AG63="Baja",AI63="Menor"),AND(AG63="Baja",AI63="Moderado"),AND(AG63="Media",AI63="Leve"),AND(AG63="Media",AI63="Menor"),AND(AG63="Media",AI63="Moderado"),AND(AG63="Alta",AI63="Leve"),AND(AG63="Alta",AI63="Menor")),"Moderado",IF(OR(AND(AG63="Muy Baja",AI63="Mayor"),AND(AG63="Baja",AI63="Mayor"),AND(AG63="Media",AI63="Mayor"),AND(AG63="Alta",AI63="Moderado"),AND(AG63="Alta",AI63="Mayor"),AND(AG63="Muy Alta",AI63="Leve"),AND(AG63="Muy Alta",AI63="Menor"),AND(AG63="Muy Alta",AI63="Moderado"),AND(AG63="Muy Alta",AI63="Mayor")),"Alto",IF(OR(AND(AG63="Muy Baja",AI63="Catastrófico"),AND(AG63="Baja",AI63="Catastrófico"),AND(AG63="Media",AI63="Catastrófico"),AND(AG63="Alta",AI63="Catastrófico"),AND(AG63="Muy Alta",AI63="Catastrófico")),"Extremo","")))),"") -> Moderado | AL63: Aceptar
S64: =IF(NOT(ISERROR(MATCH(R64,_xlfn.ANCHORARRAY(H70),0))),#REF!&"Por favor no seleccionar los criterios de impacto",R64) -> 0 | W64: 3 | X64: El auxiliar de farmacia designado, realiza seguimiento quincenal al estado de insumos utilizados para la limpieza y verificación de puntos críticos de limpieza mediante el formato Lista de verificación y desinfección CAM CÓDIGO: AH-CLME-PT-26-FT-03. Soporte: Lista de verificación y desinfección CAM | Y64: =IF(OR(Z64="Preventivo",Z64="Detectivo"),"Probabilidad",IF(Z64="Correctivo","Impacto","")) -> Probabilidad | Z64: Preventivo | AA64: Manual | AB64: =IF(AND(Z64="Preventivo",AA64="Automático"),"50%",IF(AND(Z64="Preventivo",AA64="Manual"),"40%",IF(AND(Z64="Detectivo",AA64="Automático"),"40%",IF(AND(Z64="Detectivo",AA64="Manual"),"30%",IF(AND(Z64="Correctivo",AA64="Automático"),"35%",IF(AND(Z64="Correctivo",AA64="Manual"),"25%","")))))) -> 40% | AC64: Documentado | AD64: Continua | AE64: Con Registro | AF64: =IFERROR(IF(AND(Y63="Probabilidad",Y64="Probabilidad"),(AH63-(+AH63*AB64)),IF(Y64="Probabilidad",(Q63-(+Q63*AB64)),IF(Y64="Impacto",AH63,""))),"") -> 0.1512 | AG64: =IFERROR(IF(AF64="","",IF(AF64<=0.2,"Muy Baja",IF(AF64<=0.4,"Baja",IF(AF64<=0.6,"Media",IF(AF64<=0.8,"Alta","Muy Alta"))))),"") -> Muy Baja | AH64: =+AF64 -> 0.1512 | AI64: =IFERROR(IF(AJ64="","",IF(AJ64<=0.2,"Leve",IF(AJ64<=0.4,"Menor",IF(AJ64<=0.6,"Moderado",IF(AJ64<=0.8,"Mayor","Catastrófico"))))),"") -> Moderado | AJ64: =IFERROR(IF(AND(Y63="Impacto",Y64="Impacto"),(AJ63-(+AJ63*AB64)),IF(AND(Y63="Probabilidad",Y64="Impacto"),(AJ62-(+AJ62*AB64)),IF(Y64="Probabilidad",AJ63,""))),"") -> 0.6 | AK64: =IFERROR(IF(OR(AND(AG64="Muy Baja",AI64="Leve"),AND(AG64="Muy Baja",AI64="Menor"),AND(AG64="Baja",AI64="Leve")),"Bajo",IF(OR(AND(AG64="Muy baja",AI64="Moderado"),AND(AG64="Baja",AI64="Menor"),AND(AG64="Baja",AI64="Moderado"),AND(AG64="Media",AI64="Leve"),AND(AG64="Media",AI64="Menor"),AND(AG64="Media",AI64="Moderado"),AND(AG64="Alta",AI64="Leve"),AND(AG64="Alta",AI64="Menor")),"Moderado",IF(OR(AND(AG64="Muy Baja",AI64="Mayor"),AND(AG64="Baja",AI64="Mayor"),AND(AG64="Media",AI64="Mayor"),AND(AG64="Alta",AI64="Moderado"),AND(AG64="Alta",AI64="Mayor"),AND(AG64="Muy Alta",AI64="Leve"),AND(AG64="Muy Alta",AI64="Menor"),AND(AG64="Muy Alta",AI64="Moderado"),AND(AG64="Muy Alta",AI64="Mayor")),"Alto",IF(OR(AND(AG64="Muy Baja",AI64="Catastrófico"),AND(AG64="Baja",AI64="Catastrófico"),AND(AG64="Media",AI64="Catastrófico"),AND(AG64="Alta",AI64="Catastrófico"),AND(AG64="Muy Alta",AI64="Catastrófico")),"Extremo","")))),"") -> Moderado | AL64: Aceptar
